Workbook

Sheet Oferente 1
C2: EXPERIENCIA DEL PROPONENTE
C5: NOMBRE DEL OFERENTE | H5: HYV Ingenieros Asociados SAS
C7: PRESUPUESTO DEL LOTE MÁXIMO AL QUE PARTICIPAN (en SMMLV) | H7: 961.67478
C8: VALOR 30% | H8: =H7*0.3 -> 288.50244
C9: VALOR REQUERIDO EN SMMLV
C11: contar con 5 años de experiencia en interventoría o en la construcción y montaje de proyectos del sector eléctrico, de los cuales como mínimo debe incluir un (1) año de experiencia específica en proyectos de generación o distribución de energía eléctrica, cuya sumatoria se igual o superior al 30% del valor del mayor lote ofertado | K11: =IF(BB28>=5,"HABILITA: CUENTA CON MÁS DE 5 AÑOS","NO HABILITA POR TIEMPO") -> HABILITA: CUENTA CON MÁS DE 5 AÑOS | AV11: =IF(BB28>=5,"HABILITA: CUENTA CON MÁS DE 5 AÑOS","NO HABILITA POR TIEMPO") -> HABILITA: CUENTA CON MÁS DE 5 AÑOS
C13: CONTRATOS DE EXPERIENCIA MÍNIMA PARA HABILITARSE (ANEXO 7) | Q13: CONTRATOS QUE ACREDITAN EXPERIENCIA EN FOTOVOLTAICO (ANEXO 8) | AB13: CONTRATOS QUE ACREDITAN EXPERIENCIA ADICIONAL EN ELECTRICOS NO FOTOVOLTAICO (ANEXO 8) | AN13: CONTRATOS DE EXPERIENCIA MÍNIMA PARA HABILITARSE (ANEXO 7)
C14: OBJETO DEL CONTRATO | D14: ENTIDAD CONTRATANTE O EMPLEADORA | E14: CONSECUTIVO EN EL RUP | F14: CODIGO UNSPSC | G14: VALOR CONTRATO | H14: VALOR DEL CONTRATO TOTAL EN SMMLV | I14: % PARTICIPACIÓN CONSORCIO | J14: ACUMULADO SMMLV | K14: HABILITADO | L14: OBSERVACIONES | M14: CÓDIGO UNSPSC | N14: NOMBRE | Q14: OBJETO DEL CONTRATO | R14: ENTIDAD CONTRATANTE O EMPLEADORA | S14: CONSECUTIVO EN EL RUP | T14: CODIGO UNSPSC | U14: VALOR CONTRATO | V14: VALOR DEL CONTRATO TOTAL EN SMMLV | W14: % PARTICIPACIÓN CONSORCIO | X14: ACUMULADO SMMLV | Y14: OBSERVACIONES | AB14: OBJETO DEL CONTRATO | AC14: ENTIDAD CONTRATANTE O EMPLEADORA | AD14: CONSECUTIVO EN EL RUP | AE14: CODIGO UNSPSC | AF14: VALOR CONTRATO | AG14: VALOR DEL CONTRATO TOTAL EN SMMLV | AH14: % PARTICIPACIÓN CONSORCIO | AI14: ACUMULADO SMMLV | AJ14: OBSERVACIONES | AN14: OBJETO DEL CONTRATO | AO14: ENTIDAD CONTRATANTE O EMPLEADORA | AP14: CONSECUTIVO EN EL RUP | AQ14: CODIGO UNSPSC | AR14: VALOR CONTRATO | AS14: VALOR DEL CONTRATO TOTAL EN SMMLV | AT14: % PARTICIPACIÓN CONSORCIO | AU14: ACUMULADO SMMLV | AV14: HABILITADO | AW14: OBSERVACIONES | AX14: FECHA DE INICIO ORIGINAL | AY14: FECHA FIN ORIGINAL | AZ14: FECHA DE INICIO AJUSTE TRASLAPOS | BA14: FECHA FIN AJUSTE TRASLAPOS | BB14: AÑOS DE EXPERIENCIA | BC14: CÓDIGO UNSPSC
B15: 1 | C15: PRESTACIÓN DE SERVICIOS DE ADMINISTRACIÓN EXTERNA PARA LA ELECTRIFICADORA DEL CAQUETA S.A.ESP | D15: ELECTRIFICADORA DEL CAQUETA S.A E.S.P | E15: 1 | F15: 801015-801016-801017-801115-801116-801615-811017-811418 | G15: 829999998 | H15: 1347 | I15: 1 | J15: =H15*I15 -> 1347 | K15: =IF(I15*H15>0,"HABILITADO", "NO HABILITADO") -> HABILITADO | M15: 80101500 | N15: Servicios de consultoría y administración corporativa | P15: 1 | X15: =V15*W15 -> 0 | AA15: 1 | AI15: =AG15*AH15 -> 0 | AM15: 1 | AN15: PRESTACIÓN DE SERVICIOS DE ADMINISTRACIÓN EXTERNA PARA LA ELECTRIFICADORA DEL CAQUETA S.A.ESP | AO15: ELECTRIFICADORA DEL CAQUETA S.A E.S.P | AP15: 1 | AQ15: 801015-801016-801017-801115-801116-801615-811017-811418 | AR15: 829999998 | AS15: 1347 | AT15: 1 | AU15: =AS15*AT15 -> 1347 | AV15: =IF(AS15*AT15>0,"HABILITADO", "NO HABILITADO") -> HABILITADO | AX15: 41699 | AY15: 42004 | AZ15: 41699 | BA15: 42004 | BB15: =+(BA15-AZ15+1)/365 -> 0.83835616 | BC15: 80101500
B16: 2 | C16: ADMINISTRACIÓN DE LAS OBRAS DEL PROYECTO CONSTRUCCION LÍNEA DE INTERCONEXIÓN SAN VICENTE- LOS POZOS-DELICIAS-SAN JUAN DE LOZADA Y SU ÁREA RURAL CON SUBESTACIÓN ELÉCTRICA DE 2.0 MVA A 34.5/14.4 KV EN LAS DELICIAS Y SOLUCIÓN PARCIAL FOTOVOLTAICA SAN VICENTE DEL CAGUÁN | D16: ELECTRIFICADORA DEL CAQUETA S.A E.S.P | E16: 2 | F16: 801015-801016-801017-801115-801116-801615-811017-811418 | G16: 662000400 | H16: 1123 | I16: 1 | J16: =J15+H16*I16 -> 2470 | K16: =IF(I16*H16>0,"HABILITADO", "NO HABILITADO") -> HABILITADO | M16: 80101600 | N16: Servicios de consultoría y administración corporativa | P16: 2 | X16: =X15+V16*W16 -> 0 | AA16: 2 | AI16: =AI15+AG16*AH16 -> 0 | AM16: 2 | AN16: ADMINISTRACIÓN DE LAS OBRAS DEL PROYECTO CONSTRUCCION LÍNEA DE INTERCONEXIÓN SAN VICENTE- LOS POZOS-DELICIAS-SAN JUAN DE LOZADA Y SU ÁREA RURAL CON SUBESTACIÓN ELÉCTRICA DE 2.0 MVA A 34.5/14.4 KV EN LAS DELICIAS Y SOLUCIÓN PARCIAL FOTOVOLTAICA SAN VICENTE DEL CAGUÁN | AO16: ELECTRIFICADORA DEL CAQUETA S.A E.S.P | AP16: 2 | AQ16: 801015-801016-801017-801115-801116-801615-811017-811418 | AR16: 662000400 | AS16: 1123 | AT16: 1 | AU16: =AU15+AS16*AT16 -> 2470 | AV16: =IF(AS16*AT16>0,"HABILITADO", "NO HABILITADO") -> HABILITADO | AX16: 41044 | AY16: 41954 | AZ16: 41044 | BA16: 41550 | BB16: =+(BA16-AZ16+1)/365 -> 1.3890411 | BC16: 80101600
B17: 3 | C17: PRESTACION DE SERVICIOS DE ADMINISTRACION DE LOS CONTRATOS DE LA GERENCIA COMERCIAL | D17: ELECTRIFICADORA DEL CAQUETA S.A E.S.P | E17: 7 | F17: 801015-801016-801017-801115-801116-801615-811017-811418 | G17: 202999995 | H17: 379 | I17: 1 | J17: =J16+H17*I17 -> 2849 | K17: =IF(I17*H17>0,"HABILITADO", "NO HABILITADO") -> HABILITADO | M17: 81101500 | N17: Ingenieria Civil y arquitectura | P17: 3 | X17: =X16+V17*W17 -> 0 | AA17: 3 | AI17: =AI16+AG17*AH17 -> 0 | AM17: 3 | AN17: PRESTACION DE SERVICIOS DE ADMINISTRACION DE LOS CONTRATOS DE LA GERENCIA COMERCIAL | AO17: ELECTRIFICADORA DEL CAQUETA S.A E.S.P | AP17: 7 | AQ17: 801015-801016-801017-801115-801116-801615-811017-811418 | AR17: 202999995 | AS17: 379 | AT17: 1 | AU17: =AU16+AS17*AT17 -> 2849 | AV17: =IF(AS17*AT17>0,"HABILITADO", "NO HABILITADO") -> HABILITADO | AX17: 41701 | AY17: 42157 | AZ17: 41984 | BA17: 42157 | BB17: =+(BA17-AZ17+1)/365 -> 0.47671233 | BC17: 81101500
B18: 4 | C18: LABORES DE INTERVENTORÍA A LOS CONTRATOS DE LOS SERVICIOS DE ATENCIÓN AL CLIENTE, LECTURA Y FACTURACION EN SITIO Y RECAUDO,DONDE LA EMPRESA PRESTA SUS SERVICIOS. | D18: ELECTRIFICADORA DEL CAQUETA S.A E.S.P | E18: 9 | F18: 801015-801016-801017-801115-801116-801615-811017-811418 | G18: 110500000 | H18: 222 | I18: 1 | J18: =J17+H18*I18 -> 3071 | K18: =IF(I18*H18>0,"HABILITADO", "NO HABILITADO") -> HABILITADO | M18: 81101700 | N18: Ingeniería Eléctrica y Electrónica | P18: 4 | X18: =X17+V18*W18 -> 0 | AA18: 4 | AI18: =AI17+AG18*AH18 -> 0 | AM18: 4 | AN18: LABORES DE INTERVENTORÍA A LOS CONTRATOS DE LOS SERVICIOS DE ATENCIÓN AL CLIENTE, LECTURA Y FACTURACION EN SITIO Y RECAUDO,DONDE LA EMPRESA PRESTA SUS SERVICIOS. | AO18: ELECTRIFICADORA DEL CAQUETA S.A E.S.P | AP18: 9 | AQ18: 801015-801016-801017-801115-801116-801615-811017-811418 | AR18: 110500000 | AS18: 222 | AT18: 1 | AU18: =AU17+AS18*AT18 -> 3071 | AV18: =IF(AS18*AT18>0,"HABILITADO", "NO HABILITADO") -> HABILITADO | AX18: 39680 | AY18: 40011 | AZ18: 39680 | BA18: 39981 | BB18: =+(BA18-AZ18+1)/365 -> 0.82739726 | BC18: 81101700
B19: 5 | C19: INTERVENTORIA DE LOS CONTRATOS DE GESTIÓN DE CORRECCIÓN DE PÉRDIDAS NO TECNICAS DE LA DIVISIÓN DE GESTIÓN DE PÉRDIDAS. | D19: ELECTRIFICADORA DEL CAQUETA S.A E.S.P | E19: 16 | F19: 801015-801016-801017-801115-801116-801615-811017-811418 | G19: 65000000 | H19: 150 | I19: 1 | J19: =J18+H19*I19 -> 3221 | K19: =IF(I19*H19>0,"HABILITADO", "NO HABILITADO") -> HABILITADO | M19: 83101800 | N19: Servicios Eléctricos | P19: 5 | X19: =X18+V19*W19 -> 0 | AA19: 5 | AI19: =AI18+AG19*AH19 -> 0 | AM19: 5 | AN19: INTERVENTORIA DE LOS CONTRATOS DE GESTIÓN DE CORRECCIÓN DE PÉRDIDAS NO TECNICAS DE LA DIVISIÓN DE GESTIÓN DE PÉRDIDAS. | AO19: ELECTRIFICADORA DEL CAQUETA S.A E.S.P | AP19: 16 | AQ19: 801015-801016-801017-801115-801116-801615-811017-811418 | AR19: 65000000 | AS19: 150 | AT19: 1 | AU19: =AU18+AS19*AT19 -> 3221 | AV19: =IF(AS19*AT19>0,"HABILITADO", "NO HABILITADO") -> HABILITADO | AX19: 39139 | AY19: 39289 | AZ19: 39139 | BA19: 39289 | BB19: =+(BA19-AZ19+1)/365 -> 0.41369863 | BC19: 83101800
B20: 6 | C20: INTERVENTORIA DE LOS CONTRATOS DE GESTIÓN DE CORRECCIÓN DE PÉRDIDAS NO TECNICAS DE LA DIVISIÓN DE GESTIÓN EN PÉRDIDAS. | D20: ELECTRIFICADORA DEL CAQUETA S.A E.S.P | E20: 14 | F20: 801015-801016-801017-801115-801116-801615-811017-811418 | G20: 70000000 | H20: 161 | I20: 1 | J20: =J19+H20*I20 -> 3382 | K20: =IF(I20*H20>0,"HABILITADO", "NO HABILITADO") -> HABILITADO | P20: 6 | X20: =X19+V20*W20 -> 0 | AA20: 6 | AI20: =AI19+AG20*AH20 -> 0 | AM20: 6 | AN20: INTERVENTORIA DE LOS CONTRATOS DE GESTIÓN DE CORRECCIÓN DE PÉRDIDAS NO TECNICAS DE LA DIVISIÓN DE GESTIÓN EN PÉRDIDAS. | AO20: ELECTRIFICADORA DEL CAQUETA S.A E.S.P | AP20: 14 | AQ20: 801015-801016-801017-801115-801116-801615-811017-811418 | AR20: 70000000 | AS20: 161 | AT20: 1 | AU20: =AU19+AS20*AT20 -> 3382 | AV20: =IF(AS20*AT20>0,"HABILITADO", "NO HABILITADO") -> HABILITADO | AX20: 39315 | AY20: 39435 | AZ20: 39315 | BA20: 39435 | BB20: =+(BA20-AZ20+1)/365 -> 0.33150685
B21: 7 | C21: ADMINISTRACIÓN CONTRATOS DE MANTENIMIENTO DE REDES EN NÚCLEOS ASIGNADOS DEL MUNICIPIO DEL SAN VICENTE DEL CAGÚAN. | D21: ELECTRIFICADORA DEL CAQUETA S.A E.S.P | E21: 22 | F21: 801015-801016-801017-801115-801116-801615-811017-811418 | G21: 34997200 | H21: 65 | I21: 1 | J21: =J20+H21*I21 -> 3447 | K21: =IF(I21*H21>0,"HABILITADO", "NO HABILITADO") -> HABILITADO | P21: 7 | X21: =X20+V21*W21 -> 0 | AA21: 7 | AI21: =AI20+AG21*AH21 -> 0 | AM21: 7 | AN21: ADMINISTRACIÓN CONTRATOS DE MANTENIMIENTO DE REDES EN NÚCLEOS ASIGNADOS DEL MUNICIPIO DEL SAN VICENTE DEL CAGÚAN. | AO21: ELECTRIFICADORA DEL CAQUETA S.A E.S.P | AP21: 22 | AQ21: 801015-801016-801017-801115-801116-801615-811017-811418 | AR21: 34997200 | AS21: 65 | AT21: 1 | AU21: =AU20+AS21*AT21 -> 3447 | AV21: =IF(AS21*AT21>0,"HABILITADO", "NO HABILITADO") -> HABILITADO | AX21: 40884 | AY21: 40908 | AZ21: 40884 | BA21: 40908 | BB21: =+(BA21-AZ21+1)/365 -> 0.068493151
B22: 8 | C22: INTERVENTORÍA TÉCNICA, ADMINISTRATIVA Y FINANCIERA AL CONTRATO DERIVADO DEL PROCESO LICITATORIO 003 OBJETO CONSTRUCCIÓN ELECTRIFICACION RURAL LINEA DE MEDIA, BAJA TENSIÓN Y MONTAJE DE SUBESTACIÓN AÉREA PARA LA INSPECCIÓN DE POLICÍA DE GALLINAZO, MUNICIPIO DE PUERTO GUZMAS DEPARTAMENTO DEL PUTUMAYO. | D22: MUNICIPIO DE PUERTO GUZMAN | E22: 33 | F22: 801015-801016-801017-801115-801116-801615-811017-811418 | G22: 23306997 | H22: 40 | I22: 1 | J22: =J21+H22*I22 -> 3487 | K22: =IF(I22*H22>0,"HABILITADO", "NO HABILITADO") -> HABILITADO | P22: 8 | X22: =X21+V22*W22 -> 0 | AA22: 8 | AI22: =AI21+AG22*AH22 -> 0 | AM22: 8 | AN22: INTERVENTORÍA TÉCNICA, ADMINISTRATIVA Y FINANCIERA AL CONTRATO DERIVADO DEL PROCESO LICITATORIO 003 OBJETO CONSTRUCCIÓN ELECTRIFICACION RURAL LINEA DE MEDIA, BAJA TENSIÓN Y MONTAJE DE SUBESTACIÓN AÉREA PARA LA INSPECCIÓN DE POLICÍA DE GALLINAZO, MUNICIPIO DE PUERTO GUZMAS DEPARTAMENTO DEL PUTUMAYO. | AO22: MUNICIPIO DE PUERTO GUZMAN | AP22: 33 | AQ22: 801015-801016-801017-801115-801116-801615-811017-811418 | AR22: 23306997 | AS22: 40 | AT22: 1 | AU22: =AU21+AS22*AT22 -> 3487 | AV22: =IF(AS22*AT22>0,"HABILITADO", "NO HABILITADO") -> HABILITADO | AX22: 41344 | AY22: 41494 | AZ22: 41344 | BA22: 41494 | BB22: =+(BA22-AZ22+1)/365 -> 0.41369863
B23: 9 | C23: LEVANTAMIENTO DE LA INFORMACIÓN DE LAS REDES ELÉCTRICAS DE MEDIA Y BAJA TENSIÓN DEL MUNICIPIO DE CARTAGENA DEL CHAIRÁ. | D23: ELECTRIFICADORA DEL CAQUETA S.A E.S.P | E23: 41 | F23: 801015-801016-801017-801115-801116-801615-811017-811418 | G23: 12986200 | H23: 28 | I23: 1 | J23: =J22+H23*I23 -> 3515 | K23: =IF(I23*H23>0,"HABILITADO", "NO HABILITADO") -> HABILITADO | P23: 9 | X23: =X22+V23*W23 -> 0 | AA23: 9 | AI23: =AI22+AG23*AH23 -> 0 | AM23: 9 | AN23: LEVANTAMIENTO DE LA INFORMACIÓN DE LAS REDES ELÉCTRICAS DE MEDIA Y BAJA TENSIÓN DEL MUNICIPIO DE CARTAGENA DEL CHAIRÁ. | AO23: ELECTRIFICADORA DEL CAQUETA S.A E.S.P | AP23: 41 | AQ23: 801015-801016-801017-801115-801116-801615-811017-811418 | AR23: 12986200 | AS23: 28 | AT23: 1 | AU23: =AU22+AS23*AT23 -> 3515 | AV23: =IF(AS23*AT23>0,"HABILITADO", "NO HABILITADO") -> HABILITADO | AX23: 39377 | AY23: 39497 | AZ23: 39436 | BA23: 39497 | BB23: =+(BA23-AZ23+1)/365 -> 0.16986301
B24: 10 | C24: ADMINISTRACIÓN DE LAS OBRAS DE CONSTRUCCIÓN REDES DE ELECTRIFICACIÓN RURAL DE LAS VEREDAS PORVENIR ALTO, CARBON, LA TORTUGA III, SAN LUIS, PUENTE RIO PESCADO, MUNICIPIO DE BELEN DE LOS ANDAQUIES DEPARTAMENTO DEL CAQUETA. | D24: ELECTRIFICADORA DEL CAQUETA S.A E.S.P | E24: 43 | F24: 801015-801016-801017-801115-801116-801615-811017-811418 | G24: 10636888 | H24: 18 | I24: 1 | J24: =J23+H24*I24 -> 3533 | K24: =IF(I24*H24>0,"HABILITADO", "NO HABILITADO") -> HABILITADO | P24: 10 | X24: =X23+V24*W24 -> 0 | AA24: 10 | AI24: =AI23+AG24*AH24 -> 0 | AM24: 10 | AN24: ADMINISTRACIÓN DE LAS OBRAS DE CONSTRUCCIÓN REDES DE ELECTRIFICACIÓN RURAL DE LAS VEREDAS PORVENIR ALTO, CARBON, LA TORTUGA III, SAN LUIS, PUENTE RIO PESCADO, MUNICIPIO DE BELEN DE LOS ANDAQUIES DEPARTAMENTO DEL CAQUETA. | AO24: ELECTRIFICADORA DEL CAQUETA S.A E.S.P | AP24: 43 | AQ24: 801015-801016-801017-801115-801116-801615-811017-811418 | AR24: 10636888 | AS24: 18 | AT24: 1 | AU24: =AU23+AS24*AT24 -> 3533 | AV24: =IF(AS24*AT24>0,"HABILITADO", "NO HABILITADO") -> HABILITADO | AX24: 41610 | AY24: 41639 | AZ24: 41610 | BA24: 41639 | BB24: =+(BA24-AZ24+1)/365 -> 0.082191781
B25: 11 | C25: INTERVENTORÍA TÉCNICA AL CONVENIO DE COOPERACION INTERINSTITUCIONAL No. 018 ENTRE EL MUNICIPIO DE LA MONTAÑITA Y LA ELECTRIFICADORA DEL CAQUETA S.A E.S.P | D25: MUNICIPIO DE LA MONTAÑITA | E25: 45 | F25: 801015-801016-801017-801115-801116-801615-811017-811418 | G25: 5000000 | H25: 0 | I25: 0 | J25: =J24+H25*I25 -> 3533 | K25: =IF(I25*H25>0,"HABILITADO", "NO HABILITADO") -> NO HABILITADO | L25: De conformidad con el numeral 3.2.3. a.1 la certificación aportada por el proponente no cumple con la totalidad de los criterios esetablecidos por la entidad dado que no es claro el objeto del mismo para cumplir con el requisito habilitante, de esta manera se evidencia un contrato y su objeto pero no son claras las actividades realizadas, es decir no se puede evidenciar que el contrato sea de construcción o interventoría de proyectos del sector eléctrico, se solicita al proponente subsanar tal información. | P25: 11 | X25: =X24+V25*W25 -> 0 | AA25: 11 | AI25: =AI24+AG25*AH25 -> 0 | AM25: 11 | AN25: INTERVENTORÍA TÉCNICA AL CONVENIO DE COOPERACION INTERINSTITUCIONAL No. 018 ENTRE EL MUNICIPIO DE LA MONTAÑITA Y LA ELECTRIFICADORA DEL CAQUETA S.A E.S.P | AO25: MUNICIPIO DE LA MONTAÑITA | AP25: 45 | AQ25: 801015-801016-801017-801115-801116-801615-811017-811418 | AR25: 5000000 | AS25: 0 | AT25: 0 | AU25: =AU24+AS25*AT25 -> 3533 | AV25: =IF(AS25*AT25>0,"HABILITADO", "NO HABILITADO") -> NO HABILITADO | AW25: De conformidad con el numeral 3.2.3. a.1 la certificación aportada por el proponente no cumple con la totalidad de los criterios esetablecidos por la entidad dado que no es claro el objeto del mismo para cumplir con el requisito habilitante, de esta manera se evidencia un contrato y su objeto pero no son claras las actividades realizadas, es decir no se puede evidenciar que el contrato sea de construcción o interventoría de proyectos del sector eléctrico, se solicita al proponente subsanar tal información. | AX25: 39982 | AY25: 40052 | AZ25: 39982 | BA25: 40052 | BB25: 0
B26: 12 | C26: REALIZAR LA INTERVENTORÍA TÉCNICA SOBRE EL CONTRATO DE OBRA CUYO OBJETO CORRESPONDE A"CONSTRUCCIÓN DE REDES DE ALUMBRADO PUBLICO PARA LA CANCHA DE FÚTBOL DEL MUNICIPIO DE MORELIA-CAQUETÁ". | D26: MUNICIPIO DE MORELIA | E26: 52 | F26: 801015-801016-801415-801615-811017-811024-811027-811215-811418-831018-831019 | G26: 19080460 | H26: 24.42 | I26: 1 | J26: =J25+H26*I26 -> 3557.42 | K26: =IF(I26*H26>0,"HABILITADO", "NO HABILITADO") -> HABILITADO | P26: 12 | X26: =X25+V26*W26 -> 0 | AA26: 12 | AI26: =AI25+AG26*AH26 -> 0 | AM26: 12 | AN26: REALIZAR LA INTERVENTORÍA TÉCNICA SOBRE EL CONTRATO DE OBRA CUYO OBJETO CORRESPONDE A"CONSTRUCCIÓN DE REDES DE ALUMBRADO PUBLICO PARA LA CANCHA DE FÚTBOL DEL MUNICIPIO DE MORELIA-CAQUETÁ". | AO26: MUNICIPIO DE MORELIA | AP26: 52 | AQ26: 801015-801016-801415-801615-811017-811024-811027-811215-811418-831018-831019 | AR26: 19080460 | AS26: 24.42 | AT26: 1 | AU26: =AU25+AS26*AT26 -> 3557.42 | AV26: =IF(AS26*AT26>0,"HABILITADO", "NO HABILITADO") -> HABILITADO | AX26: 21/03/2018 | AY26: 20/6/2018 | AZ26: 43180 | BA26: 43271 | BB26: =+(BA26-AZ26+1)/365 -> 0.25205479
B27: 13 | P27: 13 | X27: =X26+V27*W27 -> 0 | AA27: 13 | AI27: =AI26+AG27*AH27 -> 0 | AM27: 13 | BB27: 0
B28: 14 | P28: 14 | X28: =X27+V28*W28 -> 0 | AA28: 14 | AI28: =AI27+AG28*AH28 -> 0 | AM28: 14 | BA28: TOTAL AÑOS DE EXPERIENCIA | BB28: =SUM(BB15:BB27) -> 5.2630137
B29: 15 | P29: 15 | X29: =X28+V29*W29 -> 0 | AA29: 15 | AI29: =AI28+AG29*AH29 -> 0
B30: 16 | P30: 16 | X30: =X29+V30*W30 -> 0 | AA30: 16 | AI30: =AI29+AG30*AH30 -> 0
B31: 17 | P31: 17 | X31: =X30+V31*W31 -> 0 | AA31: 17 | AI31: =AI30+AG31*AH31 -> 0
B32: 18 | P32: 18 | X32: =X31+V32*W32 -> 0 | AA32: 18 | AI32: =AI31+AG32*AH32 -> 0
B33: 19 | P33: 19 | X33: =X32+V33*W33 -> 0 | AA33: 19 | AI33: =AI32+AG33*AH33 -> 0
B34: 20 | P34: 20 | X34: =X33+V34*W34 -> 0 | AA34: 20 | AI34: =AI33+AG34*AH34 -> 0
B35: 21 | P35: 21 | X35: =X34+V35*W35 -> 0 | AA35: 21 | AI35: =AI34+AG35*AH35 -> 0
B36: 22 | P36: 22 | X36: =X35+V36*W36 -> 0 | AA36: 22 | AI36: =AI35+AG36*AH36 -> 0
B37: 23 | P37: 23 | X37: =X36+V37*W37 -> 0 | AA37: 23 | AI37: =AI36+AG37*AH37 -> 0
B38: 24 | P38: 24 | X38: =X37+V38*W38 -> 0 | AA38: 24 | AI38: =AI37+AG38*AH38 -> 0
B39: 25 | P39: 25 | X39: =X38+V39*W39 -> 0 | AA39: 25 | AI39: =AI38+AG39*AH39 -> 0
B40: 26 | P40: 26 | X40: =X39+V40*W40 -> 0 | AA40: 26 | AI40: =AI39+AG40*AH40 -> 0
... B68: 54 | P68: 54 | X68: =X67+V68*W68 -> 0 | AA68: 54 | AI68: =AI67+AG68*AH68 -> 0
B69: TOTAL | P69: TOTAL | V69: =SUM(V15:V68) -> 0 | X69: =IF(MAX(X15:X68)>=H7*0.5,MAX(X15:X68),0) -> 0 | AA69: TOTAL | AG69: =SUM(AG15:AG68) -> 0 | AI69: =IF(MAX(AI15:AI68)>=H7*0.5,MAX(AI15:AI68),0) -> 0
D76: EXPERIENCIA DEL EQUIPO DE TRABAJO
C79: NOMBRE DEL PROPONENTE: | E79: =H5 -> HYV Ingenieros Asociados SAS
C80: NOMBRE DEL PROFESIONAL | E80: Arlintong Luis Medina Coneo
C81: CARGO EN EL EQUIPO DE TRABAJO | E81: DIRECTOR DE INTERVENTORIA
C83: RELACIÓN EXPERIENCIA PROFESIONAL HABILITANTE
D84: ETAPA PREVIA ___x__ ETAPA DE INSTALACIÓN___x___
C86: EXPERIENCIA HABILITANTE DIRECTOR DE INTERVENTORIA (ANEXO 4) | N86: EXPERIENCIA CALIFICABLE DIRECTOR DE INTERVENTORIA (ANEXO 5)
C87: NOMBRE DEL PROYECTO | D87: ENTIDAD CONTRATANTE O EMPLEADORA | E87: CARGO OCUPADO | F87: FUNCIONES DESEMPEÑADAS | G87: FECHA DE INICIO | H87: FECHA DE RETIRO | I87: DURACIÓN EN DIAS | J87: DURACIÓN EN MESES | K87: OBSERVACIONES | N87: NOMBRE DEL PROYECTO | O87: ENTIDAD CONTRATANTE O EMPLEADORA | P87: CARGO OCUPADO | Q87: FUNCIONES DESEMPEÑADAS | R87: FECHA DE INICIO | S87: FECHA DE RETIRO | T87: DURACIÓN EN DIAS | U87: DURACIÓN EN MESES | V87: OBSERVACIONES | Y87: ESTUDIOS DIRECTOR | Z87: Puntaje Máximo
B88: 1 | D88: ELECTRIFICADORA DEL CAQUETÁ. | E88: GERENTE GESTION ENERGÉTICA, | F88: Coordinacion administrativa y técnica de proyectos, Gestión comercial,licitaciones, contrucción,asesoría y desarrollo de proyectos | G88: 41351 | H88: 42138 | I88: =H88-G88+1 -> 788 | J88: =+I88/30 -> 26.266667 | M88: 1 | T88: =(S88-R88)+1 -> 1 | U88: =+T88/30 -> 0.033333333 | Y88: Estudios de posgrado mínimo a nivel de especialización en: administración de empresas, o gerencia o gestión de proyectos, o gerencia de proyectos o gerencia de empresas de energía o alta gerencia o en Fuentes no Convencionales de Energía o en Energías alternativas. | Z88: 4
B89: 2 | D89: MTI LTDA | E89: GERENTE GENERAL | F89: Coordinación administrativa y técnica de proyectos, gestión comercial, licitaciones, construcción, asesoria y desarrollo de proyectos | G89: 39417 | H89: 41350 | I89: 0 | J89: =+I89/30 -> 0 | K89: A pesar de que el proponente adjunta contrato de trabajo, del mismo, no se desprende que cumpla con Experiencia profesional relacionada, en tanto no se pude identificar que la gerencia general fuese relacionada con proyectos del sector eléctrico así: Deberá acreditar al menos tres (3) años de experiencia profesional relacionada en: i) Construcción de proyectos de transmisión o distribución o generación de energía eléctrica o, ii) suministro o instalación de proyectos de transmisión o distribución o generación de energía eléctrica; o, iii) Interventoría en la construcción de proyectos de transmisión o distribución o generación de energía eléctrica, o iv) Interventoría en suministro o instalación de proyectos de transmisión o distribución o generación de energía eléctrica; v) mantenimiento de sistemas eléctricos de transmisión o distribución o generación de energía eléctrica; o vi) Interventoría en mantenimiento de sistemas eléctricos de transmisión o distribución o generación de energía eléctrica.” | M89: 2 | T89: =S89-R89 -> 0 | U89: 0 | Y89: Contar adicionalmente con estudios en la modalidad de posgrado mínimo a nivel de especialización en: | Z89: 1
B90: 3 | D90: CONENERGIA | E90: INGENIERO DE TELEMEDIDA | F90: INGENIERO DE TELEMEDIDA | G90: 36531 | H90: 37072 | I90: 0 | J90: =+I90/30 -> 0 | M90: 3 | T90: =S90-R90 -> 0 | U90: =+T90/30 -> 0 | Y90: INGENIERÍA ELÉCTRICA CON ENFASIS EN SISTEMAS DE DISTRIBUCIÓN ó
B91: 4 | D91: CONSULTORES REGIONALES ASOCIADOS | E91: INGENIERO DE MEDIDA INDIRECTA | F91: INGENIERO DE MEDIDA INDIRECTA | G91: 37210 | H91: 37345 | I91: 0 | J91: =+I91/30 -> 0 | M91: 4 | T91: =S91-R91 -> 0 | U91: =+T91/30 -> 0 | Y91: EN SISTEMAS DE DISTRIBUCIÓN Y TRASMISIÓN DE ENERGÍA ELÉCTRICA ó
B92: 5 | D92: EULEN COLOMBIA | E92: jJEFE DE PROCESO | F92: JEFE DE PROCESO | G92: 37347 | H92: 37898 | I92: 0 | J92: =+I92/30 -> 0 | M92: 5 | T92: =S92-R92 -> 0 | U92: =+T92/30 -> 0 | Y92: EN SISTEMAS DE DISTRIBUCION DE ENERGÍA ELÉCTRICA ó
B93: 6 | D93: EMPRESA DE ENERGIA DEL BAJO PUTUMAYO | E93: SUBGERENTE TÉCNICO OPERATIVO | F93: SUBGERENTE TÉCNICO OPERATIVO | G93: 38649 | H93: 39013 | I93: 0 | J93: =+I93/30 -> 0 | M93: 6 | T93: =S93-R93 -> 0 | U93: =+T93/30 -> 0 | Y93: EN SISTEMAS DE TRASMISIÓN Y DISTRIBUCIÓN DE ENERGÍA ELÉCTRICA ó
B94: 7 | D94: LUCIO OBANDO DELGADO | E94: INGENIERO ASESOR | F94: OBRAS CIVILES DE PROTECCÓN FISICA | G94: 39602 | I94: 0 | J94: =+I94/30 -> 0 | M94: 7 | T94: =S94-R94 -> 0 | U94: =+T94/30 -> 0 | Y94: EN SISTEMAS DE TRASMISIÓN DE ENERGÍA ELÉCTRICA ó
B95: 8 | D95: MUNICIPIO DE PUERTO ASIS | F95: Diseños electricos | I95: =H95-G95 -> 0 | J95: =+I95/30 -> 0 | M95: 8 | T95: =S95-R95 -> 0 | U95: =+T95/30 -> 0 | Y95: EN INGENIERÍA ELÉCTRICA. ó
B96: 9 | I96: =H96-G96 -> 0 | J96: =+I96/30 -> 0 | M96: 9 | T96: =S96-R96 -> 0 | U96: =+T96/30 -> 0 | Y96: SISTEMAS DE POTENCIA O SISTEMAS DE TRANSMISIÓN Y DISTRIBUCIÓN ELÉCTRICA. ó
B97: 10 | I97: =H97-G97 -> 0 | J97: =+I97/30 -> 0 | M97: 10 | T97: =S97-R97 -> 0 | U97: =+T97/30 -> 0
B98: 11 | I98: =H98-G98 -> 0 | J98: =+I98/30 -> 0 | M98: 11 | T98: =S98-R98 -> 0 | U98: =+T98/30 -> 0
B99: 12 | I99: =H99-G99 -> 0 | J99: =+I99/30 -> 0 | M99: 12 | T99: =S99-R99 -> 0 | U99: =+T99/30 -> 0
C100: TOTALES | I100: =SUM(I88:I99) -> 788 | J100: =SUM(J88:J99) -> 26.266667 | N100: TOTALES | T100: =SUM(T88:T99) -> 1 | U100: =SUM(U88:U99) -> 0.033333333
AB101: OBSERVACIONES
J102: =IF(J100>=36,"HABILITADO","NO HABILITADO") -> NO HABILITADO | T102: PUNTAJE | U102: =IF(U100>24,15,IF(U100>=18,10,IF(U100>=12,8,0))) -> 0 | Y102: PUNTAJE | Z102: 0 | AB102: Especialista en Sistemas de Trasnmision y Distribucion Eectrica
C108: NOMBRE DEL PROFESIONAL | E108: José Javier Martínez Polonia
C109: CARGO EN EL EQUIPO DE TRABAJO | E109: INGENIERO ELECTRICISTA RESIDENTE DE INTERVENTORIA
C111: RELACIÓN EXPERIENCIA PROFESIONAL HABILITANTE PROFESIONAL 1
D112: ETAPA PREVIA ___x__ ETAPA DE INSTALACIÓN____x__
C114: EXPERIENCIA HABILITANTE INGENIERO RESIDENTE (ANEXO 4) | N114: EXPERIENCIA CALIFICABLE INGENIERO RESIDENTE (ANEXO 5)
C115: NOMBRE DEL PROYECTO | D115: ENTIDAD CONTRATANTE O EMPLEADORA | E115: CARGO OCUPADO | F115: FUNCIONES DESEMPEÑADAS | G115: FECHA DE INICIO | H115: FECHA DE RETIRO | I115: DURACIÓN EN DIAS | J115: DURACIÓN EN MESES | K115: OBSERVACIONES | N115: NOMBRE DEL PROYECTO | O115: ENTIDAD CONTRATANTE O EMPLEADORA | P115: CARGO OCUPADO | Q115: FUNCIONES DESEMPEÑADAS | R115: FECHA DE INICIO | S115: FECHA DE RETIRO | T115: DURACIÓN EN DIAS | U115: DURACIÓN EN MESES | V115: OBSERVACIONES | W115: SUBSANACIONES | Y115: ESTUDIOS RESIDENTE | Z115: Puntaje Máximo
B116: 1 | C116: CONSTRUCCION DE REDES ELECTRICAS DE MT EN LAS VEREDAS MUNICIPIO DE PUERTO ASIS PUTUMAYO | D116: CONSTRUCCIONES ELECTRICAS M&M | E116: INGENIERO | F116: *INGENIERO COORDINADOR PARA LA CONSTRUCCION DE OBRAS DE REDES DISTRIBUCIÓN DE ENERGÍA ELÉCTRICA DE MEDIA Y BAJA TENSION. *INGENIERO COORDINADOR DE MANTENIMIENTO DE REDES DISTRIBUCIÓN DE ENERGÍA ELÉCTRICA DE MEDIA Y BAJA TENSION. *INGENIERO DISEÑADOR DE PROYECTOS DE DISTRIBUCIÓN DE ENERGÍA ELÉCTRICA DE MEDIA Y BAJA TENSIÓN. *INGENIERO ASESOR DE COMPRAS DE VENTAS PARA MATERIALES ELÉCTRICOS PARA REDES DISTRIBUCIÓN DE ENERGÍA ELÉCTRICA DE MEDIA Y BAJA TENSIÓN. | G116: 41087 | H116: 43964 | I116: =H116-G116+1 -> 2878 | J116: =+I116/30 -> 95.933333 | M116: 1 | T116: =S116-R116 -> 0 | U116: =+T116/30 -> 0 | Y116: Si tiene estudios de posgrado mínimo a nivel de especialización en: Fuentes no Convencionales de Energía o en Energías alternativas. | Z116: 2
B117: 2 | I117: =H117-G117 -> 0 | J117: =+I117/30 -> 0 | M117: 2 | T117: =S117-R117 -> 0 | U117: =+T117/30 -> 0 | Y117: Si tiene estudios de posgrado mínimo a nivel de especialización en: | Z117: 1
B118: 3 | I118: =H118-G118 -> 0 | J118: =+I118/30 -> 0 | M118: 3 | T118: =S118-R118 -> 0 | U118: =+T118/30 -> 0 | Y118: · INGENIERÍA ELÉCTRICA CON ENFASIS EN SISTEMAS DE DISTRIBUCIÓN ó
B119: 4 | I119: =H119-G119 -> 0 | J119: =+I119/30 -> 0 | M119: 4 | T119: =S119-R119 -> 0 | U119: =+T119/30 -> 0 | Y119: · EN SISTEMAS DE DISTRIBUCIÓN Y TRASMISIÓN DE ENERGÍA ELÉCTRICA ó
B120: 5 | I120: =H120-G120 -> 0 | J120: =+I120/30 -> 0 | M120: 5 | T120: =S120-R120 -> 0 | U120: =+T120/30 -> 0 | Y120: · EN SISTEMAS DE DISTRIBUCION DE ENERGÍA ELÉCTRICA ó
B121: 6 | I121: =H121-G121 -> 0 | J121: =+I121/30 -> 0 | M121: 6 | T121: =S121-R121 -> 0 | U121: =+T121/30 -> 0 | Y121: · EN SISTEMAS DE TRASMISIÓN Y DISTRIBUCIÓN DE ENERGÍA ELÉCTRICA ó
B122: 7 | I122: =H122-G122 -> 0 | J122: =+I122/30 -> 0 | M122: 7 | T122: =S122-R122 -> 0 | U122: =+T122/30 -> 0 | Y122: · EN SISTEMAS DE TRASMISIÓN DE ENERGÍA ELÉCTRICA ó
B123: 8 | I123: =H123-G123 -> 0 | J123: =+I123/30 -> 0 | M123: 8 | T123: =S123-R123 -> 0 | U123: =+T123/30 -> 0 | Y123: · EN INGENIERÍA ELÉCTRICA. ó
B124: 9 | I124: =H124-G124 -> 0 | J124: =+I124/30 -> 0 | M124: 9 | T124: =S124-R124 -> 0 | U124: =+T124/30 -> 0 | Y124: · SISTEMAS DE POTENCIA O SISTEMAS DE TRANSMISIÓN Y DISTRIBUCIÓN ELÉCTRICA. ó
B125: 10 | I125: =H125-G125 -> 0 | J125: =+I125/30 -> 0 | M125: 10 | T125: =S125-R125 -> 0 | U125: =+T125/30 -> 0
B126: 11 | I126: =H126-G126 -> 0 | J126: =+I126/30 -> 0 | M126: 11 | T126: =S126-R126 -> 0 | U126: =+T126/30 -> 0
B127: 12 | I127: =H127-G127 -> 0 | J127: =+I127/30 -> 0 | M127: 12 | T127: =S127-R127 -> 0 | U127: =+T127/30 -> 0
C128: TOTALES | I128: =SUM(I116:I127) -> 2878 | J128: =SUM(J116:J127) -> 95.933333 | N128: TOTALES | T128: =SUM(T116:T127) -> 0 | U128: =SUM(U116:U127) -> 0
AB129: OBSERVACIONES
J130: =IF(J128>=36,"HABILITADO","NO HABILITADO") -> HABILITADO | T130: PUNTAJE | U130: =IF(U128>12,13,IF(U128>6,8,0)) -> 0 | Y130: PUNTAJE | Z130: 0

Sheet Oferente 2
C2: EXPERIENCIA DEL PROPONENTE
C5: NOMBRE DEL OFERENTE | H5: CONSORCIO PROISES
C7: PRESUPUESTO DEL LOTE MÁXIMO AL QUE PARTICIPAN (en SMMLV) | H7: 1072.8034
C8: VALOR 30% | H8: =H7*0.3 -> 321.84103
C9: VALOR REQUERIDO EN SMMLV
C11: contar con 5 años de experiencia en interventoría o en la construcción y montaje de proyectos del sector eléctrico, de los cuales como mínimo debe incluir un (1) año de experiencia específica en proyectos de generación o distribución de energía eléctrica, cuya sumatoria se igual o superior al 30% del valor del mayor lote ofertado | K11: =IF(BA21>=5,"HABILITA: CUENTA CON MÁS DE 5 AÑOS","NO HABILITA POR TIEMPO") -> HABILITA: CUENTA CON MÁS DE 5 AÑOS | AU11: =IF(BA21>=5,"HABILITA: CUENTA CON MÁS DE 5 AÑOS","NO HABILITA POR TIEMPO") -> HABILITA: CUENTA CON MÁS DE 5 AÑOS
C13: CONTRATOS DE EXPERIENCIA MÍNIMA PARA HABILITARSE (ANEXO 7) | Q13: CONTRATOS QUE ACREDITAN EXPERIENCIA EN FOTOVOLTAICO (ANEXO 8) | AB13: CONTRATOS QUE ACREDITAN EXPERIENCIA ADICIONAL EN ELECTRICOS NO FOTOVOLTAICO (ANEXO 8) | AM13: CONTRATOS DE EXPERIENCIA MÍNIMA PARA HABILITARSE (ANEXO 7)
C14: OBJETO DEL CONTRATO | D14: ENTIDAD CONTRATANTE O EMPLEADORA | E14: CONSECUTIVO EN EL RUP | F14: CODIGO UNSPSC | G14: VALOR CONTRATO | H14: VALOR DEL CONTRATO TOTAL EN SMMLV | I14: % PARTICIPACIÓN CONSORCIO | J14: ACUMULADO SMMLV | K14: HABILITADO | L14: OBSERVACIONES | M14: CÓDIGO UNSPSC | N14: NOMBRE | Q14: OBJETO DEL CONTRATO | R14: ENTIDAD CONTRATANTE O EMPLEADORA | S14: CONSECUTIVO EN EL RUP | T14: CODIGO UNSPSC | U14: VALOR CONTRATO | V14: VALOR DEL CONTRATO TOTAL EN SMMLV | W14: % PARTICIPACIÓN CONSORCIO | X14: ACUMULADO SMMLV | Y14: OBSERVACIONES | AB14: OBJETO DEL CONTRATO | AC14: ENTIDAD CONTRATANTE O EMPLEADORA | AD14: CONSECUTIVO EN EL RUP | AE14: CODIGO UNSPSC | AF14: VALOR CONTRATO | AG14: VALOR DEL CONTRATO TOTAL EN SMMLV | AH14: % PARTICIPACIÓN CONSORCIO | AI14: ACUMULADO SMMLV | AJ14: OBSERVACIONES | AM14: OBJETO DEL CONTRATO | AN14: ENTIDAD CONTRATANTE O EMPLEADORA | AO14: CONSECUTIVO EN EL RUP | AP14: CODIGO UNSPSC | AQ14: VALOR CONTRATO | AR14: VALOR DEL CONTRATO TOTAL EN SMMLV | AS14: % PARTICIPACIÓN CONSORCIO | AT14: ACUMULADO SMMLV | AU14: HABILITADO | AV14: OBSERVACIONES | AW14: FECHA DE INICIO ORIGINAL | AX14: FECHA FIN ORIGINAL | AY14: FECHA DE INICIO AJUSTE TRASLAPOS | AZ14: FECHA FIN AJUSTE TRASLAPOS | BA14: AÑOS DE EXPERIENCIA
B15: 1 | C15: Interventoría para la normalización de las redes eléctricas en el barrio Las frías en el municipio de Sabanagrande, en el atlántico | D15: GOBERNACION DEL ATLANTICO | E15: 13 (PROINGES SAS) | F15: 80101500 80101600 81101700 83101800 81101500 | G15: 24704520 | H15: 31.62 | I15: 1 | J15: =H15*I15 -> 31.62 | K15: =IF(H15*I15>0,"HABILITADO", "NO HABILITADO") -> HABILITADO | M15: 80101500 | N15: Servicios de consultoría y administración corporativa | P15: 1 | Q15: Interventoria técnica, administrativa, financiera, jurídica, ambiental, social, y contable para la implementación de un sistema de generación de energía eléctrica a nivel residencial en los hogares priorizados a través del uso de fuentes renovables (fotovoltaica) por 250 familias ubicadas en las veredas El Trigo, Marimonda, Conejo, San Agustin, Puerto Lopez, Quebrachal, Sabana del Medio, El Toco, Las Iguana, Mediadia, La illa, El Chorro, El Puy, Hatico Viejo, Jabuey, El Confuso, La Bendiciones, Las Colonias, Los Altos y El Resguardo Indígena Mayamangloma integrado por las cuatro comunidades: Mayavita, Bangañita, La Gloria y La Loma, estas veredas se encuentran ubicadas en el área rural del municipio de Fonseca - Guajira. | R15: Empresa Distribuidora del pacifico S.A. E.S.P | S15: 6 (ProInges S.A.S) | T15: 80101500 80101600 81101700 83101800 81101500 | U15: 206534415 | V15: 249.4 | W15: 1 | X15: =V15*W15 -> 249.4 | AA15: 1 | AB15: Interventoria Tecnica, Administrativa y Ambiental de la construcción de las salidas de la subestación Galeras y construcción de la línea a 34.5kV Galeras-San Benito Abad departamento de Sucre y construcción salida subestación Santa Ines y construcción de la linea a 34.5kV Santa-Ines-La Unión ampliación de la subestación la Unión departamento de Sucre. | AC15: Gobernación Departamento de Sucre | AD15: 1(ProInges S.A.S) | AE15: 80101500 80101600 81101700 83101800 81101500 | AF15: 398726500 | AG15: 703.59 | AH15: 1 | AI15: =AG15*AH15 -> 703.59 | AL15: 1 | AM15: Interventoría para la normalización de las redes eléctricas en el barrio Las frías en el municipio de Sabanagrande, en el atlántico | AN15: GOBERNACION DEL ATLANTICO | AO15: 13 (PROINGES SAS) | AP15: 80101500 80101600 81101700 83101800 81101500 | AQ15: 24704520 | AR15: 31.62 | AS15: 1 | AT15: =AR15*AS15 -> 31.62 | AU15: =IF(AR15*AS15>0,"HABILITADO", "NO HABILITADO") -> HABILITADO | AW15: 42100 | AX15: 43136 | AY15: 42100 | AZ15: 43136 | BA15: =+(AZ15-AY15+1)/365 -> 2.8410959
B16: 2 | C16: Interventoría técnica para la obra de electrificación del sector turístico de puerto velero municipio de Tubara Departamento del Atlántico | D16: GOBERNACION DEL ATLANTICO | E16: 18 (PROINGES SAS) | F16: 80101500 80101600 81101700 83101800 81101500 | G16: =19855919+6009134 -> 25865053 | H16: 43.87 | I16: 1 | J16: =J15+H16*I16 -> 75.49 | K16: =IF(H16*I16>0,"HABILITADO", "NO HABILITADO") -> HABILITADO | M16: 80101600 | N16: Servicios de consultoría y administración corporativa | P16: 2 | Q16: Interventoria técnica, administrativa, financiera, juridica y contable para las obras de suministro, transporte e instalación e implementación de la construcción instalación e implementación de soluciones de energía individuales sostenibles consistentes en sistemas solares fotovoltaicos para viviendas rurales en las zonas no interconectadas de las veredas El Peneya, Loma Larga, Jordan, El Paraiso, Animas Altas, El Porvenir 1, Santa Fe, Alta Sardinata, Remanzos, Monterrey, La Granja, Aguas Claras, Andaquies, Barcelona, Villanueva, Risaralda, Fundación, Santo Domingo, La Sabaleta Baja, El caño Santo Domingo, Caracol, Lejanias, Arrallantes, Alto Cristales, Dos Quebradas, Paujiles, La Ceiba, Argentina, Los Cauchos, La Uribe, Lobites, Pores, Sardinata y Libano del municipio de Cartagena del Chairá - Caqueta (947 Soluciones) | R16: Empresa Distribuidora del pacifico S.A. E.S.P | S16: 28 (ProInges S.A.S) | T16: 80101500 80101600 81101700 83101800 81101500 | U16: 908673726 | V16: 1097.27 | W16: 0.5 | X16: =X15+V16*W16 -> 798.035 | AA16: 2 | AB16: Interventoria para la Construcción de línea de 34.5kV para interconectar los municipios del Difícil y Nueva Granada y la construcción de una subestación de 2Mva en el Municipio de Nueva Granada y la adecuación de la salida de la subestación del Municipio del Difícil. | AC16: Alcaldia del Municipio de Nueva Granada-Magdalena | AD16: 2 (ProInges S.A.S) | AE16: 80101500 80101600 81101700 83101800 81101500 | AF16: 124690000 | AG16: 232.8 | AH16: 1 | AI16: =AI15+AG16*AH16 -> 936.39 | AL16: 2 | AM16: Interventoría técnica para la obra de electrificación del sector turístico de puerto velero municipio de Tubara Departamento del Atlántico | AN16: GOBERNACION DEL ATLANTICO | AO16: 18 (PROINGES SAS) | AP16: 80101500 80101600 81101700 83101800 81101500 | AQ16: =19855919+6009134 -> 25865053 | AR16: 43.87 | AS16: 1 | AT16: =AT15+AR16*AS16 -> 75.49 | AU16: =IF(AR16*AS16>0,"HABILITADO", "NO HABILITADO") -> HABILITADO | AW16: 40903 | AX16: 41625 | AY16: 40903 | AZ16: 41625 | BA16: =+(AZ16-AY16+1)/365 -> 1.9808219
B17: 3 | C17: Interventoría para la normalización de las redes eléctricas en los barrios Recreo y San Francisco en el municipio de Sabanagrande, en el atlántico | D17: GOBERNACION DEL ATLANTICO | E17: 23 (PROINGES SAS) | F17: 80101500 80101600 81101700 83101800 81101500 | G17: 47014229 | H17: 76.32 | I17: 1 | J17: =J16+H17*I17 -> 151.81 | K17: =IF(H17*I17>0,"HABILITADO", "NO HABILITADO") -> HABILITADO | M17: 81101500 | N17: Ingenieria Civil y arquitectura | P17: 3 | Q17: Contratar La Prestación De Servicios De Interventoría Para Los Proyectos: 1) Construcción De Sistemas De Energía Alternativa Solar Fotovoltaica Para Viviendas Rurales En El Municipio De Santa Rosalía En Las Veredas De Pavanay, Bordereño, Control, La Ladera, Caño Negro, San Marcos, Guacacias, Flor Amarillo Y Nazareth En Las Zonas No Interconectadas Del Departamento De Vichada Y 2) Suministro, Transporte Y Construcción De Caseta, Planta Eléctrica, Red Trenzada De Baja Tensión, Acometidas Domiciliarias Antifraude De Las Veredas De Guayabales, Puerto Flores, Chuapal, La Paz Y Catalina Y Reposición De Las Plantas Eléctricas De Las Veredas Cachicamo, Caño Maku, Guanapalo Y Charras De Los Municipios De San José Del Guaviare Y El Retorno, Departamento Del Guaviare. | R17: GENSA | S17: 59 (ISES S.A.S) | T17: 80101500 80101600 81101700 83101800 81101500 | U17: 178009152 | V17: 241.29 | W17: 1 | X17: =X16+V17*W17 -> 1039.325 | AA17: 3 | AB17: Interventoria tecnica, administrativa y financiera a las obras de implementacion, montaje y puesta en operación de la infraestructura necesaria para las redes de distribución electrica relativas al proyecto denominado "Modernizacion y Mejoramiento de las redes electricas de media y baja tensión del corregimiento de Palmor municipio de Cienaga Departamento del Magdalena". | AC17: IPSE-INSTITUTO DE PLANIFICACION Y PROMOCION DE SOLUCIONES ENERGETICAS PARA LAS ZONAS NO INTERCONECTADAS. | AD17: 4 (ProInges S.A.S) | AE17: 80101500 80101600 81101700 83101800 81101500 | AF17: 71000000 | AG17: 115.25 | AH17: 1 | AI17: =AI16+AG17*AH17 -> 1051.64 | AL17: 3 | AM17: Interventoría para la normalización de las redes eléctricas en los barrios Recreo y San Francisco en el municipio de Sabanagrande, en el atlántico | AN17: GOBERNACION DEL ATLANTICO | AO17: 23 (PROINGES SAS) | AP17: 80101500 80101600 81101700 83101800 81101500 | AQ17: 47014229 | AR17: 76.32 | AS17: 1 | AT17: =AT16+AR17*AS17 -> 151.81 | AU17: =IF(AR17*AS17>0,"HABILITADO", "NO HABILITADO") -> HABILITADO | AW17: 41579 | AX17: 41991 | AY17: 41625 | AZ17: 41991 | BA17: =+(AZ17-AY17+1)/365 -> 1.0054795
B18: 4 | C18: Consultoría para la revisión y adaptación de las normas de diseño y construcción de subestaciones de EPSA E.S.P., de alta y media tensión | D18: EMPRESA DE ENERGÍA DEL PACIFICO SA ESP EPSA ESP | E18: 1 (ISES S.A.S) | F18: 80101600 81101700 83101800 81101500 | G18: 427547000 | H18: 754.45 | I18: 0 | J18: =J17+H18*I18 -> 151.81 | K18: =IF(H18*I18>0,"HABILITADO", "NO HABILITADO") -> NO HABILITADO | L18: este contrato No 4. no puede ser tenido en cuenta como experiencia mínima habilitante ya que su objeto no es concerniente a interventoría, construcción y montaje de proyectos del sector eléctrico. y tal y como se ha mencionado en las observaciones, es necesario que los contratos presentados guarden relación con la experiencia solicitada, ejemplo de esto es la observación realizada a la empresa JORGE BARRETO con fecha de observación EXTEMPORÁNEA, en la cual se aclara qué: _x000D_ _x000D_ “ OBSERVACIÓN NO. 1 _x000D_ “(…) En el numeral 3.2.3 CAPACIDAD TECNICA (HABILITA/ NO HABILITA) apartado a. EXPERIENCIA MINIMA HABILITANTE DEL PROPONENTE establece textualmente lo siguiente:_x000D_ “El proponente deberá cumplir con los requisitos establecidos en el artículo 4o de la Resolución 1 1208 de 2016, es decir, contar con 5 años de experiencia en interventoría o en la construcción y montaje de proyectos del sector eléctrico, de los cuales como mínimo debe incluir un (1) año de experiencia específica en proyectos de generación o distribución de energía eléctrica.” _x000D_ Solicito muy respetuosamente al Ministerio de Minas y Energía aclarar la forma de cómo se debe acreditar esta experiencia y como el Ministerio evaluara dicho requisito. (…)”_x000D_ RESPUESTA OBSERVACIÓN No.1 _x000D_ El Ministerio de Minas y Energía se permite aclarar que la experiencia del proponente exigida está establecida en el artículo 4 de la Resolución 4 1208 de 2016 y consiste en acreditar cinco (5) años de experiencia en interventoría en el sector eléctrico o en la construcción y montaje de proyectos del sector eléctrico, de los cuales como mínimo debe incluir un (1) año de experiencia específica en proyectos de generación o distribución de energía eléctrica._x000D_ Para ello el Ministerio de Minas y Energía en el pliego de condiciones hace expresa mención a la forma de acreditación de la experiencia, el cual entre otras cosas indica:_x000D_ “a.1 FORMA DE ACREDITACIÓN DE LA EXPERIENCIA _x000D_ Para la acreditación de experiencia mínima habilitante, el OFERENTE debe: _x000D_ 1. a) El PROPONENTE deberá presentar el RUP e identificar claramente cuales contratos deberá tener en cuenta el MINISTERIO para validar la experiencia solicitada. _x000D_ 2. b) Adjuntar las certificaciones de los contratos respectivas expedidas por terceros, en donde se evidencie la siguiente información: _x000D_ ● Nombre de la entidad contratante o empleador _x000D_ ● Nombre del contratista o firma que llevó a cabo la ejecución del contrato _x000D_ ● Fecha de inicio y terminación del contrato y/o proyecto (dd/mm/aa) _x000D_ ● Objeto u obligaciones u actividades. _x000D_ ● Nombre, cargo y firma de quien expide la certificación. _x000D_ _x000D_ En caso de que, la certificación no contenga la totalidad de la información, EL PROPONENTE podrá aportar otro tipo de documento(s) que complementen la información requerida para acreditar la experiencia, tales como, acta de liquidación, acta de terminación y recibo a satisfacción o certificación de contrato. Es importante aclarar que el Ministerio de Minas y Energía no aceptará como un nuevo contrato las adiciones o prorrogas. (…)”_x000D_ De conformidad con lo anterior, la evaluación de esta experiencia se verificará de acuerdo con dichos criterios, es decir verificando en el RUP la inscripción los contratos que se pretenden acreditar, así mismo, se analizarán las certificaciones aportadas, a fin de verificar el cumplimiento de la experiencia mencionada en la respectiva, sin que exista límite en el número de contratos que los proponentes puedan aportar para ello siempre y cuando la sumatoria de los mismos sea igual o superior al 30% del presupuesto oficial del lote de mayor valor ofertado, expresado en SMMLV”_x000D_ | M18: 81101700 | N18: Ingeniería Eléctrica y Electrónica | P18: 4 | X18: =X17+V18*W18 -> 1039.325 | AA18: 4 | AB18: Prestación del servicio de interventoria técnica de los proyectos financiados con recursos del Fondo de Apoyo Financiero para la Energización de las Zonas Rurales Interconectadas - FAER en ELECTRICARIBE S.A E.S.P contrato GGC 224 - 2012 (Grupo II). | AC18: Electricaribe S.A ESP. | AD18: 7 (ProInges S.A.S) | AE18: 80101500 80101600 81101700 83101800 81101500 | AF18: 609004479 | AG18: 883.31 | AH18: 1 | AI18: =AI17+AG18*AH18 -> 1934.95 | AL18: 4 | AM18: Consultoría para la revisión y adaptación de las normas de diseño y construcción de subestaciones de EPSA E.S.P., de alta y media tensión | AN18: EMPRESA DE ENERGÍA DEL PACIFICO SA ESP EPSA ESP | AO18: 1 (ISES S.A.S) | AP18: 80101600 81101700 83101800 81101500 | AQ18: 427547000 | AR18: 754.45 | AS18: 0 | AT18: =AT17+AR18*AS18 -> 151.81 | AU18: =IF(AR18*AS18>0,"HABILITADO", "NO HABILITADO") -> NO HABILITADO | AV18: este contrato No 4. no puede ser tenido en cuenta como experiencia mínima habilitante ya que su objeto no es concerniente a interventoría, construcción y montaje de proyectos del sector eléctrico. y tal y como se ha mencionado en las observaciones, es necesario que los contratos presentados guarden relación con la experiencia solicitada, ejemplo de esto es la observación realizada a la empresa JORGE BARRETO con fecha de observación EXTEMPORÁNEA, en la cual se aclara qué: _x000D_ _x000D_ “ OBSERVACIÓN NO. 1 _x000D_ “(…) En el numeral 3.2.3 CAPACIDAD TECNICA (HABILITA/ NO HABILITA) apartado a. EXPERIENCIA MINIMA HABILITANTE DEL PROPONENTE establece textualmente lo siguiente:_x000D_ “El proponente deberá cumplir con los requisitos establecidos en el artículo 4o de la Resolución 1 1208 de 2016, es decir, contar con 5 años de experiencia en interventoría o en la construcción y montaje de proyectos del sector eléctrico, de los cuales como mínimo debe incluir un (1) año de experiencia específica en proyectos de generación o distribución de energía eléctrica.” _x000D_ Solicito muy respetuosamente al Ministerio de Minas y Energía aclarar la forma de cómo se debe acreditar esta experiencia y como el Ministerio evaluara dicho requisito. (…)”_x000D_ RESPUESTA OBSERVACIÓN No.1 _x000D_ El Ministerio de Minas y Energía se permite aclarar que la experiencia del proponente exigida está establecida en el artículo 4 de la Resolución 4 1208 de 2016 y consiste en acreditar cinco (5) años de experiencia en interventoría en el sector eléctrico o en la construcción y montaje de proyectos del sector eléctrico, de los cuales como mínimo debe incluir un (1) año de experiencia específica en proyectos de generación o distribución de energía eléctrica._x000D_ Para ello el Ministerio de Minas y Energía en el pliego de condiciones hace expresa mención a la forma de acreditación de la experiencia, el cual entre otras cosas indica:_x000D_ “a.1 FORMA DE ACREDITACIÓN DE LA EXPERIENCIA _x000D_ Para la acreditación de experiencia mínima habilitante, el OFERENTE debe: _x000D_ 1. a) El PROPONENTE deberá presentar el RUP e identificar claramente cuales contratos deberá tener en cuenta el MINISTERIO para validar la experiencia solicitada. _x000D_ 2. b) Adjuntar las certificaciones de los contratos respectivas expedidas por terceros, en donde se evidencie la siguiente información: _x000D_ ● Nombre de la entidad contratante o empleador _x000D_ ● Nombre del contratista o firma que llevó a cabo la ejecución del contrato _x000D_ ● Fecha de inicio y terminación del contrato y/o proyecto (dd/mm/aa) _x000D_ ● Objeto u obligaciones u actividades. _x000D_ ● Nombre, cargo y firma de quien expide la certificación. _x000D_ _x000D_ En caso de que, la certificación no contenga la totalidad de la información, EL PROPONENTE podrá aportar otro tipo de documento(s) que complementen la información requerida para acreditar la experiencia, tales como, acta de liquidación, acta de terminación y recibo a satisfacción o certificación de contrato. Es importante aclarar que el Ministerio de Minas y Energía no aceptará como un nuevo contrato las adiciones o prorrogas. (…)”_x000D_ De conformidad con lo anterior, la evaluación de esta experiencia se verificará de acuerdo con dichos criterios, es decir verificando en el RUP la inscripción los contratos que se pretenden acreditar, así mismo, se analizarán las certificaciones aportadas, a fin de verificar el cumplimiento de la experiencia mencionada en la respectiva, sin que exista límite en el número de contratos que los proponentes puedan aportar para ello siempre y cuando la sumatoria de los mismos sea igual o superior al 30% del presupuesto oficial del lote de mayor valor ofertado, expresado en SMMLV”_x000D_ | AW18: 40755 | AX18: 41030 | AY18: 40755 | AZ18: 40903 | BA18: 0
B19: 5 | C19: Interventoria técnica, administrativa, financiera y jurídica del proyecto NORMALIZACIÓN DE REDES ELÉCTRICAS MT Y BT PROYECTO LA CANTERA (BARRANQUILLA), VILLA SAN CARLOS (BARRANQUILLA), CIUDAD BONITA (SOLEDAD), JUAN MINA SECTOR MANGA LA ESPERANZA (BARRANQUILLA) Y VILLA ROSALES (PUERTO COLOMBIA) DEL DEPARTAMENTO DEL ATLÁNTICO. | D19: EMPRESA DE ENERGÍA DEL PACIFICO SA ESP EPSA ESP | E19: 12 (PROINGES SAS) | F19: 80101500 - 80101600 - 81101700 - 83101800-81101500 | G19: $ 147.994.335 | H19: 178.71 | I19: 1 | J19: =J18+H19*I19 -> 330.52 | K19: =IF(H19*I19>0,"HABILITADO", "NO HABILITADO") -> HABILITADO | L19: De conformidad con la nota 7 del numeral 3.2.3. a.1 no podrá ser acumulable la experiencia obtenida en varios proyectos en un mismo periodo de tiempo. Se modificó el intervalo de duración del contrato, con respecto a las fechas originalmente presentadas, para no acumular doble experiencia en un mismo periodo. | M19: 83101800 | N19: Servicios Eléctricos | P19: 5 | X19: =X18+V19*W19 -> 1039.325 | AA19: 5 | AB19: Interventoria técnica, administrativa, financiera y jurídica del proyecto NORMALIZACIÓN DE REDES ELÉCTRICAS MT Y BT PROYECTO LAS FLORES (BARRANQUILLA) Y LA PRADERA (BARRANQUILLA) DEL DEPARTAMENTO DEL ATLÁNTICO. | AC19: Empresa Distribuidora del pacifico S.A. E.S.P | AD19: 9 (ProInges S.A.S) | AE19: 80101500 80101600 81101700 83101800 81101500 | AF19: 170901348 | AG19: 206.37 | AH19: 1 | AI19: =AI18+AG19*AH19 -> 2141.32 | AL19: 5 | AM19: Interventoria técnica, administrativa, financiera y jurídica del proyecto NORMALIZACIÓN DE REDES ELÉCTRICAS MT Y BT PROYECTO LA CANTERA (BARRANQUILLA), VILLA SAN CARLOS (BARRANQUILLA), CIUDAD BONITA (SOLEDAD), JUAN MINA SECTOR MANGA LA ESPERANZA (BARRANQUILLA) Y VILLA ROSALES (PUERTO COLOMBIA) DEL DEPARTAMENTO DEL ATLÁNTICO. | AN19: EMPRESA DE ENERGÍA DEL PACIFICO SA ESP EPSA ESP | AO19: 12 (PROINGES SAS) | AP19: 80101500 - 80101600 - 81101700 - 83101800-81101500 | AQ19: $ 147.994.335 | AR19: 178.71 | AS19: 1 | AT19: =AT18+AR19*AS19 -> 330.52 | AU19: =IF(AR19*AS19>0,"HABILITADO", "NO HABILITADO") -> HABILITADO | AV19: De conformidad con la nota 7 del numeral 3.2.3. a.1 no podrá ser acumulable la experiencia obtenida en varios proyectos en un mismo periodo de tiempo. Se modificó el intervalo de duración del contrato, con respecto a las fechas originalmente presentadas, para no acumular doble experiencia en un mismo periodo. | AW19: 42437 | AX19: 43621 | AY19: 43136 | AZ19: 43591 | BA19: =+(AZ19-AY19+1)/365 -> 1.2493151
B20: 6 | C20: Construccion proyecto electrificacion rural vereda punta gorda -tosnovan en el departamento del atlantico | D20: Consorcio Viviendas del Atlantico | E20: 27 (PROINGES SAS) | F20: 80101500 - 80101600 - 81101700 - 83101800-81101500 | G20: 1099999975 | H20: 1328.31 | I20: 0 | J20: =J19+H20*I20 -> 330.52 | K20: =IF(H20*I20>0,"HABILITADO", "NO HABILITADO") -> NO HABILITADO | P20: 6 | X20: =X19+V20*W20 -> 1039.325 | AA20: 6 | AB20: Interventoria técnica, administrativa, financiera y jurídica para la obra de electrificación rural Vereda Santa Catalina, ubicada en el municipio de San Juan de Betulia, departamento de Sucre. | AC20: Empresa Distribuidora del pacifico S.A. E.S.P | AD20: 10 (ProInges S.A.S) | AE20: 80101500 80101600 81101700 83101800 81101500 | AF20: 38943031 | AG20: 49.84 | AH20: 1 | AI20: =AI19+AG20*AH20 -> 2191.16 | AL20: 6 | AM20: Construccion proyecto electrificacion rural vereda punta gorda -tosnovan en el departamento del atlantico | AN20: Consorcio Viviendas del Atlantico | AO20: 27 (PROINGES SAS) | AP20: 80101500 - 80101600 - 81101700 - 83101800-81101500 | AQ20: 1099999975 | AR20: 1328.31 | AS20: 0 | AT20: =AT19+AR20*AS20 -> 330.52 | AU20: =IF(AR20*AS20>0,"HABILITADO", "NO HABILITADO") -> NO HABILITADO | AW20: 27/04/2018 | AX20: 43775 | AY20: 43592 | AZ20: 43775 | BA20: 0
B21: 7 | J21: =J20+H21*I21 -> 330.52 | P21: 7 | X21: =X20+V21*W21 -> 1039.325 | AA21: 7 | AB21: Interventoria técnica, administrativa, financiera y jurídica del proyecto NORMALIZACIÓN DE REDES ELÉCTRICAS MT Y BT PROYECTO EL EDÉN (BARRANQUILLA), PUMAREJO (SOLEDAD) Y CIUDAD CARIBE 4TA ETAPA (SOLEDAD) DEL DEPARTAMENTO DEL ATLÁNTICO. | AC21: Empresa Distribuidora del pacifico S.A. E.S.P | AD21: 11 (ProInges S.A.S) | AE21: 80101500 80101600 81101700 83101800 81101500 | AF21: 123194864 | AG21: 148.76 | AH21: 1 | AI21: =AI20+AG21*AH21 -> 2339.92 | AZ21: Años de experiencia | BA21: =SUM(BA15:BA20) -> 7.0767123
B22: 8 | J22: =J21+H22*I22 -> 330.52 | P22: 8 | X22: =X21+V22*W22 -> 1039.325 | AA22: 8 | AB22: Interventoria técnica, administrativa, financiera y jurídica del proyecto NORMALIZACIÓN DE REDES ELÉCTRICAS MT Y BT PROYECTO LA CANTERA (BARRANQUILLA), VILLA SAN CARLOS (BARRANQUILLA), CIUDAD BONITA (SOLEDAD), JUAN MINA SECTOR MANGA LA ESPERANZA (BARRANQUILLA) Y VILLA ROSALES (PUERTO COLOMBIA) DEL DEPARTAMENTO DEL ATLÁNTICO. | AC22: Empresa Distribuidora del pacifico S.A. E.S.P | AD22: 12 (ProInges S.A.S) | AE22: 80101500 80101600 81101700 83101800 81101500 | AF22: 147994335 | AG22: 178.71 | AH22: 0 | AI22: =AI21+AG22*AH22 -> 2339.92 | AJ22: Se vale para habilitante y no para calificable
B23: 9 | J23: =J22+H23*I23 -> 330.52 | P23: 9 | X23: =X22+V23*W23 -> 1039.325 | AA23: 9 | AB23: Prestación del servicio de interventoria en obras de normalización de redes eléctricas en los Municipios de la costa Atlántica según convenio 003-8-Grupo I. | AC23: Electricaribe S.A ESP. | AD23: 14 (ProInges S.A.S) | AE23: 80101500 80101600 81101700 83101800 81101500 | AF23: 908060491 | AG23: 1602.36 | AH23: 0.5 | AI23: =AI22+AG23*AH23 -> 3141.1
B24: 10 | J24: =J23+H24*I24 -> 330.52 | P24: 10 | X24: =X23+V24*W24 -> 1039.325 | AA24: 10 | AB24: Contratación de la interventoria para la construcción de las redes electricas de Media Tensión y Baja Tensión, centros de transformación y acometidas a los usuarios de barrios de los Municipios de Barranquilla( Atlantico) y Valledupar(Cesar) y las obras de construcción de las redes electricas de Media Tensión y Baja Tensión y centros de transformación en las comunidades rurales de Urumita(Guajira) y el Banco(Magdalena). | AC24: Gestión Energetica S.A ESP. | AD24: 15 (ProInges S.A.S) | AE24: 80101500 80101600 81101700 83101800 81101500 | AF24: 797217669 | AG24: 1604.38 | AH24: 1 | AI24: =AI23+AG24*AH24 -> 4745.48
B25: 11 | J25: =J24+H25*I25 -> 330.52 | P25: 11 | X25: =X24+V25*W25 -> 1039.325 | AA25: 11 | AB25: Contratación de la interventoria técnica, financiera y administrativa a los contratyos del PRONE I; tendientes a la Construcción de las redes aéreas de distribución de Energía eléctrica en Media y Baja Tensión en los barrios: La Chinita, Por fin; La Luz, Cuchilla de Villate, Lipaya y El Edén en la ciudad de Barranquilla; Paraíso, Once de Noviembre y Villa Marbella en Santa Marta; El Páramo, Don Felipe, Nuevo milenio y Campo Romero en Vallledupar; y Nelson Mandela, San José de los Campanos y El pozón en la ciudad de Cartagena. | AC25: Gestión Energetica S.A ESP. | AD25: 16 (ProInges S.A.S) | AE25: 80101500 80101600 81101700 83101800 81101500 | AF25: 619737579 | AG25: 1428.95 | AH25: 0.34 | AI25: =AI24+AG25*AH25 -> 5231.323
B26: 12 | J26: =J25+H26*I26 -> 330.52 | P26: 12 | X26: =X25+V26*W26 -> 1039.325 | AA26: 12 | AB26: Contratación de la interventoria para la construcción de las lineas de conducción electrica a 13,2kV que se enumeran a continuación: 1)Construcción de la linea de interconexión electrica a 13,200 voltios, trifasica desde canoas a los corregimientos de San Jose de la Montaña (Garrapata) y Placitas Municipio de Pivijai-Magdalena. 2)Construcción de la linea de electrificación rural a la vereda los Pajaritos municipio de Chimichagua-Cesar y para la normalización de las redes electricas en los barrios subnormales que se enumeran a continuación: 1)Mejoramiento de la infraestructura electrica de los barrios la Paz, Tres de Diciembre y Manzanares I, II y III del municipio de El Banco-Magdalena. 2)Mejoramiento de la infraestructura electrica de los barrios Los Olivos, Oscar Pisciotti, Santa Rosa y La Esperanza del municipio de El Banco Magdalena 3)Construcción de las redes electricas en los sectores subnormales La Unión, Nuevo Horiente y Victor Blanco I del barrio El Pozón de Cartagena-Bolivar. | AC26: Gestión Energetica S.A ESP. | AD26: 17 (ProInges S.A.S) | AE26: 80101500 80101600 81101700 83101800 81101500 | AF26: 277583939 | AG26: 558.63 | AH26: 1 | AI26: =AI25+AG26*AH26 -> 5789.953
B27: 13 | J27: =J26+H27*I27 -> 330.52 | P27: 13 | X27: =X26+V27*W27 -> 1039.325 | AA27: 13 | AB27: Interventoria tecnica, administrativa, financiera, contable y juridica a la construcción de redes electricas en zonas urbanas y rurales de diferentes municipios del departamento de Cordoba. | AC27: GOBERNACIÓN DE CORDOBA | AD27: 30 (ProInges S.A.S) | AE27: 80101500 80101600 81101700 83101800 81101500 | AF27: 393016700 | AG27: 666.69 | AH27: 0.5 | AI27: =AI26+AG27*AH27 -> 6123.298
B28: 14 | J28: =J27+H28*I28 -> 330.52 | P28: 14 | X28: =X27+V28*W28 -> 1039.325 | AA28: 14 | AB28: Interventoria para la normalizacion de redes electricas en el corregimiento de Arroyo Negro y Barrio Las Palmas en el Municipio de Repelon - Departamento del Atlantico. | AC28: Gobernacion del Atlántico | AD28: 19 (ProInges S.A.S) | AE28: 80101500 80101600 81101700 83101800 81101500 | AF28: 65918079 | AG28: 107 | AH28: 1 | AI28: =AI27+AG28*AH28 -> 6230.298
B29: 15 | J29: =J28+H29*I29 -> 330.52 | P29: 15 | X29: =X28+V29*W29 -> 1039.325 | AA29: 15 | AB29: Interventoria para la normalizacion de redes electricas en los Corregimientos de Cien Pesos y Las Tablas en el Municipio de Repelon, Departamento del Atlantico. | AC29: Gobernacion del Atlántico | AD29: 20 (ProInges S.A.S) | AE29: 80101500 80101600 81101700 83101800 81101500 | AF29: 67679452 | AG29: 109.86 | AH29: 1 | AI29: =AI28+AG29*AH29 -> 6340.158
B30: 16 | J30: =J29+H30*I30 -> 330.52 | P30: 16 | X30: =X29+V30*W30 -> 1039.325 | AA30: 16 | AB30: Interventoria para la electrificacion rural Veredas Loma Carreto, La Sierra, San Jacinto y un sector de Las Mellizas del Municipio de Sabanalarga, en el Departmento del Atlantico. | AC30: Gobernacion del Atlántico | AD30: 21 (ProInges S.A.S) | AE30: 80101500 80101600 81101700 83101800 81101500 | AF30: 75997778 | AG30: 123.37 | AH30: 1 | AI30: =AI29+AG30*AH30 -> 6463.528
B31: 17 | J31: =J30+H31*I31 -> 330.52 | P31: 17 | X31: =X30+V31*W31 -> 1039.325 | AA31: 17 | AB31: Interventoria para la normalizacion de redes electricas en los Barrios Primero de Mayo, Buena Esperanza y La Arenosa, Municipio de Santo Tomas, Departamento del Atlantico. | AC31: Gobernacion del Atlántico | AD31: 22 (ProInges S.A.S) | AE31: 80101500 80101600 81101700 83101800 81101500 | AF31: 73762549 | AG31: 119.74 | AH31: 1 | AI31: =AI30+AG31*AH31 -> 6583.268
B32: 18 | J32: =J31+H32*I32 -> 330.52 | P32: 18 | X32: =X31+V32*W32 -> 1039.325 | AA32: 18 | AB32: La interventoria para la construccion de redes electricas en las Veredas Los Manguitos y Marcos Perez en el Municipio de Palmar de Varela en el Atlantico. | AC32: Gobernacion del Atlántico | AD32: 26 (ProInges S.A.S) | AE32: 80101500 80101600 81101700 83101800 81101500 | AF32: 49996000 | AG32: 72.51 | AH32: 1 | AI32: =AI31+AG32*AH32 -> 6655.778
B33: 19 | J33: =J32+H33*I33 -> 330.52 | P33: 19 | X33: =X32+V33*W33 -> 1039.325 | AA33: 19 | AB33: La interventoria para la normalizacion de redes electricas en el Corral de San Luis y electrificacion de la Vereda Bajo La Habana, Municipio de Tubara, en el Departamento del Atlantico. | AC33: Gobernacion del Atlántico | AD33: 24 (ProInges S.A.S) | AE33: 80101500 80101600 81101700 83101800 81101500 | AF33: 67961337 | AG33: 105.47 | AH33: 1 | AI33: =AI32+AG33*AH33 -> 6761.248
B34: 20 | J34: =J33+H34*I34 -> 330.52 | P34: 20 | X34: =X33+V34*W34 -> 1039.325 | AA34: 20 | AB34: Interventoria para la electrificacion rural de las Verdas del Municipio de Osiacuri, sector 1, en el Departamento del Atlantico. | AC34: Gobernacion del Atlántico | AD34: 25 (ProInges S.A.S) | AE34: 80101500 80101600 81101700 83101800 81101500 | AF34: 73762550 | AG34: 119.74 | AH34: 1 | AI34: =AI33+AG34*AH34 -> 6880.988
... B36: 22 | J36: =J35+H36*I36 -> 330.52 | P36: 22 | X36: =X35+V36*W36 -> 1039.325 | AA36: 22 | AB36: Servicio de interventoria tecnica de los proyectos de normalización electrica que se realizaran bajos los contratos entre Electricariba S.A.S E.S.P y el ministerio de minas numeros PRONE GGC-295-2014, GGC-296-2014, GGC-297-2014, GGC-298-2014. | AC36: Electricaribe S.A ESP. | AD36: 31 (ProInges S.A.S) | AE36: 80101500 80101600 81101700 83101800 81101500 | AF36: 843862710 | AG36: 1019.01 | AH36: 1 | AI36: =AI35+AG36*AH36 -> 7986.961
B37: 23 | J37: =J36+H37*I37 -> 330.52 | P37: 23 | X37: =X36+V37*W37 -> 1039.325 | AA37: 23 | AB37: Establecer un acuerdo técnico y económico para la prestación de los servicios profesionales de interventoría para los proyectos de la Unidad de Desarrollo de la gerencia de Distribución, quien deberá llevar a cabo la ejecución de los planes de inversión u obras asociadas a la construcción de nuevas subestaciones eléctricas 220/115/34,5/13,2 kV, líneas de distribución a 220/115 kV, ampliaciones y modernizaciones en subestaciones y líneas 220/115/34,5/13,2 kV, etc. | AC37: EMPRESA DE ENERGÍA DEL PACÍFICO S.A. E.S.P - EPSA | AD37: 15 (ISES S.A.S) | AE37: 811017 | AF37: 1039930984 | AG37: 1613.92 | AH37: 1 | AI37: =AI36+AG37*AH37 -> 9600.881
B38: 24 | J38: =J37+H38*I38 -> 330.52 | P38: 24 | X38: =X37+V38*W38 -> 1039.325 | AA38: 24 | AB38: 4113000484 Interventoría técnica-operativa, administrativa, de seguridad y salud en el trabajo, regulatoria, normativa, legal y ambiental de los proyectos financiados con recursos del fondo de apoyo financiero para la energización de las zonas rurales interconectadas FAER en ELECTRICARIBE S.A E.S.P, contratos GGC-223-2012 (Grupo I) | AC38: ELECTRICARIBE S.A E.S.P. | AD38: 16 (ISES S.A.S) | AE38: 80101500 80101600 81101700 83101800 81101500 | AF38: 852372620 | AG38: 1236.29 | AH38: 1 | AI38: =AI37+AG38*AH38 -> 10837.171
B39: 25 | J39: =J38+H39*I39 -> 330.52 | P39: 25 | X39: =X38+V39*W39 -> 1039.325 | AA39: 25 | AB39: Interventoría técnica-operativa, administrativa, de seguridad y salud en el trabajo, regulatoria, normativa, legal y ambiental de los proyectos financiados con recursos del fondo de apoyo financiero para la energización de las zonas rurales interconectadas FAER en ELECTRICARIBE S.A E.S.P | AC39: ELECTRICARIBE S.A E.S.P. | AD39: 17 (ISES S.A.S) | AE39: 80101500 80101600 81101700 83101800 81101500 | AF39: 202792899 | AG39: 294.13 | AH39: 1 | AI39: =AI38+AG39*AH39 -> 11131.301
B40: 26 | J40: =J39+H40*I40 -> 330.52 | P40: 26 | X40: =X39+V40*W40 -> 1039.325 | AA40: 26 | AB40: Interventoría técnica-operativa, administrativa, de seguridad y salud en el trabajo, regulatoria, normativa, legal y ambiental de los proyectos financiados con recursos del fondo de apoyo financiero para la energización de las zonas rurales interconectadas FAER en ELECTRICARIBE S.A E.S.P | AC40: ELECTRICARIBE S.A E.S.P. | AD40: 18 (ISES S.A.S) | AE40: 80101500 80101600 81101700 83101800 81101500 | AF40: 668769776 | AG40: 969.99 | AH40: 1 | AI40: =AI39+AG40*AH40 -> 12101.291
B41: 27 | J41: =J40+H41*I41 -> 330.52 | P41: 27 | X41: =X40+V41*W41 -> 1039.325 | AA41: 27 | AB41: Interventoría técnica-operativa, administrativa, de seguridad y salud en el trabajo, regulatoria, normativa, legal y ambiental de los proyectos de normalización eléctrica PRONE contrato GSA-157-2012 (Grupo I) | AC41: ELECTRICARIBE S.A E.S.P. | AD41: 19 (ISES S.A.S) | AE41: 80101500 80101600 81101700 83101800 81101500 | AF41: 2202144203 | AG41: 3417.62 | AH41: 1 | AI41: =AI40+AG41*AH41 -> 15518.911
B42: 28 | J42: =J41+H42*I42 -> 330.52 | P42: 28 | X42: =X41+V42*W42 -> 1039.325 | AA42: 28 | AB42: Interventoría técnica-operativa, administrativa, de seguridad y salud en el trabajo, regulatoria, normativa, legal y ambiental de los proyectos de normalización eléctrica PRONE contrato GSC-226-2012 (Grupo II) | AC42: ELECTRICARIBE S.A E.S.P. | AD42: 20 (ISES S.A.S) | AE42: 80101500 80101600 81101700 83101800 81101500 | AF42: 442277210 | AG42: 686.39 | AH42: 1 | AI42: =AI41+AG42*AH42 -> 16205.301
B43: 29 | J43: =J42+H43*I43 -> 330.52 | P43: 29 | X43: =X42+V43*W43 -> 1039.325 | AA43: 29 | AB43: Interventoría al contrato de prestación de servicio de alumbrado público en Bogotá D.C. | AC43: UAESP | AD43: 21 (ISES S.A.S) | AE43: 80101600 81101700 83101800 81101500 | AF43: 2811433509 | AG43: 3810.99 | AH43: 1 | AI43: =AI42+AG43*AH43 -> 20016.291
B44: 30 | J44: =J43+H44*I44 -> 330.52 | P44: 30 | X44: =X43+V44*W44 -> 1039.325 | AA44: 30 | AB44: Interventoria al "Suministro, construccion, montaje, pruebas y puesta en servicio para las subestaciones Tibú 115/34,5/13,8 kV y Socuavó 115/34,5 kV pertenecientes al proyecto conexión Tibú. | AC44: CENTRALES ELECTRICAS DEL NORTE DE SANTANTER S.A E.S.P - CENS | AD44: 40 (ISES S.A.S) | AE44: 80101500 80101600 81101700 83101800 81101500 | AF44: 1526249700 | AG44: 2068.88 | AH44: 1 | AI44: =AI43+AG44*AH44 -> 22085.171
B45: 31 | J45: =J44+H45*I45 -> 330.52 | P45: 31 | X45: =X44+V45*W45 -> 1039.325 | AA45: 31 | AB45: Control y supervisión técnica, operativa, económica y administrativa a las actividades de construcción de obras civiles y eléctricas para la electrificación de diferentes zonas rurales en el departamento de Tolima, y la ejecución de cada una de las obligaciones derivadas de(l) (los) contrato(s) suscrito(s) por ENERTOLIMA para tal fin | AC45: ENERTOLIMA | AD45: 47 (ISES S.A.S) | AE45: 80101500 80101600 81101700 83101800 81101500 | AF45: 302177055 | AG45: 409.61 | AH45: 1 | AI45: =AI44+AG45*AH45 -> 22494.781
B46: 32 | J46: =J45+H46*I46 -> 330.52 | P46: 32 | X46: =X45+V46*W46 -> 1039.325 | AA46: 32 | AB46: Control y supervisión técnica, operativa, económica y administrativa a las actividades de construcción de obras civiles y eléctricas para la electrificación de diferentes zonas rurales en el departamento de Tolima, y la ejecución de cada una de las obligaciones derivadas de(l) (los) contratos(s) suscrito(s) por ENERTOLIMA para tal fin. | AC46: ENERTOLIMA | AD46: 51 (ISES S.A.S) | AE46: 80101500 80101600 81101700 83101800 81101500 | AF46: 166925138 | AG46: 226.27 | AH46: 1 | AI46: =AI45+AG46*AH46 -> 22721.051
B47: 33 | J47: =J46+H47*I47 -> 330.52 | P47: 33 | X47: =X46+V47*W47 -> 1039.325 | AA47: 33 | AB47: Prestación de los servicios de interventoria técnica de los proyectos financiados con recursos del Fondo de Apoyo Financiero para la Energización de las Zonas Rurales Interconectadas - FAER en ELECTRICARIBE S.A E.S.P contrato GGC 223 - 2012 (Grupo II). | AC47: Electricaribe S.A ESP. | AD47: 8 (ProInges S.A.S) | AE47: 80101500 80101600 81101700 83101800 81101500 | AF47: 84.793.791 | AG47: 122.98 | AH47: 1 | AI47: =AI46+AG47*AH47 -> 22844.031
B48: 34 | J48: =J47+H48*I48 -> 330.52 | P48: 34 | X48: =X47+V48*W48 -> 1039.325 | AA48: 34 | AI48: =AI47+AG48*AH48 -> 22844.031
B49: 35 | J49: =J48+H49*I49 -> 330.52 | P49: 35 | X49: =X48+V49*W49 -> 1039.325 | AA49: 35 | AI49: =AI48+AG49*AH49 -> 22844.031
B50: 36 | J50: =J49+H50*I50 -> 330.52 | P50: 36 | X50: =X49+V50*W50 -> 1039.325 | AA50: 36 | AI50: =AI49+AG50*AH50 -> 22844.031
B51: 37 | J51: =J50+H51*I51 -> 330.52 | P51: 37 | X51: =X50+V51*W51 -> 1039.325 | AA51: 37 | AI51: =AI50+AG51*AH51 -> 22844.031
B52: 38 | J52: =J51+H52*I52 -> 330.52 | P52: 38 | X52: =X51+V52*W52 -> 1039.325 | AA52: 38 | AI52: =AI51+AG52*AH52 -> 22844.031
B53: 39 | J53: =J52+H53*I53 -> 330.52 | P53: 39 | X53: =X52+V53*W53 -> 1039.325 | AA53: 39 | AI53: =AI52+AG53*AH53 -> 22844.031
B54: 40 | J54: =J53+H54*I54 -> 330.52 | P54: 40 | X54: =X53+V54*W54 -> 1039.325 | AA54: 40 | AI54: =AI53+AG54*AH54 -> 22844.031
B55: 41 | J55: =J54+H55*I55 -> 330.52 | P55: 41 | X55: =X54+V55*W55 -> 1039.325 | AA55: 41 | AI55: =AI54+AG55*AH55 -> 22844.031
B56: 42 | J56: =J55+H56*I56 -> 330.52 | P56: 42 | X56: =X55+V56*W56 -> 1039.325 | AA56: 42 | AI56: =AI55+AG56*AH56 -> 22844.031
B57: 43 | J57: =J56+H57*I57 -> 330.52 | P57: 43 | X57: =X56+V57*W57 -> 1039.325 | AA57: 43 | AI57: =AI56+AG57*AH57 -> 22844.031
B58: 44 | J58: =J57+H58*I58 -> 330.52 | P58: 44 | X58: =X57+V58*W58 -> 1039.325 | AA58: 44 | AI58: =AI57+AG58*AH58 -> 22844.031
B59: 45 | J59: =J58+H59*I59 -> 330.52 | P59: 45 | X59: =X58+V59*W59 -> 1039.325 | AA59: 45 | AI59: =AI58+AG59*AH59 -> 22844.031
... B68: 54 | J68: =J67+H68*I68 -> 330.52 | P68: 54 | X68: =X67+V68*W68 -> 1039.325 | AA68: 54 | AI68: =AI67+AG68*AH68 -> 22844.031
B69: TOTAL | P69: TOTAL | V69: =SUM(V15:V68) -> 1587.96 | X69: =IF(MAX(X15:X68)>=H7*0.5,MAX(X15:X68),0) -> 1039.325 | AA69: TOTAL | AG69: =SUM(AG15:AG68) -> 25883.04 | AI69: =IF(MAX(AI15:AI68)>=H7*0.5,MAX(AI15:AI68),0) -> 22844.031
D76: EXPERIENCIA DEL EQUIPO DE TRABAJO
C79: NOMBRE DEL PROPONENTE: | E79: =H5 -> CONSORCIO PROISES
C80: NOMBRE DEL PROFESIONAL | E80: ANGELA RUTH PEDRAZA GARCIA
C81: CARGO EN EL EQUIPO DE TRABAJO | E81: DIRECTOR DE INTERVENTORIA
C83: RELACIÓN EXPERIENCIA PROFESIONAL HABILITANTE
D84: ETAPA PREVIA ___x__ ETAPA DE INSTALACIÓN___x___
C86: EXPERIENCIA HABILITANTE DIRECTOR DE INTERVENTORIA (ANEXO 4) | N86: EXPERIENCIA CALIFICABLE DIRECTOR DE INTERVENTORIA (ANEXO 5)
C87: NOMBRE DEL PROYECTO | D87: ENTIDAD CONTRATANTE O EMPLEADORA | E87: CARGO OCUPADO | F87: FUNCIONES DESEMPEÑADAS | G87: FECHA DE INICIO | H87: FECHA DE RETIRO | I87: DURACIÓN EN DIAS | J87: DURACIÓN EN MESES | K87: OBSERVACIONES | N87: NOMBRE DEL PROYECTO | O87: ENTIDAD CONTRATANTE O EMPLEADORA | P87: CARGO OCUPADO | Q87: FUNCIONES DESEMPEÑADAS | R87: FECHA DE INICIO | S87: FECHA DE RETIRO | T87: DURACIÓN EN DIAS | U87: DURACIÓN EN MESES | V87: OBSERVACIONES | Y87: ESTUDIOS DIRECTOR | Z87: Puntaje Máximo
B88: 1 | C88: Interventoría Celsia | D88: Ingeniería y Soluciones Especializadas S.A.S - ISES S.A.S | E88: Director de proyectos | F88: • Establecer los estándares, métodos, técnicas, herramientas y documentación que permita producir los resultados conforme a los objetivos y los requisitos del contrato que se suscribió con el cliente, igualmente cumplir con los requisitos del Sistema Integrado de Gestión – SIG. • Elaborar el Plan de Gestión del Proyecto. • Planificar y suministrar los recursos necesarios para el desarrollo de las actividades del proyecto. Elaborar el cuadro de recursos • Seleccionar, liderar, apoyar y desarrollar el equipo del proyecto. • Establecer el cronograma del proyecto. • Revisar el avance del proyecto y tomar acciones correctivas tempranas. • Realizar controles durante la ejecución del proyecto. • Presentar los debidos reportes de los resultados y ejecución del proyecto al cliente. y a la Gerencia de ISES S.A.S. • Revisar y autorizar cambios o desviaciones del presente Plan de Gestión cuando sea necesario. • Asegurar que las actividades necesarias para la ejecución del proyecto sean planificadas, implementadas y controladas. • Establecer las estrategias necesarias para garantizar la viabilidad económica del proyecto. • Analizar el resultado de los indicadores del proyecto y diseñar planes de acción con base en ellos. • Ser el principal canal de comunicación con el cliente. • Participar en la actualización de la identificación de peligros, evaluación y valoración de riesgos. • Participar en la construcción y ejecución de planes de acción. | G88: 42563 | H88: 42673 | I88: =H88-G88+1 -> 111 | J88: =I88/30 -> 3.7 | K88: SUBSANÓ CON CERTIFICACIONES ALLEGADAS | M88: 1 | N88: Greenyellow Clim Solar | O88: Ingeniería y Soluciones Especializadas S.A.S - ISES S.A.S | P88: Director de proyectos | Q88: • Establecer los estándares, métodos, técnicas, herramientas y documentación que permita producir los resultados conforme a los objetivos y los requisitos del contrato que se suscribió con el cliente, igualmente cumplir con los requisitos del Sistema Integrado de Gestión – SIG. • Elaborar el Plan de Gestión del Proyecto. • Planificar y suministrar los recursos necesarios para el desarrollo de las actividades del proyecto. Elaborar el cuadro de recursos • Seleccionar, liderar, apoyar y desarrollar el equipo del proyecto. • Establecer el cronograma del proyecto. • Revisar el avance del proyecto y tomar acciones correctivas tempranas. • Realizar controles durante la ejecución del proyecto. • Presentar los debidos reportes de los resultados y ejecución del proyecto al cliente. y a la Gerencia de ISES S.A.S. • Revisar y autorizar cambios o desviaciones del presente Plan de Gestión cuando sea necesario. • Asegurar que las actividades necesarias para la ejecución del proyecto sean planificadas, implementadas y controladas. • Establecer las estrategias necesarias para garantizar la viabilidad económica del proyecto. • Analizar el resultado de los indicadores del proyecto y diseñar planes de acción con base en ellos. • Ser el principal canal de comunicación con el cliente. • Participar en la actualización de la identificación de peligros, evaluación y valoración de riesgos. • Participar en la construcción y ejecución de planes de acción. | R88: 43887 | S88: 43992 | T88: =S88-R88+1 -> 106 | U88: 0 | V88: No se puede contabilizar para puntaje según los establecido en la Nota 3 del numeral 4.2. del pliego de condiciones. Ya que inicialmente no se aportó el contrato suscrito entre el profesional y la empresa ISES. | Y88: Estudios de posgrado mínimo a nivel de especialización en: administración de empresas, o gerencia o gestión de proyectos, o gerencia de proyectos o gerencia de empresas de energía o alta gerencia o en Fuentes no Convencionales de Energía o en Energías alternativas. | Z88: 4
B89: 2 | C89: Electricaribe | D89: Ingeniería y Soluciones Especializadas S.A.S - ISES S.A.S | E89: Director de proyectos | F89: • Establecer los estándares, métodos, técnicas, herramientas y documentación que permita producir los resultados conforme a los objetivos y los requisitos del contrato que se suscribió con el cliente, igualmente cumplir con los requisitos del Sistema Integrado de Gestión – SIG. • Elaborar el Plan de Gestión del Proyecto. • Planificar y suministrar los recursos necesarios para el desarrollo de las actividades del proyecto. Elaborar el cuadro de recursos • Seleccionar, liderar, apoyar y desarrollar el equipo del proyecto. • Establecer el cronograma del proyecto. • Revisar el avance del proyecto y tomar acciones correctivas tempranas. • Realizar controles durante la ejecución del proyecto. • Presentar los debidos reportes de los resultados y ejecución del proyecto al cliente. y a la Gerencia de ISES S.A.S. • Revisar y autorizar cambios o desviaciones del presente Plan de Gestión cuando sea necesario. • Asegurar que las actividades necesarias para la ejecución del proyecto sean planificadas, implementadas y controladas. • Establecer las estrategias necesarias para garantizar la viabilidad económica del proyecto. • Analizar el resultado de los indicadores del proyecto y diseñar planes de acción con base en ellos. • Ser el principal canal de comunicación con el cliente. • Participar en la actualización de la identificación de peligros, evaluación y valoración de riesgos. • Participar en la construcción y ejecución de planes de acción. | G89: 42803 | H89: 43830 | I89: =H89-G89+1 -> 1028 | J89: =I89/30 -> 34.266667 | K89: SUBSANÓ CON CERTIFICACIONES ALLEGADAS | M89: 2 | N89: Interventoría GENSA S.A. E.S.P | O89: Ingeniería y soluciones especializadas S.A.S | P89: Director de Proyectos | Q89: Interventoría para la construcción de sistemas de energia alternativa solar fotovoltaica para viviendas rurales en el municipio de santa rosalía en las veredas del departamento de vichada y en las zonas no interconectadas. Suministro, transporte y construcción de caseta, planta electrica, red trenzada de baja tension, acometidas domiciliarias antifraude del departamento de guaviare | R89: 42915 | S89: 43095 | T89: 0 | U89: =T89/30 -> 0 | V89: No se puede contabilizar para puntaje según los establecido en la Nota 3 del numeral 4.2. del pliego de condiciones. Ya que inicialmente no se aportó el contrato suscrito entre el profesional y la empresa ISES. Adicionalmente se traslapa con la experiencia habilitante presentada de Electricaribe. | Y89: Contar adicionalmente con estudios en la modalidad de posgrado mínimo a nivel de especialización en: | Z89: 1
B90: 3 | I90: =H90-G90 -> 0 | J90: =+I90/30 -> 0 | M90: 3 | T90: =S90-R90 -> 0 | U90: =+T90/30 -> 0 | Y90: INGENIERÍA ELÉCTRICA CON ENFASIS EN SISTEMAS DE DISTRIBUCIÓN ó
B91: 4 | I91: =H91-G91 -> 0 | J91: =+I91/30 -> 0 | M91: 4 | T91: =S91-R91 -> 0 | U91: =+T91/30 -> 0 | Y91: EN SISTEMAS DE DISTRIBUCIÓN Y TRASMISIÓN DE ENERGÍA ELÉCTRICA ó
B92: 5 | I92: =H92-G92 -> 0 | J92: =+I92/30 -> 0 | M92: 5 | T92: =S92-R92 -> 0 | U92: =+T92/30 -> 0 | Y92: EN SISTEMAS DE DISTRIBUCION DE ENERGÍA ELÉCTRICA ó
B93: 6 | I93: =H93-G93 -> 0 | J93: =+I93/30 -> 0 | M93: 6 | T93: =S93-R93 -> 0 | U93: =+T93/30 -> 0 | Y93: EN SISTEMAS DE TRASMISIÓN Y DISTRIBUCIÓN DE ENERGÍA ELÉCTRICA ó
B94: 7 | I94: =H94-G94 -> 0 | J94: =+I94/30 -> 0 | M94: 7 | T94: =S94-R94 -> 0 | U94: =+T94/30 -> 0 | Y94: EN SISTEMAS DE TRASMISIÓN DE ENERGÍA ELÉCTRICA ó
B95: 8 | I95: =H95-G95 -> 0 | J95: =+I95/30 -> 0 | M95: 8 | T95: =S95-R95 -> 0 | U95: =+T95/30 -> 0 | Y95: EN INGENIERÍA ELÉCTRICA. ó
B96: 9 | I96: =H96-G96 -> 0 | J96: =+I96/30 -> 0 | M96: 9 | T96: =S96-R96 -> 0 | U96: =+T96/30 -> 0 | Y96: SISTEMAS DE POTENCIA O SISTEMAS DE TRANSMISIÓN Y DISTRIBUCIÓN ELÉCTRICA. ó
B97: 10 | I97: =H97-G97 -> 0 | J97: =+I97/30 -> 0 | M97: 10 | T97: =S97-R97 -> 0 | U97: =+T97/30 -> 0
B98: 11 | I98: =H98-G98 -> 0 | J98: =+I98/30 -> 0 | M98: 11 | T98: =S98-R98 -> 0 | U98: =+T98/30 -> 0
B99: 12 | I99: =H99-G99 -> 0 | J99: =+I99/30 -> 0 | M99: 12 | T99: =S99-R99 -> 0 | U99: =+T99/30 -> 0
C100: TOTALES | I100: =SUM(I88:I99) -> 1139 | J100: =SUM(J88:J99) -> 37.966667 | N100: TOTALES | T100: =SUM(T88:T99) -> 106 | U100: =SUM(U88:U99) -> 0
AB101: OBSERVACIONES
J102: =IF(J100>=36,"HABILITADO","NO HABILITADO") -> HABILITADO | T102: PUNTAJE | U102: =IF(U100>24,15,IF(U100>=18,10,IF(U100>=12,8,0))) -> 0 | Y102: PUNTAJE | Z102: 4
C108: NOMBRE DEL PROFESIONAL | E108: YEISON JAVIER MERCADO CATALAN,
C109: CARGO EN EL EQUIPO DE TRABAJO | E109: INGENIERO ELECTRICISTA RESIDENTE DE INTERVENTORIA
C111: RELACIÓN EXPERIENCIA PROFESIONAL HABILITANTE PROFESIONAL 1
D112: ETAPA PREVIA ___x__ ETAPA DE INSTALACIÓN____x__
C114: EXPERIENCIA HABILITANTE INGENIERO RESIDENTE (ANEXO 4) | N114: EXPERIENCIA CALIFICABLE DIRECTOR DE INTERVENTORIA (ANEXO 5)
C115: NOMBRE DEL PROYECTO | D115: ENTIDAD CONTRATANTE O EMPLEADORA | E115: CARGO OCUPADO | F115: FUNCIONES DESEMPEÑADAS | G115: FECHA DE INICIO | H115: FECHA DE RETIRO | I115: DURACIÓN EN DIAS | J115: DURACIÓN EN MESES | K115: OBSERVACIONES | N115: NOMBRE DEL PROYECTO | O115: ENTIDAD CONTRATANTE O EMPLEADORA | P115: CARGO OCUPADO | Q115: FUNCIONES DESEMPEÑADAS | R115: FECHA DE INICIO | S115: FECHA DE RETIRO | T115: DURACIÓN EN DIAS | U115: DURACIÓN EN MESES | V115: OBSERVACIONES | Y115: ESTUDIOS RESIDENTE | Z115: Puntaje Máximo
B116: 1 | C116: Interventoría Fiduprevisora | D116: Ingeniería y Soluciones Especializadas S.A.S - ISES S.A.S | E116: Ingeniero Residente de Interventoría | F116: Interventoría técnica, jurídica, administrativa, contable y financiera para la construcción del proyecto segundo circuito 34,5 kV Tuluní - Planadas - Rioblanco (Planadas - Tolima) en el marco de la implementación de los acuerdos de paz para zonas mas afectadas por el conflicto, específicamente dentro del programa de obras por impuestos. | G116: 43446 | H116: 43881 | I116: =H116-G116+1 -> 436 | J116: =I116/30 -> 14.533333 | K116: Subsana con la certificación presentada. | M116: 1 | N116: Interventoría GreenYellow | O116: Ingeniería y soluciones especializadas S.A.S | P116: Ingeniero Residente de Interventoría | Q116: Interventoría de las obras para el diseño, ingenieria, suministro, construccion, instalacion y puesta en marcha de un sistema fotovoltaico y linea de transmision para el proyecto en desarrollo Planta Solar Pétalo de Córdoba, en Planeta Rica | R116: 43887 | S116: 43969 | T116: =S116-R116+1 -> 83 | U116: 0 | V116: No se puede contabilizar para puntaje según los establecido en la Nota 3 del numeral 4.2. del pliego de condiciones. Ya que inicialmente no se aportó el contrato suscrito entre el profesional y la empresa ISES durante el tiempo de ejecución del proyecto. | Y116: Si tiene estudios de posgrado mínimo a nivel de especialización en: Fuentes no Convencionales de Energía o en Energías alternativas. | Z116: 2
B117: 2 | C117: Interventoria AT | D117: Ingeniería y Soluciones Especializadas S.A.S - ISES S.A.S | E117: Ingeniero Residente de Interventoría | F117: Servicio de ingeniería e interventoría de obras en subestaciones y líneas de alta tensión. | G117: 42776 | H117: 42906 | I117: =H117-G117+1 -> 131 | J117: =I117/30 -> 4.3666667 | K117: Subsana con la certificación presentada. | M117: 2 | N117: Interventoría GENSA S.A. E.S.P | O117: Ingeniería y soluciones especializadas S.A.S | P117: Ingeniero Residente de Interventoría | Q117: Interventoría para la construcción de sistemas de energia alternativa solar fotovoltaica para viviendas rurales en el municipio de santa rosalía en las veredas del departamento de vichada y en las zonas no interconectadas. Suministro, transporte y construcción de caseta, planta electrica, red trenzada de baja tension, acometidas domiciliarias antifraude del departamento de guaviare | R117: 42915 | S117: 43095 | T117: =S117-R117+1 -> 181 | U117: 0 | V117: No se puede contabilizar para puntaje según los establecido en la Nota 3 del numeral 4.2. del pliego de condiciones. Ya que inicialmente no se aportó el contrato suscrito entre el profesional y la empresa ISES durante el tiempo de ejecución del proyecto. | Y117: Si tiene estudios de posgrado mínimo a nivel de especialización en: | Z117: 1
B118: 3 | C118: Inteventoría Enertolima | D118: Ingeniería y Soluciones Especializadas S.A.S - ISES S.A.S | E118: Ingeniero Residente de Interventoría | F118: Control y supervisión técnica, operativa, económica y administrativa a las actividades de construcción de obras civiles y eléctricas para la electrificación de diferentes zonas rurales en el departamento de Tolima, y la ejecución de cada una de las obligaciones derivadas de(l) (los) contrato(s) suscrito(s) por ENERTOLIMA para tal fin | G118: 42241 | H118: 42772 | I118: =H118-G118+1 -> 532 | J118: =I118/30 -> 17.733333 | K118: Subsana con la certificación presentada. | M118: 3 | T118: =S118-R118 -> 0 | U118: =+T118/30 -> 0 | Y118: · INGENIERÍA ELÉCTRICA CON ENFASIS EN SISTEMAS DE DISTRIBUCIÓN ó
B119: 4 | I119: =H119-G119 -> 0 | J119: =+I119/30 -> 0 | M119: 4 | T119: =S119-R119 -> 0 | U119: =+T119/30 -> 0 | Y119: · EN SISTEMAS DE DISTRIBUCIÓN Y TRASMISIÓN DE ENERGÍA ELÉCTRICA ó
B120: 5 | I120: =H120-G120 -> 0 | J120: =+I120/30 -> 0 | M120: 5 | T120: =S120-R120 -> 0 | U120: =+T120/30 -> 0 | Y120: · EN SISTEMAS DE DISTRIBUCION DE ENERGÍA ELÉCTRICA ó
B121: 6 | I121: =H121-G121 -> 0 | J121: =+I121/30 -> 0 | M121: 6 | T121: =S121-R121 -> 0 | U121: =+T121/30 -> 0 | Y121: · EN SISTEMAS DE TRASMISIÓN Y DISTRIBUCIÓN DE ENERGÍA ELÉCTRICA ó
B122: 7 | I122: =H122-G122 -> 0 | J122: =+I122/30 -> 0 | M122: 7 | T122: =S122-R122 -> 0 | U122: =+T122/30 -> 0 | Y122: · EN SISTEMAS DE TRASMISIÓN DE ENERGÍA ELÉCTRICA ó
B123: 8 | I123: =H123-G123 -> 0 | J123: =+I123/30 -> 0 | M123: 8 | T123: =S123-R123 -> 0 | U123: =+T123/30 -> 0 | Y123: · EN INGENIERÍA ELÉCTRICA. ó
B124: 9 | I124: =H124-G124 -> 0 | J124: =+I124/30 -> 0 | M124: 9 | T124: =S124-R124 -> 0 | U124: =+T124/30 -> 0 | Y124: · SISTEMAS DE POTENCIA O SISTEMAS DE TRANSMISIÓN Y DISTRIBUCIÓN ELÉCTRICA. ó
B125: 10 | I125: =H125-G125 -> 0 | J125: =+I125/30 -> 0 | M125: 10 | T125: =S125-R125 -> 0 | U125: =+T125/30 -> 0
B126: 11 | I126: =H126-G126 -> 0 | J126: =+I126/30 -> 0 | M126: 11 | T126: =S126-R126 -> 0 | U126: =+T126/30 -> 0
B127: 12 | I127: =H127-G127 -> 0 | J127: =+I127/30 -> 0 | M127: 12 | T127: =S127-R127 -> 0 | U127: =+T127/30 -> 0
C128: TOTALES | I128: =SUM(I116:I127) -> 1099 | J128: =SUM(J116:J127) -> 36.633333 | N128: TOTALES | T128: =SUM(T116:T127) -> 264 | U128: =SUM(U116:U127) -> 0
AB129: OBSERVACIONES
J130: =IF(J128>=36,"HABILITADO","NO HABILITADO") -> HABILITADO | T130: PUNTAJE | U130: =IF(U128>12,13,IF(U128>6,8,0)) -> 0 | Y130: PUNTAJE | Z130: 2

Sheet Oferente 7
C2: EXPERIENCIA DEL PROPONENTE
C5: NOMBRE DEL OFERENTE | H5: SEGEN INGENIERIA S.A.S.
C7: PRESUPUESTO DEL LOTE MÁXIMO AL QUE PARTICIPAN (en SMMLV) | H7: 1453.2903
C8: VALOR 30% | H8: =H7*0.3 -> 435.9871
C9: VALOR REQUERIDO EN SMMLV
C11: contar con 5 años de experiencia en interventoría o en la construcción y montaje de proyectos del sector eléctrico, de los cuales como mínimo debe incluir un (1) año de experiencia específica en proyectos de generación o distribución de energía eléctrica, cuya sumatoria se igual o superior al 30% del valor del mayor lote ofertado
C13: CONTRATOS DE EXPERIENCIA MÍNIMA PARA HABILITARSE (ANEXO 7) | Q13: CONTRATOS QUE ACREDITAN EXPERIENCIA EN FOTOVOLTAICO (ANEXO 8) | AB13: CONTRATOS QUE ACREDITAN EXPERIENCIA ADICIONAL EN ELECTRICOS NO FOTOVOLTAICO (ANEXO 8) | AM13: CONTRATOS DE EXPERIENCIA MÍNIMA PARA HABILITARSE (ANEXO 7)
C14: OBJETO DEL CONTRATO | D14: ENTIDAD CONTRATANTE O EMPLEADORA | E14: CONSECUTIVO EN EL RUP | F14: CODIGO UNSPSC | G14: VALOR CONTRATO | H14: VALOR DEL CONTRATO TOTAL EN SMMLV | I14: % PARTICIPACIÓN CONSORCIO | J14: ACUMULADO SMMLV | K14: HABILITADO | L14: OBSERVACIONES | M14: CÓDIGO UNSPSC | N14: NOMBRE | Q14: OBJETO DEL CONTRATO | R14: ENTIDAD CONTRATANTE O EMPLEADORA | S14: CONSECUTIVO EN EL RUP | T14: CODIGO UNSPSC | U14: VALOR CONTRATO | V14: VALOR DEL CONTRATO TOTAL EN SMMLV | W14: % PARTICIPACIÓN CONSORCIO | X14: ACUMULADO SMMLV | Y14: OBSERVACIONES | AB14: OBJETO DEL CONTRATO | AC14: ENTIDAD CONTRATANTE O EMPLEADORA | AD14: CONSECUTIVO EN EL RUP | AE14: CODIGO UNSPSC | AF14: VALOR CONTRATO | AG14: VALOR DEL CONTRATO TOTAL EN SMMLV | AH14: % PARTICIPACIÓN CONSORCIO | AI14: ACUMULADO SMMLV | AJ14: OBSERVACIONES | AM14: OBJETO DEL CONTRATO | AN14: ENTIDAD CONTRATANTE O EMPLEADORA | AO14: CONSECUTIVO EN EL RUP | AP14: CODIGO UNSPSC | AQ14: VALOR CONTRATO | AR14: VALOR DEL CONTRATO TOTAL EN SMMLV | AS14: % PARTICIPACIÓN CONSORCIO | AT14: ACUMULADO SMMLV | AU14: HABILITADO | AV14: OBSERVACIONES | AW14: FECHA DE INICIO ORIGINAL | AX14: FECHA FIN ORIGINAL | AY14: FECHA DE INICIO AJUSTE TRASLAPOS | AZ14: FECHA FIN AJUSTE TRASLAPOS | BA14: AÑOS DE EXPERIENCIA
B15: 1 | C15: ADQUISICIÓN E INSTALACIÓN DE TRES (03) PLANTAS ELÉCTRICAS DE EMERGENCIA Y CONSTRUCCIÓN DE OBRAS PARA EL EFECTO, PARA LAS SEDES JUDICIALES DE LOS MUNICIPIOS DE COROZAL, SAN MARCOS Y SINCELEJO | D15: CONSEJO SUPERIOR DE LA JUDICATURA SECCIONAL SINCELEJO | E15: 42 | F15: 80101500 80101600 81101700 83101800 81101500 | G15: 704623330 | H15: 67.142887 | I15: 1 | J15: =H15*I15 -> 67.142887 | K15: =IF(H15*I15>0,"HABILITADO", "NO HABILITADO") -> HABILITADO | M15: 80101500 | N15: Servicios de consultoría y administración corporativa | P15: 1 | Q15: REALIZAR LA INTERVENTORIA TECNICA ADMINSITRATIVA, FINANCIERA Y AMBIENTAL PARA LA IMPLEMENTACION DE UN SISTEMA DE ALUMBRADO PUBLICO SOLAR EN LOS CENTROS POBLADOS DE CHARRAS,CAÑO MAKU Y SABANAS DE LA FUGA DEL MUNICIPIO DE SAN JOSE DEL GUAVIARE , GUAVIARE | R15: GOBERNACION DEL GUAVIARE | S15: 39 | T15: 811017-801016-831018 | U15: 49743470 | V15: 56.668148 | W15: 0.3 | X15: =V15*W15 -> 17.000444 | AA15: 1 | AB15: “Control y supervisión administrativa, técnica, jurídica, financiera y contable a las actividades de construcción de obras civiles y eléctricas para la Electrificacion rural Vereda Santa Helena parte alta del municipio de Ortega en el departamento del Tolima, y la ejecución de cada una de las obligaciones derivadas de(l) (los) contrato(s) suscrito(s) por ENERTOLIMA para tal fin” | AC15: ENERTOLIMA S.A.-ESP | AD15: 28 | AE15: 80101500-811017 | AF15: 19525139 | AG15: 23.58 | AH15: 0.5 | AI15: =AG15*AH15 -> 11.79 | AL15: 1 | AM15: ADQUISICIÓN E INSTALACIÓN DE TRES (03) PLANTAS ELÉCTRICAS DE EMERGENCIA Y CONSTRUCCIÓN DE OBRAS PARA EL EFECTO, PARA LAS SEDES JUDICIALES DE LOS MUNICIPIOS DE COROZAL, SAN MARCOS Y SINCELEJO | AN15: CONSEJO SUPERIOR DE LA JUDICATURA SECCIONAL SINCELEJO | AO15: 42 | AP15: 80101500 80101600 81101700 83101800 81101500 | AQ15: 704623330 | AR15: 67.142887 | AS15: 1 | AT15: =AR15*AS15 -> 67.142887 | AU15: =IF(AR15*AS15>0,"HABILITADO", "NO HABILITADO") -> HABILITADO | AW15: 43817 | AX15: 43905 | AY15: 43817 | AZ15: 43905 | BA15: =+(AZ15-AY15+1)/365 -> 0.24383562
B16: 2 | C16: Control y supervisión administrativa, técnica, jurídica, financiera y contable a las actividades de construcción de obras civiles y eléctricas para la electrificación rural de la vereda Escobales del municipio de Ortega en el departamento del Tolima y la ejecición de cada una de las oblifaciones derivadas de(l) (los) contrato(s) suscrito(s) para tal fin. Hace parte integral del contrato la notiviación de cesión del contrato de fecha 06 de junio de 2019 | D16: ENERTOLIMA S.A.-ESP | E16: 36 | F16: 80101600 81101700 83101800 81101500 | G16: 31940487 | H16: 38.570064 | I16: 0.5 | J16: =J15+H16*I16 -> 86.427919 | K16: =IF(H16*I16>0,"HABILITADO", "NO HABILITADO") -> HABILITADO | M16: 80101600 | N16: Servicios de consultoría y administración corporativa | P16: 2 | Q16: INTERVENTORIA TÉCNICA, ADMINISTRATIVA, FINANCIERA, JURÍDICA, AMBIENTAL, SOCIAL, Y CONTABLE PARA LAS OBRAS DE CONSTRUCCIÓN INSTALACIÓN E IMPLEMENTACIÓN DE SOLUCIONES DE ENERGÍA INDIVIDUALES SOSTENIBLES CONSISTENTES EN SISTEMAS SOLARES FOTOVOLTAICOS PARA VIVIENDAS RURALES EN LAS ZONAS NO INTERCONECTADAS EN LA VEREDA CONSUELO DEL MUNICIPIO DE CONDOTO – CHOCÓ | R16: DISPAC S.A.-ESP | S16: 41 | T16: 801016-811017-831018 | U16: 199579196 | V16: 0 | W16: 0 | X16: =X15+V16*W16 -> 17.000444 | Y16: De conformidad con la Nota 2 del numeral 4.1. la certificación aportada no cumple ya que no anexan la hoja de firma y fecha de terminación del contrato | AA16: 2 | AB16: “Control y supervisión administrativa, técnica, jurídica, financiera y contable a las actividades de construcción de obras civiles y eléctricas para la Electrificación rural vereda La Alemania del municipio de Chaparral en el departamento del Tolima, y la ejecución de cada una de las obligaciones derivadas de(l) (los) contrato(s) suscrito(s) por ENERTOLIMA para tal fin” | AC16: ENERTOLIMA S.A.-ESP | AD16: 29 | AF16: 26224512 | AG16: 31.67 | AH16: 0.5 | AI16: =AI15+AG16*AH16 -> 27.625 | AL16: 2 | AM16: Control y supervisión administrativa, técnica, jurídica, financiera y contable a las actividades de construcción de obras civiles y eléctricas para la electrificación rural de la vereda Escobales del municipio de Ortega en el departamento del Tolima y la ejecición de cada una de las oblifaciones derivadas de(l) (los) contrato(s) suscrito(s) para tal fin. Hace parte integral del contrato la notiviación de cesión del contrato de fecha 06 de junio de 2019 | AN16: ENERTOLIMA S.A.-ESP | AO16: 36 | AP16: 80101600 81101700 83101800 81101500 | AQ16: 31940487 | AR16: 38.570064 | AS16: 0.5 | AT16: =AT15+AR16*AS16 -> 86.427919 | AU16: =IF(AR16*AS16>0,"HABILITADO", "NO HABILITADO") -> HABILITADO | AW16: 43389 | AX16: 43647 | AY16: 43389 | AZ16: 43647 | BA16: =+(AZ16-AY16+1)/365 -> 0.70958904
B17: 3 | C17: Control y supervisión técnica, operativa, económica y administrativa a las actividades de construcción de obras civiles y eléctrica para la electrificación de diferentes zonas rurales en el departamento del Tolima, y la ejecución de cada una de las obligaciones derivadas de(l) (los) contrato(s) suscrito(s) por Enertolima para tal fin. | D17: ENERTOLIMA S.A.-ESP | E17: 26 | F17: 80101500 80101600 81101700 83101800 81101500 | G17: 197171632 | H17: 300.33 | I17: 0.7 | J17: =J16+H17*I17 -> 296.65892 | K17: =IF(H17*I17>0,"HABILITADO", "NO HABILITADO") -> HABILITADO | M17: 81101500 | N17: Ingenieria Civil y arquitectura | P17: 3 | Q17: INTERVENTORIA TÉCNICA, ADMINISTRATIVA, FINANCIERA, JURÍDICA, AMBIENTAL, SOCIAL, Y CONTABLE PARA LAS OBRAS DE CONSTRUCCIÓN INSTALACIÓN E IMPLEMENTACIÓN DE SOLUCIONES DE ENERGÍA INDIVIDUALES SOSTENIBLES CONSISTENTES EN SISTEMAS SOLARES FOTOVOLTAICOS PARA VIVIENDAS RURALES EN LAS ZONAS NO INTERCONECTADAS EN LA VEREDA LA PLANTA DEL MUNICIPIO DE CONDOTO – CHOCÓ | R17: DISPAC S.A.-ESP | S17: 40 | T17: 801016-811017-831018 | U17: 396294020 | V17: 478.54892 | W17: 0.5 | X17: =X16+V17*W17 -> 256.27491 | AA17: 3 | AB17: “Control y supervisión administrativa, técnica, jurídica, financiera y contable a las actividades de construcción de obras civiles y eléctricas para la Electrificacion rural vereda Santa Helena parte baja del municipio de Ortega en el departamento del Tolima, y la ejecución de cada una de las obligaciones derivadas de(l) (los) contrato(s) suscrito(s) por ENERTOLIMA para tal fin” | AC17: ENERTOLIMA S.A.-ESP | AD17: 30 | AF17: 7621010 | AG17: 9.2 | AH17: 0.5 | AI17: =AI16+AG17*AH17 -> 32.225 | AL17: 3 | AM17: Control y supervisión técnica, operativa, económica y administrativa a las actividades de construcción de obras civiles y eléctrica para la electrificación de diferentes zonas rurales en el departamento del Tolima, y la ejecución de cada una de las obligaciones derivadas de(l) (los) contrato(s) suscrito(s) por Enertolima para tal fin. | AN17: ENERTOLIMA S.A.-ESP | AO17: 26 | AP17: 80101500 80101600 81101700 83101800 81101500 | AQ17: 197171632 | AR17: 300.33 | AS17: 0.7 | AT17: =AT16+AR17*AS17 -> 296.65892 | AU17: =IF(AR17*AS17>0,"HABILITADO", "NO HABILITADO") -> HABILITADO | AW17: 42923 | AX17: 43369 | AY17: 42923 | AZ17: 43369 | BA17: =+(AZ17-AY17+1)/365 -> 1.2246575
B18: 4 | C18: INTERVENTORÍA TÉCNICA, ADMINISTRATIVA, FINANCIERA Y JURÍDICA PARA LA OBRA DE CONSTRUCCIÓN DE REDES DE ELECTRIFICACIÓN RURAL EN EL DEPARTAMENTO DE SUCRE EN LOS SIGUIENTES PROYECTOS: A) SAMPUES: VEREDAS EL PAKI-BELLAVISTA, EL GUAMARO, EL PAKI-CRUCERO, EL RETIRO, LA NEGRA. LA ISLA Y LA LOMA DE PIEDRA. B) SAN ANTONIO DE PALMITO: VEREDA MINUTO DE DIOS | D18: DISPAC S.A.-ESP | E18: 25 | F18: 80101600 81101700 83101800 81101500 | G18: 76381650 | H18: 103.53787 | I18: 1 | J18: =J17+H18*I18 -> 400.19679 | K18: =IF(H18*I18>0,"HABILITADO", "NO HABILITADO") -> HABILITADO | L18: De conformidad con la nota 7 del numeral 3.2.3. a.1 no podrá ser acumulable la experiencia obtenida en varios proyectos en un mismo periodo de tiempo. Se cambian las fechas de finalización por el 6 de julio de 2017 | M18: 81101700 | N18: Ingeniería Eléctrica y Electrónica | P18: 4 | Q18: INTERVENTORIA ADMINISTRATIVA, TECNICA, JURIDICA, AMBIENTAL, SOCIAL, FINANCIERA Y CONTABLE DEL PROYECTO DE “SUMINISTRO E INSTALACION DE MODULOS FOTOVOLTAICOS, INVERSORES Y ELEMENTOS DE CONEXIONADO, DE UN(OS) SITEMA(S) SOLARE(S) FOTOVOLTAICO(S) AISLADOS CON RESPALDO DE BATERIAS, A SER INSTALADOS EN EL PROYECTO DE ENERGIZACIÓN DE VIVIENDAS RURALES EN LAS VEREDAS PRIMAVERA, SAN TEODORO, SANTA BARBARA, MATIYURE, NUEVO ANTIOQUIA, SANTA CECILIA Y MARANDUA EN EL MUNICIPIO DE LA PRIMAVERA, DEPARTAMENTO DE VICHADA | R18: ELECTROVICHADA S.A.-ESP | S18: 38 | T18: 801016-811017-831018 | U18: 422470000 | V18: 510.158 | W18: 0.37 | X18: =X17+V18*W18 -> 445.03336 | AA18: 4 | AB18: “Control y supervisión administrativa, técnica, jurídica, financiera y contable a las actividades de construcción de obras civiles y eléctricas para la Electrificación rural veredas La Primavera, Argentina, Mesa De Palmichal, Belarcazar y Santana del municipio de Rioblanco en el departamento del Tolima, y la ejecución de cada una de las obligaciones derivadas de(l) (los) contrato(s) suscrito(s) por ENERTOLIMA para tal fin” | AC18: ENERTOLIMA S.A.-ESP | AD18: 31 | AF18: 90053613 | AG18: 108.75 | AH18: 0.5 | AI18: =AI17+AG18*AH18 -> 86.6 | AL18: 4 | AM18: INTERVENTORÍA TÉCNICA, ADMINISTRATIVA, FINANCIERA Y JURÍDICA PARA LA OBRA DE CONSTRUCCIÓN DE REDES DE ELECTRIFICACIÓN RURAL EN EL DEPARTAMENTO DE SUCRE EN LOS SIGUIENTES PROYECTOS: A) SAMPUES: VEREDAS EL PAKI-BELLAVISTA, EL GUAMARO, EL PAKI-CRUCERO, EL RETIRO, LA NEGRA. LA ISLA Y LA LOMA DE PIEDRA. B) SAN ANTONIO DE PALMITO: VEREDA MINUTO DE DIOS | AN18: DISPAC S.A.-ESP | AO18: 25 | AP18: 80101600 81101700 83101800 81101500 | AQ18: 76381650 | AR18: 103.53787 | AS18: 1 | AT18: =AT17+AR18*AS18 -> 400.19679 | AU18: =IF(AR18*AS18>0,"HABILITADO", "NO HABILITADO") -> HABILITADO | AV18: De conformidad con la nota 7 del numeral 3.2.3. a.1 no podrá ser acumulable la experiencia obtenida en varios proyectos en un mismo periodo de tiempo. Se cambian las fechas de finalización por el 6 de julio de 2017 | AW18: 42759 | AX18: 43023 | AY18: 42759 | AZ18: 42922 | BA18: =+(AZ18-AY18+1)/365 -> 0.44931507
B19: 5 | C19: NORMALIZACIÓN DE REDES DE DISTRIBUCIÓN ELÉCTRICA EN EL MUNICIPIO DE TUMACO EN EL DEPARTAMENTO DE NARIÑO; EN LOS BARRIOS CIUDADELA Y NUEVO HORIZONTE ETAPA III: CON SUMINISTRO POR PARTE DEL CONTRATISTA DE TODOS LOS MATERIALES, MANO DE OBRA, PRUEBAS Y PUESTA EN SERVICIO DE LA OBRA DE ACUERDO A LOS PLANOS Y ESPECIFICACIONES SUMINISTRATOS POR CEDENAR S.A. E.S.P. CORRESPONDIENTE ALCONTRATO GGC-351-2015 | D19: CEDENAR S.A.-ESP | E19: 22 | F19: 80101600 81101700 83101800 81101500 | G19: 5.7843112e+08 | H19: 784.08268 | I19: 1 | J19: =J18+H19*I19 -> 1184.2795 | K19: =IF(H19*I19>0,"HABILITADO", "NO HABILITADO") -> HABILITADO | L19: De conformidad con la nota 7 del numeral 3.2.3. a.1 no podrá ser acumulable la experiencia obtenida en varios proyectos en un mismo periodo de tiempo. Se cambian las fechas de finalización por el 23 de enero de 2017 | M19: 83101800 | N19: Servicios Eléctricos | P19: 5 | Q19: INTERVENTORIA TÉCNICA, ADMINISTRATIVA, FINANCIERA, JURÍDICA Y CONTABLE PARA LAS OBRAS DE SUMINISTRO, TRANSPORTE E INSTALACION E IMPLEMENTACIÓN DE: A. CONSTRUCCIÓN INSTALACIÓN E IMPLEMENTACIÓN DE SOLUCIONES DE ENERGÍA INDIVIDUALES SOSTENIBLES CONSISTENTES EN SISTEMAS SOLARES FOTOVOLTAICOS PARA VIVIENDAS RURALES EN LAS ZONAS NO INTERCONECTADAS DE LAS VEREDAS EL PENEYA, LOMA LARGA, JORDAN, EL PARAISO, ANIMAS ALTAS, EL PORVENIR 1, SANTA FE, ALTA SARDINATA, REMANZOS, MONTERREY, LA GRANJA, AGUAS CLARAS, ANDAQUIES, BARCELONA, VILLANUEVA, RISARALDA, FUNDACIÓN, SANTO DOMINGO, LA SABALETA BAJA, EL CAÑO SANTO DOMINGO, CARACOL, LEJANIAS, ARRALLANTES, ALTO CRISTALES, DOS QUEBRADAS, PAUJILES, LA CEIBA, ARGENTINA, LOS CAUCHOS, LA URIBE, LOBITOS, PORES, SARDINATA Y LIBANO DEL MUNICIPIO DE CARTAGENA DEL CHAIRÁ - CAQUETÁ (947 SOLUCIONES) | R19: DISPAC S.A.-ESP | S19: 27 | T19: 801016-811017-831018 | U19: 908673726 | V19: 1097.28 | W19: 0.5 | X19: =X18+V19*W19 -> 993.67336 | AA19: 5 | AB19: “Control y supervisión administrativa, técnica, jurídica, financiera y contable a las actividades de construcción de obras civiles y eléctricas para la Electrificación rural Vereda Versalles del municipio de Ataco en el departamento del Tolima, y la ejecución de cada una de las obligaciones derivadas de(l) (los) contrato(s) suscrito(s) por ENERTOLIMA para tal fin” | AC19: ENERTOLIMA S.A.-ESP | AD19: 32 | AF19: 20552709 | AG19: 24.82 | AH19: 0.5 | AI19: =AI18+AG19*AH19 -> 99.01 | AL19: 5 | AM19: NORMALIZACIÓN DE REDES DE DISTRIBUCIÓN ELÉCTRICA EN EL MUNICIPIO DE TUMACO EN EL DEPARTAMENTO DE NARIÑO; EN LOS BARRIOS CIUDADELA Y NUEVO HORIZONTE ETAPA III: CON SUMINISTRO POR PARTE DEL CONTRATISTA DE TODOS LOS MATERIALES, MANO DE OBRA, PRUEBAS Y PUESTA EN SERVICIO DE LA OBRA DE ACUERDO A LOS PLANOS Y ESPECIFICACIONES SUMINISTRATOS POR CEDENAR S.A. E.S.P. CORRESPONDIENTE ALCONTRATO GGC-351-2015 | AN19: CEDENAR S.A.-ESP | AO19: 22 | AP19: 80101600 81101700 83101800 81101500 | AQ19: 5.7843112e+08 | AR19: 784.08268 | AS19: 1 | AT19: =AT18+AR19*AS19 -> 1184.2795 | AU19: =IF(AR19*AS19>0,"HABILITADO", "NO HABILITADO") -> HABILITADO | AV19: De conformidad con la nota 7 del numeral 3.2.3. a.1 no podrá ser acumulable la experiencia obtenida en varios proyectos en un mismo periodo de tiempo. Se cambian las fechas de finalización por el 23 de enero de 2017 | AW19: 42401 | AX19: 42825 | AY19: 42401 | AZ19: 42758 | BA19: =+(AZ19-AY19+1)/365 -> 0.98082192
B20: 6 | C20: INTERVENTORÍA TÉCNICA, ADMINISTRATIVA, FINANCIERA DEL CONTRATO DE CONSULTORÍA PARA REALIZAR ESTUDIOS Y DISEÑOS PARA INTERCONEXIÓN NACIONAL DE CINCO (5) CONSEJOS COMUNITARIOS (UNIÓN DEL RIO CHAGUI, EL RECUERDO DE NUESTROS ANCESTROS DEL RIO MEJICANO TABLÓN DULCE, TABLÓN SALADO E IMBILPÍ DEL CARMEN), EN EL MUNICIPIO DE TUMACO DEPARTAMENTO DE NARIÑO | D20: Alcaldía Municipal de Tumaco | E20: 13 | F20: 81101700 83101800 | G20: 43554888 | H20: 67.595077 | I20: 1 | J20: =J19+H20*I20 -> 1251.8746 | K20: =IF(H20*I20>0,"HABILITADO", "NO HABILITADO") -> HABILITADO | L20: Se toma como fecha de terminación el plazo de ejecución desde la fecha de inicio mas no la fecha final de recibo y liquidación | P20: 6 | X20: =X19+V20*W20 -> 993.67336 | AA20: 6 | AB20: “Control y supervisión administrativa, técnica, jurídica, financiera y contable a las actividades de construcción de obras civiles y eléctricas para la Electrificación rural Parcelacion La Linda vereda Montebello del municipio de Cajamarca en el departamento del Tolima, y la ejecución de cada una de las obligaciones derivadas de(l) (los) contrato(s) suscrito(s) por ENERTOLIMA para tal fin” | AC20: ENERTOLIMA S.A.-ESP | AD20: 33 | AF20: 17025184 | AG20: 20.56 | AH20: 0.5 | AI20: =AI19+AG20*AH20 -> 109.29 | AL20: 6 | AM20: INTERVENTORÍA TÉCNICA, ADMINISTRATIVA, FINANCIERA DEL CONTRATO DE CONSULTORÍA PARA REALIZAR ESTUDIOS Y DISEÑOS PARA INTERCONEXIÓN NACIONAL DE CINCO (5) CONSEJOS COMUNITARIOS (UNIÓN DEL RIO CHAGUI, EL RECUERDO DE NUESTROS ANCESTROS DEL RIO MEJICANO TABLÓN DULCE, TABLÓN SALADO E IMBILPÍ DEL CARMEN), EN EL MUNICIPIO DE TUMACO DEPARTAMENTO DE NARIÑO | AN20: Alcaldía Municipal de Tumaco | AO20: 13 | AP20: 81101700 83101800 | AQ20: 43554888 | AR20: 67.595077 | AS20: 1 | AT20: =AT19+AR20*AS20 -> 1251.8746 | AU20: =IF(AR20*AS20>0,"HABILITADO", "NO HABILITADO") -> HABILITADO | AV20: Se toma como fecha de terminación el plazo de ejecución desde la fecha de inicio mas no la fecha final de recibo y liquidación | AW20: 42149 | AX20: 42359 | AY20: 42149 | AZ20: 42359 | BA20: =+(AZ20-AY20+1)/365 -> 0.57808219
B21: 7 | C21: INTERVENTORÍA ADMINISTRATIVA, TÉCNICA Y FINANCIERA PARA EL CONTRATO DE CONSTRUCCIÓN Y SUMINISTRO DE ELEMENTOS PARA LA REMODELACIÓN DEL SISTEMA DE DISTRIBUCIÓN LOCAL MT-BT DE BARRANCOMINAS EN EL DEPARTAMENTO DEL GUANÍA | D21: Empresa de Energía del Guanía S.A.-EMELCE S.A.-ESP | E21: 11 | F21: 80101600 81101700 83101800 81101500 | G21: 165207200 | H21: 256.39357 | I21: 1 | J21: =J20+H21*I21 -> 1508.2681 | K21: =IF(H21*I21>0,"HABILITADO", "NO HABILITADO") -> HABILITADO | L21: De conformidad con la nota 7 del numeral 3.2.3. a.1 no podrá ser acumulable la experiencia obtenida en varios proyectos en un mismo periodo de tiempo. Se cambian las fechas de finalización por el 24 de mayo de 2015 | P21: 7 | X21: =X20+V21*W21 -> 993.67336 | AA21: 7 | AB21: “Control y supervisión administrativa, técnica, jurídica, financiera y contable a las actividades de construcción de obras civiles y eléctricas para la Electrificacion rural veredas Las Brisas, El Pescado, Campo Hermoso, Convenio y La Holanda del municipio de Ataco en el departamento del Tolima, y la ejecución de cada una de las obligaciones derivadas de(l) (los) contrato(s) suscrito(s) por ENERTOLIMA para tal fin” | AC21: ENERTOLIMA S.A.-ESP | AD21: 34 | AF21: 68463544 | AG21: 82.67 | AH21: 0.5 | AI21: =AI20+AG21*AH21 -> 150.625 | AL21: 7 | AM21: INTERVENTORÍA ADMINISTRATIVA, TÉCNICA Y FINANCIERA PARA EL CONTRATO DE CONSTRUCCIÓN Y SUMINISTRO DE ELEMENTOS PARA LA REMODELACIÓN DEL SISTEMA DE DISTRIBUCIÓN LOCAL MT-BT DE BARRANCOMINAS EN EL DEPARTAMENTO DEL GUANÍA | AN21: Empresa de Energía del Guanía S.A.-EMELCE S.A.-ESP | AO21: 11 | AP21: 80101600 81101700 83101800 81101500 | AQ21: 165207200 | AR21: 256.39357 | AS21: 1 | AT21: =AT20+AR21*AS21 -> 1508.2681 | AU21: =IF(AR21*AS21>0,"HABILITADO", "NO HABILITADO") -> HABILITADO | AV21: De conformidad con la nota 7 del numeral 3.2.3. a.1 no podrá ser acumulable la experiencia obtenida en varios proyectos en un mismo periodo de tiempo. Se cambian las fechas de finalización por el 24 de mayo de 2015 | AW21: 42009 | AX21: 42247 | AY21: 42009 | AZ21: 42148 | BA21: =+(AZ21-AY21+1)/365 -> 0.38356164
B22: 8 | C22: INTERVENTORÍA TÉCNICA, ADMINSITRATIVA, FINANCIERA, CONTABLE, JURÍDICA Y MABIENTAL PARA EL PROEYCTO CONSTRUCCIÓN DEL SISTEMA ELÉCTRICA, UNA COCINA Y ADECUACIONES EN LA INSTITUTCIÓN EDUCATIVA LA PRIMAVERA DEL MUNICIPIO DE INÍRIDA DEL DEPARTAMENTO DEL GUANIA | D22: Gobernación del Guanía | E22: 14 | F22: 83101800 81101500 | G22: 24768535 | H22: 38.439566 | I22: 1 | J22: =J21+H22*I22 -> 1546.7077 | K22: =IF(H22*I22>0,"HABILITADO", "NO HABILITADO") -> HABILITADO | L22: De conformidad con la nota 7 del numeral 3.2.3. a.1 no podrá ser acumulable la experiencia obtenida en varios proyectos en un mismo periodo de tiempo. Se cambian las fechas de finalización por el 4 de enero de 2015 | P22: 8 | X22: =X21+V22*W22 -> 993.67336 | AA22: 8 | AB22: “Control y supervisión administrativa, técnica, jurídica, financiera y contable a las actividades de construcción de obras civiles y eléctricas para la Electrificación rural veredas Carrusel y La Rivera del municipio de Ataco en el departamento del Tolima, y la ejecución de cada una de las obligaciones derivadas de(l) (los) contrato(s) suscrito(s) por ENERTOLIMA para tal fin” | AC22: ENERTOLIMA S.A.-ESP | AD22: 35 | AF22: 26884184 | AG22: 32.46 | AH22: 0.5 | AI22: =AI21+AG22*AH22 -> 166.855 | AL22: 8 | AM22: INTERVENTORÍA TÉCNICA, ADMINSITRATIVA, FINANCIERA, CONTABLE, JURÍDICA Y MABIENTAL PARA EL PROEYCTO CONSTRUCCIÓN DEL SISTEMA ELÉCTRICA, UNA COCINA Y ADECUACIONES EN LA INSTITUTCIÓN EDUCATIVA LA PRIMAVERA DEL MUNICIPIO DE INÍRIDA DEL DEPARTAMENTO DEL GUANIA | AN22: Gobernación del Guanía | AO22: 14 | AP22: 83101800 81101500 | AQ22: 24768535 | AR22: 38.439566 | AS22: 1 | AT22: =AT21+AR22*AS22 -> 1546.7077 | AU22: =IF(AR22*AS22>0,"HABILITADO", "NO HABILITADO") -> HABILITADO | AV22: De conformidad con la nota 7 del numeral 3.2.3. a.1 no podrá ser acumulable la experiencia obtenida en varios proyectos en un mismo periodo de tiempo. Se cambian las fechas de finalización por el 4 de enero de 2015 | AW22: 41954 | AX22: 42079 | AY22: 41954 | AZ22: 42008 | BA22: =+(AZ22-AY22+1)/365 -> 0.15068493
B23: 9 | C23: INTERVENTORÍA TÉCNICA PARA CONSTRUCCIÓN Y REMODELACIÓN DEL SISTEMA DE REDES DE DISTRIBUCIÓN ELÉCTRICA EN MEDIA Y BAJA TENSIÓN DEL PROYECTO A DESARROLLARSE EN EL MUNICIPIO DE FRANCISCO PIZARRO-SALAHONDA EN EL DEPARTAMENTO DE NARIÑO, CORRESPONDIENTE AL CONTRATO FAZNI GGC 199-2013 | D23: CEDENAR S.A.-ESP | E23: 10 | F23: 80101600 81101700 83101800 | G23: 57996520 | H23: 94.150195 | I23: 1 | J23: =J22+H23*I23 -> 1640.8579 | K23: =IF(H23*I23>0,"HABILITADO", "NO HABILITADO") -> HABILITADO | L23: De conformidad con la nota 7 del numeral 3.2.3. a.1 no podrá ser acumulable la experiencia obtenida en varios proyectos en un mismo periodo de tiempo. Se cambian las fechas de finalización por el 10 de noviembre de 2015 | P23: 9 | X23: =X22+V23*W23 -> 993.67336 | AA23: 9 | AB23: Interventoría técnica, administrativa, financiera, jurídica y contable para las obras de suministro, transporte e instalación de componentes de redes para las siguientes obras a) Interconexión eléctrica al sistema de distribución de 16 corregimientos iniciando desde Sanceno, incluyendo Las Mercedes, Neguá llegando a Santa Lucia del Fuerte en el municipio de Quibdó del departamento del Chocó b) Interconexión eléctrica al sistema de distribución de 11 centros poblados desde La Sierra hasta Piedra Honda – Bagadó – del municipio de Bagadó en el departamento del Chocó | AC23: DISPAC S.A.-ESP | AD23: 37 | AE23: 801016-811015 | AF23: 915754197 | AG23: 1105.83 | AH23: 0.5 | AI23: =AI22+AG23*AH23 -> 719.77 | AL23: 9 | AM23: INTERVENTORÍA TÉCNICA PARA CONSTRUCCIÓN Y REMODELACIÓN DEL SISTEMA DE REDES DE DISTRIBUCIÓN ELÉCTRICA EN MEDIA Y BAJA TENSIÓN DEL PROYECTO A DESARROLLARSE EN EL MUNICIPIO DE FRANCISCO PIZARRO-SALAHONDA EN EL DEPARTAMENTO DE NARIÑO, CORRESPONDIENTE AL CONTRATO FAZNI GGC 199-2013 | AN23: CEDENAR S.A.-ESP | AO23: 10 | AP23: 80101600 81101700 83101800 | AQ23: 57996520 | AR23: 94.150195 | AS23: 1 | AT23: =AT22+AR23*AS23 -> 1640.8579 | AU23: =IF(AR23*AS23>0,"HABILITADO", "NO HABILITADO") -> HABILITADO | AV23: De conformidad con la nota 7 del numeral 3.2.3. a.1 no podrá ser acumulable la experiencia obtenida en varios proyectos en un mismo periodo de tiempo. Se cambian las fechas de finalización por el 10 de noviembre de 2015 | AW23: 41927 | AX23: 42004 | AY23: 41927 | AZ23: 41953 | BA23: =+(AZ23-AY23+1)/365 -> 0.073972603
B24: 10 | C24: Construcción, suminsitro y montaje de equipos de corte, control, mando, medida y protección para las subestaciones Buchelly, Tumaco y Junín 115/34,5/13,8 kV y subestaciones no atentdidas 34,5/13,8 kV, pertenecientres a Cedenar S.A. E.S.P. | D24: INGEMA S.A. | E24: 7 | F24: 81101700 83101800 | G24: 130618800 | H24: 212.04351 | I24: 1 | J24: =J23+H24*I24 -> 1852.9014 | K24: =IF(H24*I24>0,"HABILITADO", "NO HABILITADO") -> HABILITADO | P24: 10 | X24: =X23+V24*W24 -> 993.67336 | AA24: 10 | AB24: INTERVENTORIA TECNICA, ADMINISTRATIVA, FINANCIEERA, AMBIENTAL, CONTABLE Y JURIDICA A LA INSTALACION DE ILUMINACION DEL ESTADIO DE FUTBOL DIEGO CARVAJAL DEL MUNICIPIO DE MAGANGUE BOLIVAR | AC24: GOBERNACIÓN DE BOLÍVAR | AD24: 23 | AF24: 139998740 | AG24: 189.77 | AH24: 0.45 | AI24: =AI23+AG24*AH24 -> 805.1665 | AL24: 10 | AM24: Construcción, suminsitro y montaje de equipos de corte, control, mando, medida y protección para las subestaciones Buchelly, Tumaco y Junín 115/34,5/13,8 kV y subestaciones no atentdidas 34,5/13,8 kV, pertenecientres a Cedenar S.A. E.S.P. | AN24: INGEMA S.A. | AO24: 7 | AP24: 81101700 83101800 | AQ24: 130618800 | AR24: 212.04351 | AS24: 1 | AT24: =AT23+AR24*AS24 -> 1852.9014 | AU24: =IF(AR24*AS24>0,"HABILITADO", "NO HABILITADO") -> HABILITADO | AW24: 41737 | AX24: 41818 | AY24: 41737 | AZ24: 41818 | BA24: =+(AZ24-AY24+1)/365 -> 0.22465753
B25: 11 | P25: 11 | X25: =X24+V25*W25 -> 993.67336 | AA25: 11 | AB25: Interventoría para los siguientes proyectos: mejoramiento en el sistema de distribución eléctrica en la cabecera municipal de El Charco, departamento de Nariño y mejoramiento en el sistema de redes de distribución eléctrica en media y baja tensión en la cabecera municipal de Bocas de Satinga, municipio de Olaya Herrera – Nariño | AC25: GENSA S.A--ESP | AD25: 21 | AF25: 244953720 | AG25: 332.04 | AH25: 1 | AI25: =AI24+AG25*AH25 -> 1137.2065
B26: 12 | P26: 12 | X26: =X25+V26*W26 -> 993.67336 | AA26: 12 | AB26: Interventoría Técnica, Administrativa, Financiera y Jurídica para el proyecto de “MEJORAMIENTO DE LA INFRAESTRUCTURA DE SANTA MARÍA, GILGAL, SANTUARIO, CUQUE MINA, CUQUE PENIEL, TISLO, TANELA, LA LOMA, PATA PELÁ, QUEBRADA BONITA Y VILLA ESPERANZA, MUNICIPIO DE UNGUÍA, DEPARTAMENTO DEL CHOCÓ” | AC26: DISPAC S.A.-ESP | AD26: 20 | AF26: 466652016 | AG26: 632.56 | AH26: 1 | AI26: =AI25+AG26*AH26 -> 1769.7665
B27: 13 | P27: 13 | X27: =X26+V27*W27 -> 993.67336 | AA27: 13 | AB27: Interventoría Técnica, Administrativa, Financiera y Jurídica para el proyecto de “MEJORAMIENTO Y REPOSICIÓN DEL SISTEMA ELÉCTRICO EN LAS COMUNIDADES INDÍGENAS DE CEDRAL, LA LOMA, PATATO Y DOS BOCAS, CONSTRUCCIÓN DE LA LÍNEA DE INTERCONEXIÓN CACIQUE – PAJAL – MAQUERULE – PUNTA PIÑA, MUNICIPIO DE JURADÓ. DEPARTAMENTO DEL CHOCÓ” | AC27: DISPAC S.A.-ESP | AD27: 19 | AF27: 96582978 | AG27: 130.92 | AH27: 1 | AI27: =AI26+AG27*AH27 -> 1900.6865
B28: 14 | P28: 14 | X28: =X27+V28*W28 -> 993.67336 | AA28: 14 | AB28: Interventoría Técnica, Administrativa, Financiera y Jurídica para el proyecto de “MEJORAMIENTO Y AMPLIACIÓN DE LA INFRAESTRUCTURA ELÉCTRICA DE LA CABECERA MUNICIPAL DE BAHÍA SOLANO Y LAS LOCALIDADES DE EL VALLE, PUNTA HUINA, MECANA, HUACA, PLAYA DE POTES, PLAYA DE FLORES, NABUGA, EL BRAZO Y POSAMANZA, DEPARTAMENTO DEL CHOCÓ” | AC28: DISPAC S.A.-ESP | AD28: 18 | AF28: 499816755 | AG28: 677.52 | AH28: 1 | AI28: =AI27+AG28*AH28 -> 2578.2065 | AZ28: TOTAL AÑOS DE EXPERIENCIA | BA28: =SUM(BA15:BA27) -> 5.0191781
B29: 15 | P29: 15 | X29: =X28+V29*W29 -> 993.67336 | AA29: 15 | AB29: Interventoría Técnica, Administrativa, Financiera y Jurídica para el proyecto de “MEJORAMIENTO DE LA INFRAESTRUCTURA ELÉCTRICA EN LOS CORREGIMIENTOS DE CAPURGANA, SAPZURRO, SAN MIGUEL, PEÑALOZA Y LA CABECERA MUNICIPAL DE ACANDÍ – DEPARTAMENTO DEL CHOCÓ” | AC29: DISPAC S.A.-ESP | AD29: 17 | AF29: 337616613 | AG29: 457.65 | AH29: 1 | AI29: =AI28+AG29*AH29 -> 3035.8565
B30: 16 | P30: 16 | X30: =X29+V30*W30 -> 993.67336 | AA30: 16 | AB30: Interventoría técnica, administrativa y financiera para el contrato de ampliación de la cobertura del alumbrado público en vías, parques y escenarios deportivos en Inirida, Guanía. Emelce S.A.-ESP. | AC30: Empresa de Energía del Guanía S.A.-EMELCE S.A.-ESP | AD30: 3 | AF30: 54932340 | AG30: 89.18 | AH30: 1 | AI30: =AI29+AG30*AH30 -> 3125.0365
B31: 17 | P31: 17 | X31: =X30+V31*W31 -> 993.67336 | AA31: 17 | AI31: =AI30+AG31*AH31 -> 3125.0365
B32: 18 | P32: 18 | X32: =X31+V32*W32 -> 993.67336 | AA32: 18 | AI32: =AI31+AG32*AH32 -> 3125.0365
B33: 19 | P33: 19 | X33: =X32+V33*W33 -> 993.67336 | AA33: 19 | AI33: =AI32+AG33*AH33 -> 3125.0365
B34: 20 | P34: 20 | X34: =X33+V34*W34 -> 993.67336 | AA34: 20 | AI34: =AI33+AG34*AH34 -> 3125.0365
B35: 21 | P35: 21 | X35: =X34+V35*W35 -> 993.67336 | AA35: 21 | AI35: =AI34+AG35*AH35 -> 3125.0365
B36: 22 | P36: 22 | X36: =X35+V36*W36 -> 993.67336 | AA36: 22 | AI36: =AI35+AG36*AH36 -> 3125.0365
B37: 23 | P37: 23 | X37: =X36+V37*W37 -> 993.67336 | AA37: 23 | AI37: =AI36+AG37*AH37 -> 3125.0365
B38: 24 | P38: 24 | X38: =X37+V38*W38 -> 993.67336 | AA38: 24 | AI38: =AI37+AG38*AH38 -> 3125.0365
B39: 25 | P39: 25 | X39: =X38+V39*W39 -> 993.67336 | AA39: 25 | AI39: =AI38+AG39*AH39 -> 3125.0365
B40: 26 | P40: 26 | X40: =X39+V40*W40 -> 993.67336 | AA40: 26 | AI40: =AI39+AG40*AH40 -> 3125.0365
B41: 27 | P41: 27 | X41: =X40+V41*W41 -> 993.67336 | AA41: 27 | AI41: =AI40+AG41*AH41 -> 3125.0365
B42: 28 | P42: 28 | X42: =X41+V42*W42 -> 993.67336 | AA42: 28 | AI42: =AI41+AG42*AH42 -> 3125.0365
... B68: 54 | P68: 54 | X68: =X67+V68*W68 -> 993.67336 | AA68: 54 | AI68: =AI67+AG68*AH68 -> 3125.0365
B69: TOTAL | P69: TOTAL | V69: =SUM(V15:V68) -> 2142.6551 | X69: =IF(MAX(X15:X68)>=H7*0.5,MAX(X15:X68),0) -> 993.67336 | AA69: TOTAL | AG69: =SUM(AG15:AG68) -> 3949.18 | AI69: =IF(MAX(AI15:AI68)>=H7*0.5,MAX(AI15:AI68),0) -> 3125.0365
D76: EXPERIENCIA DEL EQUIPO DE TRABAJO
C79: NOMBRE DEL PROPONENTE: | E79: =H5 -> SEGEN INGENIERIA S.A.S.
C80: NOMBRE DEL PROFESIONAL | E80: LEOPOLDO PINTO
C81: CARGO EN EL EQUIPO DE TRABAJO | E81: DIRECTOR DE INTERVENTORIA
C83: RELACIÓN EXPERIENCIA PROFESIONAL HABILITANTE
D84: ETAPA PREVIA ___x__ ETAPA DE INSTALACIÓN___x___
C86: EXPERIENCIA HABILITANTE DIRECTOR DE INTERVENTORIA (ANEXO 4) | N86: EXPERIENCIA CALIFICABLE DIRECTOR DE INTERVENTORIA (ANEXO 5)
C87: NOMBRE DEL PROYECTO | D87: ENTIDAD CONTRATANTE O EMPLEADORA | E87: CARGO OCUPADO | F87: FUNCIONES DESEMPEÑADAS | G87: FECHA DE INICIO | H87: FECHA DE RETIRO | I87: DURACIÓN EN DIAS | J87: DURACIÓN EN MESES | K87: OBSERVACIONES | N87: NOMBRE DEL PROYECTO | O87: ENTIDAD CONTRATANTE O EMPLEADORA | P87: CARGO OCUPADO | Q87: FUNCIONES DESEMPEÑADAS | R87: FECHA DE INICIO | S87: FECHA DE RETIRO | T87: DURACIÓN EN DIAS | U87: DURACIÓN EN MESES | V87: OBSERVACIONES | Y87: ESTUDIOS DIRECTOR | Z87: Puntaje Máximo
B88: 1 | C88: Cadena de Servicio | D88: ISAGEN S.A. E.S.P | E88: Director Cadena de Servicio | F88: Dirección de la red de socios tecnológico encargadas de servicios a los clientes, trabajos fundamentados para GIE (Gestión Integral Energético), los cuales consistían en la adecuación de fuentes de energía donde se destacan, energía eléctrica, vapor de agua y aire acondicionado, generando soluciones óptimas para la mejora de la eficiencia y optimizar el consumo de energéticos. | I88: =H88-G88 -> 0 | J88: =+I88/30 -> 0 | K88: Los certificados tienen como objeto indicar que el Director trabajo en las empresas indicadas, pero no relaciona ningún proyecto como experiencia | M88: 1 | N88: CONSTRUCCIÓN, INSTALACIÓN E IMPLEMENTACIÓN DE SOLUCIONES DE ENERGÍA INDIVIDUALES SOSTENIBLES CONSISTENTES EN SISTEMAS SOLARES FOTOVOLTAICOS PARA VIVIENDAS RURALES EN LAS ZONAS NO INTERCONECTADAS EN LA VEREDA LA PLANTA DEL MUNICIPIO DE CONDOTO – CHOCÓ | O88: CONSORCIO CONDOTO ENERGY | P88: DIRECTOR GENERAL | Q88: • Planificación del proyecto e identificación de las tareas a ejecutar. • Previsión y gestión de los recursos naturales, humanos y financieros necesarios para la ejecución de las obras/servicios • Responsable Directo de la gestión técnica, económica y administrativa y desarrollo de las obras. • Supervisar la preparación, seguimiento, revisión de operaciones y ejecución final de las obras. | R88: 43161 | S88: 43920 | T88: =S88-R88+1 -> 760 | U88: =+T88/30 -> 25.333333 | Y88: Estudios de posgrado mínimo a nivel de especialización en: administración de empresas, o gerencia o gestión de proyectos, o gerencia de proyectos o gerencia de empresas de energía o alta gerencia o en Fuentes no Convencionales de Energía o en Energías alternativas. | Z88: 4
B89: 2 | C89: VARIOS Ver certificacion | D89: SISPRO INGENIERÍA | E89: Gerente Técnico | F89: Gestionar los recursos técnicos, financieros y humanos para la adecuada ejecución de las obras, garantizando que se cumplan los lineamientos del SGI de la compañía al igual que la responsabilidad social de la compañía. • Gestionar equipos de logística administrativa, de servicios generales y financiero. • Garantizar la correcta facturación y el correcto flujo de caja. | G89: 40007 | H89: 42050 | I89: =H89-G89+1 -> 2044 | J89: =+I89/30 -> 68.133333 | K89: Se toma encuenta la fecha de inicio del primer contrato descrito en la certificación | M89: 2 | T89: =S89-R89 -> 0 | U89: 0 | Y89: Contar adicionalmente con estudios en la modalidad de posgrado mínimo a nivel de especialización en: | Z89: 1
B90: 3 | C90: Gerente Operativo | D90: ELECTRICISTAS UNIDOS DEL VALLE | E90: Gerente Operativo | F90: Ejecución de proyectos de forma eficientes y eficaces cumpliendo los requisitos de los clientes, dentro de los cuales se encuentran mantenimiento preventivo y predictivos de instalaciones industriales y comerciales en todas las fuentes energéticas. • Realizar mantenimiento periódicos a la redes de media y baja tensión de los clientes industriales y comerciales. | I90: =H90-G90 -> 0 | J90: =+I90/30 -> 0 | K90: Los certificados tienen como objeto indicar que el Director trabajo en las empresas indicadas, pero no relaciona ningún proyecto como experiencia | M90: 3 | T90: =S90-R90 -> 0 | U90: =+T90/30 -> 0 | Y90: INGENIERÍA ELÉCTRICA CON ENFASIS EN SISTEMAS DE DISTRIBUCIÓN ó
B91: 4 | C91: Jefe de Proyectos (Técnico de Obras) | D91: EPSA S.A. E.S.P. | E91: Jefe de Proyectos (Técnico de Obras) | F91: Revisión de los proyectos industriales y comerciales de los clientes de la zona centro sur del operador de red, validando el cumplimiento de las normas técnicas y retie. • Planear, gestionar y poner en operación los proyectos de ampliación en red y subestaciones. • Realizar los mantenimientos en red y subestaciones tanto en obra eléctrica como civil. | I91: =H91-G91 -> 0 | J91: =+I91/30 -> 0 | K91: Los certificados tienen como objeto indicar que el Director trabajo en las empresas indicadas, pero no relaciona ningún proyecto como experiencia | M91: 4 | T91: =S91-R91 -> 0 | U91: =+T91/30 -> 0 | Y91: EN SISTEMAS DE DISTRIBUCIÓN Y TRASMISIÓN DE ENERGÍA ELÉCTRICA ó
B92: 5 | I92: =H92-G92 -> 0 | J92: =+I92/30 -> 0 | M92: 5 | T92: =S92-R92 -> 0 | U92: =+T92/30 -> 0 | Y92: EN SISTEMAS DE DISTRIBUCION DE ENERGÍA ELÉCTRICA ó
B93: 6 | I93: =H93-G93 -> 0 | J93: =+I93/30 -> 0 | M93: 6 | T93: =S93-R93 -> 0 | U93: =+T93/30 -> 0 | Y93: EN SISTEMAS DE TRASMISIÓN Y DISTRIBUCIÓN DE ENERGÍA ELÉCTRICA ó
B94: 7 | I94: =H94-G94 -> 0 | J94: =+I94/30 -> 0 | M94: 7 | T94: =S94-R94 -> 0 | U94: =+T94/30 -> 0 | Y94: EN SISTEMAS DE TRASMISIÓN DE ENERGÍA ELÉCTRICA ó
B95: 8 | I95: =H95-G95 -> 0 | J95: =+I95/30 -> 0 | M95: 8 | T95: =S95-R95 -> 0 | U95: =+T95/30 -> 0 | Y95: EN INGENIERÍA ELÉCTRICA. ó
B96: 9 | I96: =H96-G96 -> 0 | J96: =+I96/30 -> 0 | M96: 9 | T96: =S96-R96 -> 0 | U96: =+T96/30 -> 0 | Y96: SISTEMAS DE POTENCIA O SISTEMAS DE TRANSMISIÓN Y DISTRIBUCIÓN ELÉCTRICA. ó
B97: 10 | I97: =H97-G97 -> 0 | J97: =+I97/30 -> 0 | M97: 10 | T97: =S97-R97 -> 0 | U97: =+T97/30 -> 0
B98: 11 | I98: =H98-G98 -> 0 | J98: =+I98/30 -> 0 | M98: 11 | T98: =S98-R98 -> 0 | U98: =+T98/30 -> 0
B99: 12 | I99: =H99-G99 -> 0 | J99: =+I99/30 -> 0 | M99: 12 | T99: =S99-R99 -> 0 | U99: =+T99/30 -> 0
C100: TOTALES | I100: =SUM(I88:I99) -> 2044 | J100: =SUM(J88:J99) -> 68.133333 | N100: TOTALES | T100: =SUM(T88:T99) -> 760 | U100: =SUM(U88:U99) -> 25.333333
AB101: OBSERVACIONES
J102: =IF(J100>=36,"HABILITADO","NO HABILITADO") -> HABILITADO | T102: PUNTAJE | U102: =IF(U100>24,15,IF(U100>=18,10,IF(U100>=12,8,0))) -> 15 | Y102: PUNTAJE | Z102: 5
C108: NOMBRE DEL PROFESIONAL | E108: EDWIN PEREZ
C109: CARGO EN EL EQUIPO DE TRABAJO | E109: INGENIERO ELECTRICISTA RESIDENTE DE INTERVENTORIA
C111: RELACIÓN EXPERIENCIA PROFESIONAL HABILITANTE PROFESIONAL 1
D112: ETAPA PREVIA ___x__ ETAPA DE INSTALACIÓN____x__
C114: EXPERIENCIA HABILITANTE INGENIERO RESIDENTE (ANEXO 4) | N114: EXPERIENCIA CALIFICABLE DIRECTOR DE INTERVENTORIA (ANEXO 5)
C115: NOMBRE DEL PROYECTO | D115: ENTIDAD CONTRATANTE O EMPLEADORA | E115: CARGO OCUPADO | F115: FUNCIONES DESEMPEÑADAS | G115: FECHA DE INICIO | H115: FECHA DE RETIRO | I115: DURACIÓN EN DIAS | J115: DURACIÓN EN MESES | K115: OBSERVACIONES | L115: SUBSANACIONES | N115: NOMBRE DEL PROYECTO | O115: ENTIDAD CONTRATANTE O EMPLEADORA | P115: CARGO OCUPADO | Q115: FUNCIONES DESEMPEÑADAS | R115: FECHA DE INICIO | S115: FECHA DE RETIRO | T115: DURACIÓN EN DIAS | U115: DURACIÓN EN MESES | V115: OBSERVACIONES | Y115: ESTUDIOS RESIDENTE | Z115: Puntaje Máximo
B116: 1 | C116: Mantenimiento y operación del sistema eléctrico de media y baja tensión, incluidas la red de subtransmisión a 34, 5 kV y tipo 11. 5 kV | D116: ELECTRIFICADORA DEL CAQUETA S.A. •esp• | E116: INGENIERO ELECTRICISTA COORDINADOR ZONA SUR | F116: Coordinador de la Zona Norte y Sur: dirección y coordinación de las actividades de mantenimiento y operación del sistema eléctrico de medi y baja tensión, inlcuidas la red de subtransmisión a 34,5 Kv Y TIPO 115 Kv | G116: 35821 | H116: 36556 | I116: =H116-G116+1 -> 736 | J116: =+I116/30 -> 24.533333 | K116: En la certificación no se especifica la fecha de inicio y de retiro según el proyecto relacionado | L116: SUBSANADO | M116: 1 | N116: INTERVENTORIA TÉCNICA, ADMINISTRATIVA, FINANCIERA, JURÍDICA Y CONTABLE PARA LAS OBRAS DE SUMINISTRO, TRANSPORTE E INSTALACION E IMPLEMENTACIÓN DE: A. CONSTRUCCIÓN INSTALACIÓN E IMPLEMENTACIÓN DE SOLUCIONES DE ENERGÍA INDIVIDUALES SOSTENIBLES CONSISTENTES EN SISTEMAS SOLARES FOTOVOLTAICOS PARA VIVIENDAS RURALES EN LAS ZONAS NO INTERCONECTADAS DE LAS VEREDAS EL PENEYA, LOMA LARGA, JORDAN, EL PARAISO, ANIMAS ALTAS, EL PORVENIR 1, SANTA FE, ALTA SARDINATA, REMANZOS, MONTERREY, LA GRANJA, AGUAS CLARAS, ANDAQUIES, BARCELONA, VILLANUEVA, RISARALDA, FUNDACIÓN, SANTO DOMINGO, LA SABALETA BAJA, EL CAÑO SANTO DOMINGO, CARACOL, LEJANIAS, ARRALLANTES, ALTO CRISTALES, DOS QUEBRADAS, PAUJILES, LA CEIBA, ARGENTINA, LOS CAUCHOS, LA URIBE, LOBITOS, PORES, SARDINATA Y LIBANO DEL MUNICIPIO DE CARTAGENA DEL CHAIRÁ - CAQUETÁ (947 SOLUCIONES) | O116: CONSORCIO INTERVENTORÍAS PARA SOLUCIONES ENERGÉTICAS | P116: INGENIERO ELECTRICISTA RESIDENTE INTERVENTORIA | Q116: Cumplir el objeto del contrato, y ejecutar la interventoría de conformidad con lo pactado o que se pacte, ejecutando y entregando la Interventoría contratada dentro del plazo establecido, de acuerdo con los criterios de calidad exigibles y las especificaciones técnicas de construcción que hacen parte del pliego de condiciones, así como el cumplimiento de las normas técnicas aplicables. b) Verificar que el transporte de los materiales y equipos, así como sus despachos y entrega sea oportuno en el sitio de la obra para el cumplimiento del plazo establecido. c) Ejecutar el control de las obras de acuerdo con el programa general aprobado | R116: 43110 | S116: 43552 | T116: =S116-R116+1 -> 443 | U116: =+T116/30 -> 14.766667 | Y116: Si tiene estudios de posgrado mínimo a nivel de especialización en: Fuentes no Convencionales de Energía o en Energías alternativas. | Z116: 0
B117: 2 | C117: Mantenimiento y operación del sistema eléctrico de media y baja tensión, incluidas la red de subtransmisión a 34, 5 kV y tipo 11. 5 kV | D117: ELECTRIFICADORA DEL CAQUETA S.A. •esp• | E117: INGENIERO ELECTRICISTA COORDINADOR ZONA NORTE | F117: Coordinador de la Zona Norte y Sur: dirección y coordinación de las actividades de mantenimiento y operación del sistema eléctrico de medi y baja tensión, inlcuidas la red de subtransmisión a 34,5 Kv Y TIPO 115 Kv | G117: 36557 | H117: 37683 | I117: =H117-G117+1 -> 1127 | J117: =+I117/30 -> 37.566667 | K117: En la certificación no se especifica la fecha de inicio y de retiro según el proyecto relacionado | L117: SUBSANADO | M117: 2 | T117: =S117-R117 -> 0 | U117: =+T117/30 -> 0 | Y117: Si tiene estudios de posgrado mínimo a nivel de especialización en: | Z117: 1
B118: 3 | C118: Mantenimiento y operación del sistema eléctrico de media y baja tensión, incluidas la red de subtransmisión a 34, 5 kV y tipo 11. 5 kV | D118: ELECTRIFICADORA DEL CAQUETA S.A. •esp• | E118: INGENIERO ELECTRICISTA COORDINADOR ZONA CENTRO | F118: Coordinador Zona Centro: mantenimientos de la Subestación Centro 115&34,5 Kv, APOYANDO LAS LABORES DE INSPECCIÓN, CONTROL Y MONTAJE DEL TRANSFORMADOR DE Potencia de 15 - 20 MVA | G118: 36738 | H118: 37622 | I118: =H118-G118+1 -> 885 | K118: En la certificación no se especifica la fecha de inicio y de retiro según el proyecto relacionado | L118: A pesar de que el porponente subsana. no se evidencia que en el periodo comprendido entre 200 y 2003 se haya encargado de tales actividades de corrido, dado que seún el certificado dice que fue coordinador encargado en 200 y luego coordinador encargado en 2003, por lo que no se tiene en cuenta. | M118: 3 | T118: =S118-R118 -> 0 | U118: =+T118/30 -> 0 | Y118: · INGENIERÍA ELÉCTRICA CON ENFASIS EN SISTEMAS DE DISTRIBUCIÓN ó
B119: 4 | I119: =H119-G119 -> 0 | J119: =+I119/30 -> 0 | M119: 4 | T119: =S119-R119 -> 0 | U119: =+T119/30 -> 0 | Y119: · EN SISTEMAS DE DISTRIBUCIÓN Y TRASMISIÓN DE ENERGÍA ELÉCTRICA ó
B120: 5 | I120: =H120-G120 -> 0 | J120: =+I120/30 -> 0 | M120: 5 | T120: =S120-R120 -> 0 | U120: =+T120/30 -> 0 | Y120: · EN SISTEMAS DE DISTRIBUCION DE ENERGÍA ELÉCTRICA ó
B121: 6 | I121: =H121-G121 -> 0 | J121: =+I121/30 -> 0 | M121: 6 | T121: =S121-R121 -> 0 | U121: =+T121/30 -> 0 | Y121: · EN SISTEMAS DE TRASMISIÓN Y DISTRIBUCIÓN DE ENERGÍA ELÉCTRICA ó
B122: 7 | I122: =H122-G122 -> 0 | J122: =+I122/30 -> 0 | M122: 7 | T122: =S122-R122 -> 0 | U122: =+T122/30 -> 0 | Y122: · EN SISTEMAS DE TRASMISIÓN DE ENERGÍA ELÉCTRICA ó
B123: 8 | I123: =H123-G123 -> 0 | J123: =+I123/30 -> 0 | M123: 8 | T123: =S123-R123 -> 0 | U123: =+T123/30 -> 0 | Y123: · EN INGENIERÍA ELÉCTRICA. ó
B124: 9 | I124: =H124-G124 -> 0 | J124: =+I124/30 -> 0 | M124: 9 | T124: =S124-R124 -> 0 | U124: =+T124/30 -> 0 | Y124: · SISTEMAS DE POTENCIA O SISTEMAS DE TRANSMISIÓN Y DISTRIBUCIÓN ELÉCTRICA. ó
B125: 10 | I125: =H125-G125 -> 0 | J125: =+I125/30 -> 0 | M125: 10 | T125: =S125-R125 -> 0 | U125: =+T125/30 -> 0
B126: 11 | I126: =H126-G126 -> 0 | J126: =+I126/30 -> 0 | M126: 11 | T126: =S126-R126 -> 0 | U126: =+T126/30 -> 0
B127: 12 | I127: =H127-G127 -> 0 | J127: =+I127/30 -> 0 | M127: 12 | T127: =S127-R127 -> 0 | U127: =+T127/30 -> 0
C128: TOTALES | I128: =SUM(I116:I127) -> 2748 | J128: =SUM(J116:J127) -> 62.1 | N128: TOTALES | T128: =SUM(T116:T127) -> 443 | U128: =SUM(U116:U127) -> 14.766667
AB129: OBSERVACIONES
J130: =IF(J128>=36,"HABILITADO","NO HABILITADO") -> HABILITADO | T130: PUNTAJE | U130: =IF(U128>12,13,IF(U128>6,8,0)) -> 13 | Y130: PUNTAJE | Z130: 0 | AB130: Especialista en alta gerencia.De conformidad con el numeral 4.2. la especialización aportada para acreditar la formación académica adicional no fue incluida por la entidad

Sheet Oferente 8
C2: EXPERIENCIA DEL PROPONENTE
C5: NOMBRE DEL OFERENTE | H5: DESARROLLADORA DE PROYECTOS SAS
C7: PRESUPUESTO DEL LOTE MÁXIMO AL QUE PARTICIPAN (en SMMLV) | H7: 1453.2903
C8: VALOR 30% | H8: =H7*0.3 -> 435.9871
C9: VALOR REQUERIDO EN SMMLV
C11: contar con 5 años de experiencia en interventoría o en la construcción y montaje de proyectos del sector eléctrico, de los cuales como mínimo debe incluir un (1) año de experiencia específica en proyectos de generación o distribución de energía eléctrica, cuya sumatoria se igual o superior al 30% del valor del mayor lote ofertado | J11: =IF(BA27>=5,"HABILITA: CUENTA CON MÁS DE 5 AÑOS","NO HABILITA POR TIEMPO") -> HABILITA: CUENTA CON MÁS DE 5 AÑOS | AU11: =IF(BA27>=5,"HABILITA: CUENTA CON MÁS DE 5 AÑOS","NO HABILITA POR TIEMPO") -> HABILITA: CUENTA CON MÁS DE 5 AÑOS
Q12: CONTRATOS QUE ACREDITAN EXPERIENCIA EN FOTOVOLTAICO (ANEXO 8) | AB12: CONTRATOS QUE ACREDITAN EXPERIENCIA ADICIONAL EN ELECTRICOS NO FOTOVOLTAICO (ANEXO 8) | AM12: CONTRATOS DE EXPERIENCIA MÍNIMA PARA HABILITARSE (ANEXO 7)
C13: CONTRATOS DE EXPERIENCIA MÍNIMA PARA HABILITARSE (ANEXO 7) | Q13: OBJETO DEL CONTRATO | R13: ENTIDAD CONTRATANTE O EMPLEADORA | S13: CONSECUTIVO EN EL RUP | T13: CODIGO UNSPSC | U13: VALOR CONTRATO | V13: VALOR DEL CONTRATO TOTAL EN SMMLV | W13: % PARTICIPACIÓN CONSORCIO | X13: ACUMULADO SMMLV | Y13: OBSERVACIONES | AB13: OBJETO DEL CONTRATO | AC13: ENTIDAD CONTRATANTE O EMPLEADORA | AD13: CONSECUTIVO EN EL RUP | AE13: CODIGO UNSPSC | AF13: VALOR CONTRATO | AG13: VALOR DEL CONTRATO TOTAL EN SMMLV | AH13: % PARTICIPACIÓN CONSORCIO | AI13: ACUMULADO SMMLV | AJ13: OBSERVACIONES | AM13: OBJETO DEL CONTRATO | AN13: ENTIDAD CONTRATANTE O EMPLEADORA | AO13: CONSECUTIVO EN EL RUP | AP13: CODIGO UNSPSC | AQ13: VALOR CONTRATO | AR13: VALOR DEL CONTRATO TOTAL EN SMMLV | AS13: % PARTICIPACIÓN CONSORCIO | AT13: ACUMULADO SMMLV | AU13: HABILITADO | AV13: OBSERVACIONES | AW13: FECHA DE INICIO ORIGINAL | AX13: FECHA FIN ORIGINAL | AY13: FECHA DE INICIO AJUSTE TRASLAPOS | AZ13: FECHA FIN AJUSTE TRASLAPOS | BA13: AÑOS DE EXPERIENCIA
C14: OBJETO DEL CONTRATO | D14: ENTIDAD CONTRATANTE O EMPLEADORA | E14: CONSECUTIVO EN EL RUP | F14: CODIGO UNSPSC | G14: VALOR CONTRATO | H14: VALOR DEL CONTRATO TOTAL EN SMMLV | I14: % PARTICIPACIÓN CONSORCIO | J14: ACUMULADO SMMLV | K14: HABILITADO | L14: OBSERVACIONES | M14: CÓDIGO UNSPSC | N14: NOMBRE | P14: 1 | AA14: 1 | AL14: 1 | AM14: INTERVENTORIA EXTERNA AL CONTRATO DE GESTION DE DISPAC EN EL MERCADO DE COMERCIALIZACION | AN14: DISPAC S.A.S. | AO14: 5 | AP14: 81101500 | AQ14: 6655005271 | AR14: 9562.56 | AS14: 1 | AT14: =AR14*AS14 -> 9562.56 | AU14: =IF(AR14*AS14>0,"HABILITADO", "NO HABILITADO") -> HABILITADO | AW14: 40983 | AX14: 42582 | AY14: 40983 | AZ14: 42582 | BA14: =+(AZ14-AY14+1)/365 -> 4.3835616
B15: 1 | C15: INTERVENTORIA EXTERNA AL CONTRATO DE GESTION DE DISPAC EN EL MERCADO DE COMERCIALIZACION | D15: DISPAC S.A.S. | E15: 5 | F15: 81101500 | G15: 6655005271 | H15: 9562.56 | I15: 1 | J15: =H15*I15 -> 9562.56 | K15: =IF(H15*I15>0,"HABILITADO", "NO HABILITADO") -> HABILITADO | M15: 80101500 | N15: Servicios de consultoría y administración corporativa | P15: 2 | AA15: 2 | AL15: 2 | AM15: INTERVENTORIA ADMINISTRATIVA, TECNICA Y AMBIENTAL A LA CONSTRUCCION Y PUESTA EN SERVICIO DE LOS PRYECTOS DE ELECTRIFICACION RURAL SEGUN EL PLAN DE EXPANSION ELECTRICA PARA EL MACIZO COLOMBIANO Y SU AREA DE INFLUENCIA CONFORME AL CONVENIO FAER (FONDE DE APOYO FINANCIERO PARA LA ENERGIZACION DE LAS ZONAS RURALES INTERCONECTADAS) No. 007 DEL 28 DE DICIEMBRE DE 2004 SUSCRITO ENTRE LA NACION-MINISTERIO DE MINAS Y ENERGIA Y LA EMPREA CENTRALES ELECTRICAS DEL CAUCA S..A. ESP (CEDELCA) | AN15: INTERCONEXION ELECTRICA S.A. ISA | AO15: 9 | AP15: 811017OO | AQ15: 735029407 | AR15: 1801.54 | AS15: 1 | AT15: =AT14+AR15*AS15 -> 11364.1 | AU15: =IF(AR15*AS15>0,"HABILITADO", "NO HABILITADO") -> HABILITADO | AW15: 38649 | AX15: 38883 | AY15: 38649 | AZ15: 38883 | BA15: =+(AZ15-AY15+1)/365 -> 0.64383562
B16: 2 | C16: INTERVENTORIA ADMINISTRATIVA, TECNICA Y AMBIENTAL A LA CONSTRUCCION Y PUESTA EN SERVICIO DE LOS PRYECTOS DE ELECTRIFICACION RURAL SEGUN EL PLAN DE EXPANSION ELECTRICA PARA EL MACIZO COLOMBIANO Y SU AREA DE INFLUENCIA CONFORME AL CONVENIO FAER (FONDE DE APOYO FINANCIERO PARA LA ENERGIZACION DE LAS ZONAS RURALES INTERCONECTADAS) No. 007 DEL 28 DE DICIEMBRE DE 2004 SUSCRITO ENTRE LA NACION-MINISTERIO DE MINAS Y ENERGIA Y LA EMPREA CENTRALES ELECTRICAS DEL CAUCA S..A. ESP (CEDELCA) | D16: INTERCONEXION ELECTRICA S.A. ISA | E16: 9 | F16: 811017OO | G16: 735029407 | H16: 1801.54 | I16: 1 | J16: =J15+H16*I16 -> 11364.1 | K16: =IF(H16*I16>0,"HABILITADO", "NO HABILITADO") -> HABILITADO | M16: 80101600 | N16: Servicios de consultoría y administración corporativa | P16: 3 | AA16: 3 | AL16: 3 | AM16: INTERVENTORIA DEL CONTRATO PARA LA ELECTRIFICACION E LA INSPECCION DE LA JULIA Y OTROS CENTROS POBLADOS DE LOS MUNICIPIOS DE MESETAS Y LA URIBE EN EL DEPARTAMENTO DEL META | AN16: ELECTRIFICADORA DEL META S.A. EMSA | AO16: 11 | AP16: 81101700 | AQ16: 373891490 | AR16: 810.17 | AS16: 1 | AT16: =AT15+AR16*AS16 -> 12174.27 | AU16: =IF(AR16*AS16>0,"HABILITADO", "NO HABILITADO") -> HABILITADO | AW16: 39307 | AX16: 39611 | AY16: 39307 | AZ16: 39611 | BA16: =+(AZ16-AY16+1)/365 -> 0.83561644
B17: 3 | C17: INTERVENTORIA DEL CONTRATO PARA LA ELECTRIFICACION E LA INSPECCION DE LA JULIA Y OTROS CENTROS POBLADOS DE LOS MUNICIPIOS DE MESETAS Y LA URIBE EN EL DEPARTAMENTO DEL META | D17: ELECTRIFICADORA DEL META S.A. EMSA | E17: 11 | F17: 81101700 | G17: 373891490 | H17: 810.17 | I17: 1 | J17: =J16+H17*I17 -> 12174.27 | K17: =IF(H17*I17>0,"HABILITADO", "NO HABILITADO") -> HABILITADO | M17: 81101500 | N17: Ingenieria Civil y arquitectura | P17: 4 | AA17: 4 | AI17: =AI16+AG17*AH17 -> 0 | AL17: 4 | AM17: REALIZAR BAJO SU RESPONSABILIDAD Y COSTO LA INTERVENTORIA TECNICA, ADMINISTRATIVA, FINANCIERA Y DE CONTROL DE CALIDAD AL CONTRATO DE OPERACIÓN MEDIANTE LAS FUNCIONES DE VIIGILANICIA Y CONTROL DE LA EJECUCION Y CUMPLIMIENTO DEL CONTRATO DE OPERACION CUYO OBJETO ES LA OPERACION, ADMINISTRACION Y MANTENIMIENTOS PREVENTIVOS Y CORRECTIVOS DE LA INFRAESTRUCTURA DE GENERACION Y DEMAS ACTIVIDADES NECESARIAS PARA LA PRESTACION DEL SERVICIOS DE GENERACION DE ENERGIA ELECTRIA EN EL DEPARTAMENTO DEL CAUCA | AN17: CENTRALES ELECTRICAS DEL CAUCA S.A. | AO17: 77 | AP17: 80101600 | AQ17: 3465463858 | AR17: 4184.75 | AS17: 0.9 | AT17: =AT16+AR17*AS17 -> 15940.545 | AU17: =IF(AR17*AS17>0,"HABILITADO", "NO HABILITADO") -> HABILITADO | AV17: Se modifica la fecha inicial pues de conformidad con la nota 7 del numeral 3.2.3.b.3 la experiencia aportada para el mismo periodo de tiempo solo se contabilizará por una sola vez | AW17: 41707 | AX17: 43532 | AY17: 42583 | AZ17: 43532 | BA17: =+(AZ17-AY17+1)/365 -> 2.6027397
B18: 4 | C18: REALIZAR BAJO SU RESPONSABILIDAD Y COSTO LA INTERVENTORIA TECNICA, ADMINISTRATIVA, FINANCIERA Y DE CONTROL DE CALIDAD AL CONTRATO DE OPERACIÓN MEDIANTE LAS FUNCIONES DE VIIGILANICIA Y CONTROL DE LA EJECUCION Y CUMPLIMIENTO DEL CONTRATO DE OPERACION CUYO OBJETO ES LA OPERACION, ADMINISTRACION Y MANTENIMIENTOS PREVENTIVOS Y CORRECTIVOS DE LA INFRAESTRUCTURA DE GENERACION Y DEMAS ACTIVIDADES NECESARIAS PARA LA PRESTACION DEL SERVICIOS DE GENERACION DE ENERGIA ELECTRIA EN EL DEPARTAMENTO DEL CAUCA | D18: CENTRALES ELECTRICAS DEL CAUCA S.A. | E18: 77 | F18: 80101600 | G18: 3465463858 | H18: 4184.75 | I18: 0.9 | J18: =J17+H18*I18 -> 15940.545 | K18: =IF(H18*I18>0,"HABILITADO", "NO HABILITADO") -> HABILITADO | L18: Se modifica la fecha inicial pues de conformidad con la nota 7 del numeral 3.2.3.b.3 la experiencia aportada para el mismo periodo de tiempo solo se contabilizará por una sola vez | M18: 81101700 | N18: Ingeniería Eléctrica y Electrónica | P18: 5 | X18: =X17+V18*W18 -> 0 | AA18: 5 | AI18: =AI17+AG18*AH18 -> 0 | AL18: 5
B19: 5 | M19: 83101800 | N19: Servicios Eléctricos | P19: 6 | X19: =X18+V19*W19 -> 0 | AA19: 6 | AI19: =AI18+AG19*AH19 -> 0 | AL19: 6
B20: 6 | P20: 7 | X20: =X19+V20*W20 -> 0 | AA20: 7 | AI20: =AI19+AG20*AH20 -> 0 | AL20: 7
B21: 7 | P21: 8 | X21: =X20+V21*W21 -> 0 | AA21: 8 | AI21: =AI20+AG21*AH21 -> 0 | AL21: 8
B22: 8 | P22: 9 | X22: =X21+V22*W22 -> 0 | AA22: 9 | AI22: =AI21+AG22*AH22 -> 0 | AL22: 9
B23: 9 | P23: 10 | X23: =X22+V23*W23 -> 0 | AA23: 10 | AI23: =AI22+AG23*AH23 -> 0 | AL23: 10
B24: 10 | P24: 11 | X24: =X23+V24*W24 -> 0 | AA24: 11 | AI24: =AI23+AG24*AH24 -> 0 | AL24: 11
B25: 11 | P25: 12 | X25: =X24+V25*W25 -> 0 | AA25: 12 | AI25: =AI24+AG25*AH25 -> 0 | AL25: 12
B26: 12 | P26: 13 | X26: =X25+V26*W26 -> 0 | AA26: 13 | AI26: =AI25+AG26*AH26 -> 0 | AL26: 13
B27: 13 | P27: 14 | X27: =X26+V27*W27 -> 0 | AA27: 14 | AI27: =AI26+AG27*AH27 -> 0 | AL27: 14 | AZ27: TOTAL AÑOS DE EXPERIENCIA | BA27: =SUM(BA14:BA26) -> 8.4657534
B28: 14 | P28: 15 | X28: =X27+V28*W28 -> 0 | AA28: 15 | AI28: =AI27+AG28*AH28 -> 0 | AL28: 15
B29: 15 | P29: 16 | X29: =X28+V29*W29 -> 0 | AA29: 16 | AI29: =AI28+AG29*AH29 -> 0 | AL29: 16
B30: 16 | P30: 17 | X30: =X29+V30*W30 -> 0 | AA30: 17 | AI30: =AI29+AG30*AH30 -> 0 | AL30: 17
B31: 17 | P31: 18 | X31: =X30+V31*W31 -> 0 | AA31: 18 | AI31: =AI30+AG31*AH31 -> 0 | AL31: 18
B32: 18 | P32: 19 | X32: =X31+V32*W32 -> 0 | AA32: 19 | AI32: =AI31+AG32*AH32 -> 0 | AL32: 19
B33: 19 | P33: 20 | X33: =X32+V33*W33 -> 0 | AA33: 20 | AI33: =AI32+AG33*AH33 -> 0 | AL33: 20
B34: 20 | P34: 21 | X34: =X33+V34*W34 -> 0 | AA34: 21 | AI34: =AI33+AG34*AH34 -> 0 | AL34: 21
B35: 21 | P35: 22 | X35: =X34+V35*W35 -> 0 | AA35: 22 | AI35: =AI34+AG35*AH35 -> 0 | AL35: 22
B36: 22 | P36: 23 | X36: =X35+V36*W36 -> 0 | AA36: 23 | AI36: =AI35+AG36*AH36 -> 0 | AL36: 23
B37: 23 | P37: 24 | X37: =X36+V37*W37 -> 0 | AA37: 24 | AI37: =AI36+AG37*AH37 -> 0 | AL37: 24
B38: 24 | P38: 25 | X38: =X37+V38*W38 -> 0 | AA38: 25 | AI38: =AI37+AG38*AH38 -> 0 | AL38: 25
B39: 25 | P39: 26 | X39: =X38+V39*W39 -> 0 | AA39: 26 | AI39: =AI38+AG39*AH39 -> 0 | AL39: 26
... B67: 53 | P67: 54 | X67: =X66+V67*W67 -> 0 | AA67: 54 | AI67: =AI66+AG67*AH67 -> 0 | AL67: 54
B68: 54 | P68: TOTAL | V68: =SUM(V14:V67) -> 0 | X68: =IF(MAX(X14:X67)>=H6*0.5,MAX(X14:X67),0) -> 0 | AA68: TOTAL | AG68: =SUM(AG14:AG67) -> 0 | AI68: =IF(MAX(AI14:AI67)>=H6*0.5,MAX(AI14:AI67),0) -> 0 | AL68: TOTAL
B69: TOTAL
D76: EXPERIENCIA DEL EQUIPO DE TRABAJO
C79: NOMBRE DEL PROPONENTE: | E79: =H5 -> DESARROLLADORA DE PROYECTOS SAS
C80: NOMBRE DEL PROFESIONAL | E80: EFRAIN BERNAL ALZATE
C81: CARGO EN EL EQUIPO DE TRABAJO | E81: DIRECTOR DE INTERVENTORIA
C83: RELACIÓN EXPERIENCIA PROFESIONAL HABILITANTE
D84: ETAPA PREVIA ___x__ ETAPA DE INSTALACIÓN___x___
C86: EXPERIENCIA HABILITANTE DIRECTOR DE INTERVENTORIA (ANEXO 4) | N86: EXPERIENCIA CALIFICABLE DIRECTOR DE INTERVENTORIA (ANEXO 5)
C87: NOMBRE DEL PROYECTO | D87: ENTIDAD CONTRATANTE O EMPLEADORA | E87: CARGO OCUPADO | F87: FUNCIONES DESEMPEÑADAS | G87: FECHA DE INICIO | H87: FECHA DE RETIRO | I87: DURACIÓN EN DIAS | J87: DURACIÓN EN MESES | K87: OBSERVACIONES | N87: NOMBRE DEL PROYECTO | O87: ENTIDAD CONTRATANTE O EMPLEADORA | P87: CARGO OCUPADO | Q87: FUNCIONES DESEMPEÑADAS | R87: FECHA DE INICIO | S87: FECHA DE RETIRO | T87: DURACIÓN EN DIAS | U87: DURACIÓN EN MESES | V87: OBSERVACIONES | Y87: ESTUDIOS DIRECTOR | Z87: Puntaje Máximo
B88: 1 | C88: PROYECTO ZNI | D88: UNIVERSIDAD DE LA SALLE | E88: DIRECTOR DEL PROYECTO | F88: REALIZAR UN TRABAJO DE INVESTIGACION QUE PERMITA DETERMINAR EL NIVEL DE DISPONIBILIDAD Y ESTABILIDAD DE LOS SISTEMAS DE COMUNICACIÓN EXISTENTES EN LAS ZNI PARA LA TRANSMICION DE INFORMACIÓN DE TELEMETRIA HASTA EL CENTRO NACIONAL DE MONITOREO - CNM DE IPS. | G88: 40634 | H88: 40816 | I88: =H88-G88+1 -> 183 | J88: =+I88/30 -> 6.1 | M88: 1 | T88: =S88-R88 -> 0 | U88: =+T88/30 -> 0 | Y88: Estudios de posgrado mínimo a nivel de especialización en: administración de empresas, o gerencia o gestión de proyectos, o gerencia de proyectos o gerencia de empresas de energía o alta gerencia o en Fuentes no Convencionales de Energía o en Energías alternativas. | Z88: 4
B89: 2 | C89: Cooperation Project. The United Nations Development Programme (UNDP) | D89: PNUD - PROGRAMA DE LAS NACIONES UNIDAS - UIVERSIDAD JAVERIANA | E89: Director de ingeniería - experto en energía renovable | F89: Dirección del proyecto proyecto "Ciencia, tecnología e innovación en Comunidades sostenibles para la paz" | G89: 43805 | H89: 43969 | I89: 0 | J89: =I89/30 -> 0 | K89: De acuerdo con el literal N del capítulo 1 no se aportó traducción simple del documento | L89: PESE A SER REQUERIDO NO SUBSANO | M89: 2 | T89: =S89-R89 -> 0 | U89: 0 | Y89: Contar adicionalmente con estudios en la modalidad de posgrado mínimo a nivel de especialización en: | Z89: 1
B90: 3 | C90: DISEÑODELA PLANTA DE PROCESO DE LA UNIDAD PRODUCTIVA PISCICOLA TAGUATE FISHS.A.S. | D90: EVIRONMTENTAL MANAGEMENT CONSULTING S.A.S | E90: Consultor | F90: DISEÑO ELÉCTRICO AUTOMATIZADO DE LA PLANTA DE PROCESO DE CARNE DE PESCADO CUMPLIENDO CON ESTÁNDARES DE CERTIFICACIÓN INTERNACIONAL (HACCP,ISO14046,ISO 14064,ISO14001,ENTRE OTROS QUE SE CONSIDEREN RELEVANTES). | G90: 42767 | H90: 42825 | I90: 0 | J90: =+I90/30 -> 0 | K90: De conformidad con el numeral 3.2.3.b, al experiencia profesional del Director no cumple con los criterios establecidos por la entidad. | L90: PESE A SER REQUERIDO NO SUBSANO | M90: 3 | T90: =S90-R90 -> 0 | U90: =+T90/30 -> 0 | Y90: INGENIERÍA ELÉCTRICA CON ENFASIS EN SISTEMAS DE DISTRIBUCIÓN ó
B91: 4 | C91: DIAGNOSTICO CORRECION Y AMPLIACION DE UNA RED ELECTRICA DE 15KVA A 30KVA PARA UNA PLANTA DE ALIMENTOS EN CHIA CUNDINAMARCA | D91: AUTCOL | E91: Consultor | F91: ASESOR PARA CARACTERIZACION Y DIAGNOSTICO ENERGETICO MEDIANTE ANALIZADORES DE REDES ELECTRICAS | G91: 42688 | H91: 43139 | I91: =H91-G91+1 -> 452 | J91: =+I91/30 -> 15.066667 | K91: De conformidad con la nota 14 del numeral 3.2.3.b.3 se toma el último día de cada mes como fecha de inicio y el primer día de cada mes como fecha de terminación, y el último mes del año como mes de inicio y el primer mes del año como mes de finalización. | L91: PESE A SER REQUERIDO NO SUBSANO | M91: 4 | T91: =S91-R91 -> 0 | U91: =+T91/30 -> 0 | Y91: EN SISTEMAS DE DISTRIBUCIÓN Y TRASMISIÓN DE ENERGÍA ELÉCTRICA ó
B92: 5 | C92: PROYECTO ALCALDÍA DE BOGOTA | D92: ALCALDIA MAYOR DE BOGOTA | E92: Consultor | F92: AUNAR ESFUERZOS ACADEMICOS, TECNICOS, CIENTIFICOS, HUMSNOS, TECNOLOGICOS OPERATIVOS, ADMINISTRATIVOS Y FINANCIEROS ENTRE EL INTITUTO DISTRITAL DE GESTION DE RIESGO Y CAMBIO CLIMATICO - IDIGER Y LA UNIVERDAD DE LA SALLE PARA DESARROLLAR E IMPLEMENTAR UNA RED INTELIGENTE DE SENSORES INALAMBRICOS QUE PERMITAN LA TOMA DE DECISIONES FRENTE A LA DETECION TEMPRANA DE EVENTOS IDROMETOROLOGICOS EXTREMOS EN LA CIUDAD DE BOGOTA, COMO PARTE DEL PROCESO DE FORTALECIMIENTO DEL SISTEMA DE ALERTA DE BOGOTA | G92: 43006 | H92: 43308 | I92: =H92-G92+1 -> 303 | J92: 0 | K92: De conformidad con el numeral 3.2.3.b, al experiencia profesional del Director no cumple con los criterios establecidos por la entidad. | L92: PESE A SER REQUERIDO NO SUBSANO | M92: 5 | T92: =S92-R92 -> 0 | U92: =+T92/30 -> 0 | Y92: EN SISTEMAS DE DISTRIBUCION DE ENERGÍA ELÉCTRICA ó
B93: 6 | C93: TRUCHAS SURALA S.A.S. | D93: EVIRONMTENTAL MANAGEMENT CONSULTING S.A.S | E93: Consultor | F93: elaboración y apoyo en la implementación del plan de ahorro y uso eficiente de energía para las unidades productivas psicolas de la mepresa contratante | G93: 42644 | H93: 42735 | I93: =H93-G93+1 -> 92 | J93: =+I93/30 -> 3.0666667 | M93: 6 | T93: =S93-R93 -> 0 | U93: =+T93/30 -> 0 | Y93: EN SISTEMAS DE TRASMISIÓN Y DISTRIBUCIÓN DE ENERGÍA ELÉCTRICA ó
B94: 7 | C94: CONVENIO 17 DE 2016 | D94: UNIVERSIDAD DE LA SALLE | E94: Coinvestigados | G94: 42612 | H94: 42734 | I94: =H94-G94+1 -> 123 | J94: =+I94/30 -> 4.1 | K94: De conformidad con el numeral 3.2.3.b.3 no se aportó certificación a afectos de acreditar la experiencia profesional pues se aporta el convenio entre universidades pero no se evidencia la constancia de participación del profesional ni certificado de la universidad al respecto. es experiencia traslapada | L94: PESE A SER REQUERIDO NO SUBSANO | M94: 7 | T94: =S94-R94 -> 0 | U94: =+T94/30 -> 0 | Y94: EN SISTEMAS DE TRASMISIÓN DE ENERGÍA ELÉCTRICA ó
B95: 8 | I95: =H95-G95 -> 0 | J95: =+I95/30 -> 0 | M95: 8 | T95: =S95-R95 -> 0 | U95: =+T95/30 -> 0 | Y95: EN INGENIERÍA ELÉCTRICA. ó
B96: 9 | I96: =H96-G96 -> 0 | J96: =+I96/30 -> 0 | M96: 9 | T96: =S96-R96 -> 0 | U96: =+T96/30 -> 0 | Y96: SISTEMAS DE POTENCIA O SISTEMAS DE TRANSMISIÓN Y DISTRIBUCIÓN ELÉCTRICA. ó
B97: 10 | I97: =H97-G97 -> 0 | J97: =+I97/30 -> 0 | M97: 10 | T97: =S97-R97 -> 0 | U97: =+T97/30 -> 0
B98: 11 | I98: =H98-G98 -> 0 | J98: =+I98/30 -> 0 | M98: 11 | T98: =S98-R98 -> 0 | U98: =+T98/30 -> 0
B99: 12 | I99: =H99-G99 -> 0 | J99: =+I99/30 -> 0 | M99: 12 | T99: =S99-R99 -> 0 | U99: =+T99/30 -> 0
C100: TOTALES | I100: =SUM(I88:I99) -> 1153 | J100: =SUM(J88:J99) -> 28.333333 | N100: TOTALES | T100: =SUM(T88:T99) -> 0 | U100: =SUM(U88:U99) -> 0
AB101: OBSERVACIONES
J102: =IF(J100>=36,"HABILITADO","NO HABILITADO") -> NO HABILITADO | T102: PUNTAJE | U102: =IF(U100>24,15,IF(U100>=18,10,IF(U100>=12,8,0))) -> 0 | Y102: PUNTAJE | Z102: 0 | AB102: MAGISTER EN INGENIERIA AREA ELECTRÓNICA
C108: NOMBRE DEL PROFESIONAL | E108: NORMAN DARIO MARIN
C109: CARGO EN EL EQUIPO DE TRABAJO | E109: INGENIERO ELECTRICISTA RESIDENTE DE INTERVENTORIA
C111: RELACIÓN EXPERIENCIA PROFESIONAL HABILITANTE PROFESIONAL 1
D112: ETAPA PREVIA ___x__ ETAPA DE INSTALACIÓN____x__
C114: EXPERIENCIA HABILITANTE INGENIERO RESIDENTE (ANEXO 4) | N114: EXPERIENCIA INGENIERO RESIDENTE DE INTERVENTORIA (ANEXO 5)
C115: NOMBRE DEL PROYECTO | D115: ENTIDAD CONTRATANTE O EMPLEADORA | E115: CARGO OCUPADO | F115: FUNCIONES DESEMPEÑADAS | G115: FECHA DE INICIO | H115: FECHA DE RETIRO | I115: DURACIÓN EN DIAS | J115: DURACIÓN EN MESES | K115: OBSERVACIONES | N115: NOMBRE DEL PROYECTO | O115: ENTIDAD CONTRATANTE O EMPLEADORA | P115: CARGO OCUPADO | Q115: FUNCIONES DESEMPEÑADAS | R115: FECHA DE INICIO | S115: FECHA DE RETIRO | T115: DURACIÓN EN DIAS | U115: DURACIÓN EN MESES | V115: OBSERVACIONES | Y115: ESTUDIOS RESIDENTE | Z115: Puntaje Máximo
B116: 1 | C116: SUBESTACIONES EMGESA | D116: EMGESA SA ESP | E116: OPERADOR SUBESTACION. | F116: Supervisar la instalación, puesta en marcha y mantenimiento de redes, sistemas y equipos eléctricos, teniendo en cuenta el impacto ambiental y el beneficio social - Supervisar a otros técnicos - Diseñar, operar y mantener sistemas eléctricos de transporte, distribución y comercialización de energía. - Desarrollar manuales de operación y mantenimiento de sistemas y equipo eléctrico. - Desarrollar aplicaciones y usos de naturaleza eléctrica en sistemas de telecomunicaciones, electrónica, automatización y control de procesos. | G116: 41395 | H116: 41660 | I116: =H116-G116+1 -> 266 | J116: =+I116/30 -> 8.8666667 | M116: 1 | Y116: Si tiene estudios de posgrado mínimo a nivel de especialización en: Fuentes no Convencionales de Energía o en Energías alternativas. | Z116: 2
B117: 2 | C117: Mantenimiento de sistema de distribución de los municipios de la Zona Norte del Caquetá | D117: PROINGEL S.A.S | E117: Coordinador Zona Norte | F117: Planear y coordinar la ejecución de actividades relacionadas con la administración, operación y mantenimiento de las redes eléctricas de la zona Norte del Caquetá por parte del personal operativo, en cumplimiento del objeto del contrato - Programar labores de mantenimiento en redes eléctricas, Gestionar peticiones, quejas y reclamos y atención al público, Operar la subestación en casos de emergencia, Cumplir y hacer cumplir las normas de seguridad e higiene y medio ambiente en el trabajo establecidas por la empresa. Coordinar y llevar control sobre inventario de herramientas, equipos y materiales relacionados con el contrato. Elaborar informes de mantenimiento diario, semanal y mensual. Supervisar el trabajo del personal subordinado. Velar por las buenas relaciones del personal bajo su cargo. Establecer y ejecutar procesos de control interno. | G117: 42408 | H117: 42490 | I117: =H117-G117+1 -> 83 | J117: =+I117/30 -> 2.7666667 | M117: 2 | Y117: Si tiene estudios de posgrado mínimo a nivel de especialización en: | Z117: 1
B118: 3 | C118: Construcción de la Red Eléctrica del Fuerte Militar Larandia- Caquetá | D118: SOLUCIONES INTEGRALES UNION | E118: Ingeniero Residente | F118: Supervisar la instalación, puesta en marcha y mantenimiento de redes, sistemas y equipos eléctricos, teniendo en cuenta el impacto ambiental y el beneficio social - Supervisar a otros técnicos - Diseñar circuitos, sistemas, componentes y equipos eléctricos, Dirige y facilita el proceso para que los estudiantes elaboren los productos y servicios propios de la ocupación laboral que están aprendiendo, con base en el desarrollo de conocimientos, técnicas, habilidades, destrezas y actitudes. - Suministrar orientación a los estudiantes sobre alternativas de carrera u oficio - Evaluar el trabajo del estudiante, preparando, aplicando y calificando pruebes de verificación del aprendizaje. - Planificar sesiones de aprendizaje, demostraciones prácticas, talleres, seminarios y trabajo en equipo. - Describir especificaciones, programaciones e informes técnicos y controlar las programaciones y presupuestos. | G118: 42870 | H118: 43000 | I118: =H118-G118+1 -> 131 | J118: 0 | K118: De conformidad con el numeral 3.2.3.b.3 no se aportó certificación a afectos de acreditar la experiencia profesional pues se aporta el contrato | L118: PESE A SER REQUERIDO NO SUBSANO | M118: 3 | Y118: · INGENIERÍA ELÉCTRICA CON ENFASIS EN SISTEMAS DE DISTRIBUCIÓN ó
B119: 4 | C119: INGSA SAS | D119: INGSA SAS | E119: Ingeniero Residente | F119: Supervisar la instalación, puesta en marcha de redes, sistemas y equipos eléctricos, teniendo en cuenta el impacto ambiental y el beneficio social - Supervisar a otros técnicos - Preparar contratos y evaluar propuestas para construcción de redes eléctricas. - Diseñar sistemas integrales de protección eléctrica, en sistemas de potencia en redes de alta, media y baja tensión aplicados a las instalaciones industriales, residenciales y comerciales | G119: 43325 | H119: 43524 | I119: =H119-G119+1 -> 200 | J119: =+I119/30 -> 6.6666667 | M119: 4 | Y119: · EN SISTEMAS DE DISTRIBUCIÓN Y TRASMISIÓN DE ENERGÍA ELÉCTRICA ó
B120: 5 | C120: Contrato No 058 de 2017 | D120: CONSORCIO FRAGUA | E120: Ingeniero Residente | F120: Construcción de sistemas de energía solar fotovoltaica, sector uno, correspondientes a las veredas Buenos Aires, La Paz y Monterrey, del municipio de San José del fragua departamento del Caquetá. | G120: 43111 | H120: 43201 | I120: =H120-G120+1 -> 91 | J120: 0 | K120: De conformidad con el numeral 3.2.3.b.3 no se aportó certificación a afectos de acreditar la experiencia profesional pues se aporta el contrato | L120: PESE A SER REQUERIDO NO SUBSANO | M120: 5 | Y120: · EN SISTEMAS DE DISTRIBUCION DE ENERGÍA ELÉCTRICA ó
B121: 6 | C121: NYCE Colombia | D121: NORMALIZACIÓN Y CERTIFICACIÓN ELECTRÓNICA NYCE | E121: Coordinador Técnico de Certificación | F121: Generación de documentación técnica de productos donde se identifican los requisitos a cumplir según reglamentos técnicos ( Criterios de Evaluación), Contacto con potenciales clientes de certificación, generación de bases de datos, Revisión de Información Técnica de las solicitudes de los cliente. | G121: 42207 | H121: 42368 | I121: =H121-G121+1 -> 162 | J121: =+I121/30 -> 5.4 | M121: 6 | Y121: · EN SISTEMAS DE TRASMISIÓN Y DISTRIBUCIÓN DE ENERGÍA ELÉCTRICA ó
B122: 7 | I122: =H122-G122 -> 0 | J122: =+I122/30 -> 0 | M122: 7 | T122: =S122-R122 -> 0 | U122: =+T122/30 -> 0 | Y122: · EN SISTEMAS DE TRASMISIÓN DE ENERGÍA ELÉCTRICA ó
B123: 8 | I123: =H123-G123 -> 0 | J123: =+I123/30 -> 0 | M123: 8 | T123: =S123-R123 -> 0 | U123: =+T123/30 -> 0 | Y123: · EN INGENIERÍA ELÉCTRICA. ó
B124: 9 | I124: =H124-G124 -> 0 | J124: =+I124/30 -> 0 | M124: 9 | T124: =S124-R124 -> 0 | U124: =+T124/30 -> 0 | Y124: · SISTEMAS DE POTENCIA O SISTEMAS DE TRANSMISIÓN Y DISTRIBUCIÓN ELÉCTRICA. ó
B125: 10 | I125: =H125-G125 -> 0 | J125: =+I125/30 -> 0 | M125: 10 | T125: =S125-R125 -> 0 | U125: =+T125/30 -> 0
B126: 11 | I126: =H126-G126 -> 0 | J126: =+I126/30 -> 0 | M126: 11 | T126: =S126-R126 -> 0 | U126: =+T126/30 -> 0
B127: 12 | I127: =H127-G127 -> 0 | J127: =+I127/30 -> 0 | M127: 12 | T127: =S127-R127 -> 0 | U127: =+T127/30 -> 0
C128: TOTALES | I128: =SUM(I116:I127) -> 933 | J128: =SUM(J116:J127) -> 23.7 | N128: TOTALES | T128: =SUM(T116:T127) -> 0 | U128: =SUM(U116:U127) -> 0
AB129: OBSERVACIONES
J130: =IF(J128>=36,"HABILITADO","NO HABILITADO") -> NO HABILITADO | T130: PUNTAJE | U130: =IF(U128>12,13,IF(U128>6,8,0)) -> 0 | Y130: PUNTAJE | Z130: 0

Sheet Oferente 9
C2: EXPERIENCIA DEL PROPONENTE
C5: NOMBRE DEL OFERENTE | H5: PRAN CONSTRUCCIONES SAS
C7: PRESUPUESTO DEL LOTE MÁXIMO AL QUE PARTICIPAN (en SMMLV) | H7: 1453.2903
C8: VALOR 30% | H8: =H7*0.3 -> 435.9871
C9: VALOR REQUERIDO EN SMMLV
C11: contar con 5 años de experiencia en interventoría o en la construcción y montaje de proyectos del sector eléctrico, de los cuales como mínimo debe incluir un (1) año de experiencia específica en proyectos de generación o distribución de energía eléctrica, cuya sumatoria se igual o superior al 30% del valor del mayor lote ofertado | J11: =IF(BB37>=5,"HABILITA: CUENTA CON MÁS DE 5 AÑOS","NO HABILITA POR TIEMPO") -> NO HABILITA POR TIEMPO | AV11: =IF(BB37>=5,"HABILITA: CUENTA CON MÁS DE 5 AÑOS","NO HABILITA POR TIEMPO") -> NO HABILITA POR TIEMPO
C13: CONTRATOS DE EXPERIENCIA MÍNIMA PARA HABILITARSE (ANEXO 7) | Q13: CONTRATOS QUE ACREDITAN EXPERIENCIA EN FOTOVOLTAICO (ANEXO 8) | AB13: CONTRATOS QUE ACREDITAN EXPERIENCIA ADICIONAL EN ELECTRICOS NO FOTOVOLTAICO (ANEXO 8) | AN13: CONTRATOS DE EXPERIENCIA MÍNIMA PARA HABILITARSE (ANEXO 7)
C14: OBJETO DEL CONTRATO | D14: ENTIDAD CONTRATANTE O EMPLEADORA | E14: CONSECUTIVO EN EL RUP | F14: CODIGO UNSPSC | G14: VALOR CONTRATO | H14: VALOR DEL CONTRATO TOTAL EN SMMLV | I14: % PARTICIPACIÓN CONSORCIO | J14: ACUMULADO SMMLV | K14: HABILITADO | L14: OBSERVACIONES | Q14: OBJETO DEL CONTRATO | R14: ENTIDAD CONTRATANTE O EMPLEADORA | S14: CONSECUTIVO EN EL RUP | T14: CODIGO UNSPSC | U14: VALOR CONTRATO | V14: VALOR DEL CONTRATO TOTAL EN SMMLV | W14: % PARTICIPACIÓN CONSORCIO | X14: ACUMULADO SMMLV | Y14: OBSERVACIONES | AB14: OBJETO DEL CONTRATO | AC14: ENTIDAD CONTRATANTE O EMPLEADORA | AD14: CONSECUTIVO EN EL RUP | AE14: CODIGO UNSPSC | AF14: VALOR CONTRATO | AG14: VALOR DEL CONTRATO TOTAL EN SMMLV | AH14: % PARTICIPACIÓN CONSORCIO | AI14: ACUMULADO SMMLV | AJ14: OBSERVACIONES | AN14: OBJETO DEL CONTRATO | AP14: CONSECUTIVO EN EL RUP | AQ14: CODIGO UNSPSC | AR14: VALOR CONTRATO | AS14: VALOR DEL CONTRATO TOTAL EN SMMLV | AT14: % PARTICIPACIÓN CONSORCIO | AU14: ACUMULADO SMMLV | AV14: HABILITADO | AW14: OBSERVACIONES | AX14: FECHA DE INICIO ORIGINAL | AY14: FECHA FIN ORIGINAL | AZ14: FECHA DE INICIO AJUSTE TRASLAPOS | BA14: FECHA FIN AJUSTE TRASLAPOS | BB14: AÑOS DE EXPERIENCIA | BC14: SUBSANACION
B15: 1 | C15: CONTRATO DE INTERVENTORIA DE OBRA ELECTRICA | D15: INCIPLA LTDA INGENIEROS CONSTRUCTORES | E15: 1 | F15: 80101500 | G15: 435000000 | H15: 525.28 | I15: 1 | J15: =H15*I15 -> 525.28 | K15: =IF(H15*I15>0,"HABILITADO", "NO HABILITADO") -> HABILITADO | P15: 1 | X15: =V15*W15 -> 0 | AA15: 1 | AI15: =AG15*AH15 -> 0 | AM15: 1 | AN15: CONTRATO DE INTERVENTORIA DE OBRA ELECTRICA | AO15: INCIPLA LTDA INGENIEROS CONSTRUCTORES | AP15: 1 | AQ15: 80101500 | AR15: 435000000 | AS15: 525.28 | AT15: 1 | AU15: =AS15*AT15 -> 525.28 | AV15: =IF(AS15*AT15>0,"HABILITADO", "NO HABILITADO") -> HABILITADO | AX15: 43242 | AY15: 43466 | AZ15: 43242 | BA15: 43466 | BB15: =+(BA15-AZ15+1)/365 -> 0.61643836
B16: 2 | C16: CONTRATO DE INTEVENTORIA DE OBRA CIVIL ELECTRICA, MECANICA, VENTILACION MECANICA, RED, CONTRA INCENDIO, AUTOMATIZACIN Y CONTROL | D16: INCIPLA LTDA INGENIEROS CONSTRUCTORES | E16: 2 | F16: 81101500 | G16: 635000000 | H16: 985.48 | I16: 1 | J16: =J15+H16*I16 -> 1510.76 | K16: =IF(H16*I16>0,"HABILITADO", "NO HABILITADO") -> HABILITADO | P16: 2 | X16: =X15+W16*V16 -> 0 | AA16: 2 | AI16: =AI15+AG16*AH16 -> 0 | AM16: 2 | AN16: CONTRATO DE INTEVENTORIA DE OBRA CIVIL ELECTRICA, MECANICA, VENTILACION MECANICA, RED, CONTRA INCENDIO, AUTOMATIZACIN Y CONTROL | AO16: INCIPLA LTDA INGENIEROS CONSTRUCTORES | AP16: 2 | AQ16: 81101500 | AR16: 635000000 | AS16: 985.48 | AT16: 1 | AU16: =AU15+AS16*AT16 -> 1510.76 | AV16: =IF(AS16*AT16>0,"HABILITADO", "NO HABILITADO") -> HABILITADO | AX16: 42067 | AY16: 42348 | AZ16: 42067 | BA16: 42348 | BB16: =+(BA16-AZ16+1)/365 -> 0.77260274
B17: 3 | C17: INTERVENTORIA AL SUMINISTO DE EQUIPOS Y LA REALZACIPN DE LEVANTAMIENTO AEROTRANSPORTADOS DE MAGNEOMETRIA Y ESCPECTROMETRIA SISITO ESPECIFICOS EN EL DEPARTAMENT DE VICHADA - EN COLOMBIA | D17: AN CONSTRUDISEÑOS S.A.S | E17: 3 | F17: 80101600 | G17: 461061340 | H17: 668.73 | I17: 0 | J17: =J16+H17*I17 -> 1510.76 | K17: =IF(H17*I17>0,"HABILITADO", "NO HABILITADO") -> NO HABILITADO | L17: De conformidad con el numeral 3.2.3. a.1 la certificación aportada por el proponente no cumple con la totalidad de los criterios establecidos por la entidad, pues no es en el sector electrico | P17: 3 | X17: =X16+W17*V17 -> 0 | AA17: 3 | AI17: =AI16+AG17*AH17 -> 0 | AM17: 3 | AN17: INTERVENTORIA AL SUMINISTO DE EQUIPOS Y LA REALZACIPN DE LEVANTAMIENTO AEROTRANSPORTADOS DE MAGNEOMETRIA Y ESCPECTROMETRIA SISITO ESPECIFICOS EN EL DEPARTAMENT DE VICHADA - EN COLOMBIA | AO17: AN CONSTRUDISEÑOS S.A.S | AP17: 3 | AQ17: 80101600 | AR17: 461061340 | AS17: 668.73 | AT17: 0 | AU17: =AU16+AS17*AT17 -> 1510.76 | AV17: =IF(AS17*AT17>0,"HABILITADO", "NO HABILITADO") -> NO HABILITADO | AW17: De conformidad con el numeral 3.2.3. a.1 la certificación aportada por el proponente no cumple con la totalidad de los criterios establecidos por la entidad, pues no es en el sector electrico | AX17: 42289 | AY17: 42611 | BB17: =+(BA17-AZ17)/365 -> 0
B18: 4 | C18: CONTRATO DE CONSULTORIA | D18: MEDICARE HEALTH SERVICES S.A.S | E18: 4 | F18: 80101600 | G18: 962000000 | H18: 1231.37 | I18: 0 | J18: =J17+H18*I18 -> 1510.76 | K18: =IF(H18*I18>0,"HABILITADO", "NO HABILITADO") -> NO HABILITADO | L18: De conformidad con el numeral 3.2.3. a.1 la certificación aportada por el proponente no cumple con la totalidad de los criterios establecidos por la entidad, pues es un contrato de consultoria | P18: 4 | X18: =X17+W18*V18 -> 0 | AA18: 4 | AI18: =AI17+AG18*AH18 -> 0 | AM18: 4 | AN18: CONTRATO DE CONSULTORIA | AO18: MEDICARE HEALTH SERVICES S.A.S | AP18: 4 | AQ18: 80101600 | AR18: 962000000 | AS18: 1231.37 | AT18: 0 | AU18: =AU17+AS18*AT18 -> 1510.76 | AV18: =IF(AS18*AT18>0,"HABILITADO", "NO HABILITADO") -> NO HABILITADO | AW18: De conformidad con el numeral 3.2.3. a.1 la certificación aportada por el proponente no cumple con la totalidad de los criterios establecidos por la entidad, pues es un contrato de consultoria | AX18: 43120 | AY18: 43342 | BB18: =+(BA18-AZ18)/365 -> 0
B19: 5 | C19: CONTRATO DE INTERVENTORIA | D19: MEDICARE HEALTH SERVICES S.A.S | E19: 6 | F19: 80101600 | G19: 762000000 | H19: 1032.91 | I19: 0 | J19: =J17+H19*I19 -> 1510.76 | K19: =IF(H19*I19>0,"HABILITADO", "NO HABILITADO") -> NO HABILITADO | L19: De conformidad con el numeral 3.2.3. a.1 la certificación aportada por el proponente no cumple con la totalidad de los criterios establecidos por la entidad, pues no se especifica que sea en el sector electrico | P19: 5 | X19: =X18+W19*V19 -> 0 | AA19: 5 | AI19: =AI18+AG19*AH19 -> 0 | AM19: 5 | AN19: CONTRATO DE INTERVENTORIA | AO19: MEDICARE HEALTH SERVICES S.A.S | AP19: 6 | AQ19: 80101600 | AR19: 762000000 | AS19: 1032.91 | AT19: 0 | AU19: =AU17+AS19*AT19 -> 1510.76 | AV19: =IF(AS19*AT19>0,"HABILITADO", "NO HABILITADO") -> NO HABILITADO | AW19: De conformidad con el numeral 3.2.3. a.1 la certificación aportada por el proponente no cumple con la totalidad de los criterios establecidos por la entidad, pues no se especifica que sea en el sector electrico | AX19: 42880 | AY19: 43098 | BB19: =+(BA19-AZ19)/365 -> 0
B20: 6 | C20: INTERVENTORIA INTEGRAL A LAS ADECUACIONES Y/O CONSTUCCIONES DE OBRAS CIVUILES DE SU SEDE ADMINISTRATIVA Y COMERCIAL DE BINEZ ARABE A NIVEL NACIONAL | D20: BINEZ ARABE SAS | E20: 7 | F20: 81101700 | G20: 315000000 | H20: 426.99 | I20: 0 | J20: =J18+H20*I20 -> 1510.76 | K20: =IF(H20*I20>0,"HABILITADO", "NO HABILITADO") -> NO HABILITADO | L20: De conformidad con el numeral 3.2.3. a.1 la certificación aportada por el proponente no cumple con la totalidad de los criterios establecidos por la entidad, pues no es en el sector electrico | P20: 6 | X20: =X19+W20*V20 -> 0 | AA20: 6 | AI20: =AI19+AG20*AH20 -> 0 | AM20: 5 | AN20: INTERVENTORIA INTEGRAL A LAS ADECUACIONES Y/O CONSTUCCIONES DE OBRAS CIVUILES DE SU SEDE ADMINISTRATIVA Y COMERCIAL DE BINEZ ARABE A NIVEL NACIONAL | AO20: BINEZ ARABE SAS | AP20: 7 | AQ20: 81101700 | AR20: 315000000 | AS20: 426.99 | AT20: 0 | AU20: =AU18+AS20*AT20 -> 1510.76 | AV20: =IF(AS20*AT20>0,"HABILITADO", "NO HABILITADO") -> NO HABILITADO | AW20: De conformidad con el numeral 3.2.3. a.1 la certificación aportada por el proponente no cumple con la totalidad de los criterios establecidos por la entidad, pues no es en el sector electrico | AX20: 42566 | AY20: 42786 | BB20: =+(BA20-AZ20)/365 -> 0
B21: 7 | C21: DISEÑO DE OBRA CIVIL ELECTRICO Y COMPLEMENTARIOS PARA LA COSNTRUCCION DE LAS SEDE ATLANTICO | D21: BINEZ ARABE SAS | E21: 8 | F21: 81101700 | G21: 510000000 | H21: 615.85 | I21: 0 | J21: =J20+H21*I21 -> 1510.76 | K21: =IF(H21*I21>0,"HABILITADO", "NO HABILITADO") -> NO HABILITADO | L21: De conformidad con el numeral 3.2.3. a.1 la certificación aportada por el proponente no cumple con la totalidad de los criterios establecidos por la entidad, pues es un contrato de diseño | P21: 7 | X21: =X20+W21*V21 -> 0 | AA21: 7 | AI21: =AI20+AG21*AH21 -> 0 | AM21: 6 | AN21: DISEÑO DE OBRA CIVIL ELECTRICO Y COMPLEMENTARIOS PARA LA COSNTRUCCION DE LAS SEDE ATLANTICO | AO21: BINEZ ARABE SAS | AP21: 8 | AQ21: 81101700 | AR21: 510000000 | AS21: 615.85 | AT21: 0 | AU21: =AU20+AS21*AT21 -> 1510.76 | AV21: =IF(AS21*AT21>0,"HABILITADO", "NO HABILITADO") -> NO HABILITADO | AW21: De conformidad con el numeral 3.2.3. a.1 la certificación aportada por el proponente no cumple con la totalidad de los criterios establecidos por la entidad, pues es un contrato de diseño | AX21: 43160 | AY21: 43504 | BB21: =+(BA21-AZ21)/365 -> 0
B22: 8 | C22: INTEVENTORIA INTEGRAL DE OBRA ELECTRICA | D22: BINEZ ARABE SAS | E22: 9 | F22: 80101500 | G22: 384000000 | H22: 491.52 | I22: 0 | J22: =J21+H22*I22 -> 1510.76 | K22: =IF(H22*I22>0,"HABILITADO", "NO HABILITADO") -> NO HABILITADO | L22: De conformidad con la nota 7 del numeral 3.2.3. a.1 no podrá ser acumulable la experiencia obtenida en varios proyectos en un mismo periodo de tiempo. | P22: 8 | X22: =X21+W22*V22 -> 0 | AA22: 8 | AI22: =AI21+AG22*AH22 -> 0 | AM22: 7 | AN22: INTEVENTORIA INTEGRAL DE OBRA ELECTRICA | AO22: BINEZ ARABE SAS | AP22: 9 | AQ22: 80101500 | AR22: 384000000 | AS22: 491.52 | AT22: 0 | AU22: =AU21+AS22*AT22 -> 1510.76 | AV22: =IF(AS22*AT22>0,"HABILITADO", "NO HABILITADO") -> NO HABILITADO | AW22: De conformidad con la nota 7 del numeral 3.2.3. a.1 no podrá ser acumulable la experiencia obtenida en varios proyectos en un mismo periodo de tiempo. | AX22: 43250 | AY22: 43446 | BB22: =+(BA22-AZ22)/365 -> 0
B23: 9 | C23: INTERVENTORIA INTEGRAL QUE SE DESCRIBRE EN EL ANEXO 1 OBJETO ACTIVIDADES LOCALIZACION PROYECTO | D23: NESLY CRUZ- CONSULTORIA E INTERVENTORIA | E23: 10 | F23: 81101700 | G23: 300000000 | H23: 384 | I23: 0 | J23: =J22+H23*I23 -> 1510.76 | K23: =IF(H23*I23>0,"HABILITADO", "NO HABILITADO") -> NO HABILITADO | L23: De conformidad con el numeral 3.2.3. a.1 la certificación aportada por el proponente no cumple con la totalidad de los criterios establecidos por la entidad, pues no es en el sector electrico | P23: 9 | X23: =X22+W23*V23 -> 0 | AA23: 9 | AI23: =AI22+AG23*AH23 -> 0 | AM23: 8 | AN23: INTERVENTORIA INTEGRAL QUE SE DESCRIBRE EN EL ANEXO 1 OBJETO ACTIVIDADES LOCALIZACION PROYECTO | AO23: NESLY CRUZ- CONSULTORIA E INTERVENTORIA | AP23: 10 | AQ23: 81101700 | AR23: 300000000 | AS23: 384 | AT23: 0 | AU23: =AU22+AS23*AT23 -> 1510.76 | AV23: =IF(AS23*AT23>0,"HABILITADO", "NO HABILITADO") -> NO HABILITADO | AW23: De conformidad con el numeral 3.2.3. a.1 la certificación aportada por el proponente no cumple con la totalidad de los criterios establecidos por la entidad, pues no es en el sector electrico | AX23: 43253 | AY23: 43446 | BB23: =+(BA23-AZ23)/365 -> 0
B24: 10 | C24: INTERVENTORIA INTEGRAL QUE SE DESCRIBRE EN EL ANEXO 1 OBJETO ACTIVIDADES LOCALIZACION PROYECTO | D24: NESLY CRUZ- CONSULTORIA E INTERVENTORIA | E24: 11 | F24: 81101700 | G24: 425000000 | H24: 576.1 | I24: 0 | J24: =J23+H24*I24 -> 1510.76 | K24: =IF(H24*I24>0,"HABILITADO", "NO HABILITADO") -> NO HABILITADO | L24: De conformidad con el numeral 3.2.3. a.1 la certificación aportada por el proponente no cumple con la totalidad de los criterios establecidos por la entidad, pues no es en el sector electrico | P24: 10 | X24: =X23+W24*V24 -> 0 | AA24: 10 | AI24: =AI23+AG24*AH24 -> 0 | AM24: 9 | AN24: INTERVENTORIA INTEGRAL QUE SE DESCRIBRE EN EL ANEXO 1 OBJETO ACTIVIDADES LOCALIZACION PROYECTO | AO24: NESLY CRUZ- CONSULTORIA E INTERVENTORIA | AP24: 11 | AQ24: 81101700 | AR24: 425000000 | AS24: 576.1 | AT24: 0 | AU24: =AU23+AS24*AT24 -> 1510.76 | AV24: =IF(AS24*AT24>0,"HABILITADO", "NO HABILITADO") -> NO HABILITADO | AW24: De conformidad con el numeral 3.2.3. a.1 la certificación aportada por el proponente no cumple con la totalidad de los criterios establecidos por la entidad, pues no es en el sector electrico | AX24: 42837 | AY24: 43025 | BB24: =+(BA24-AZ24)/365 -> 0
B25: 11 | C25: CONTRATO DE INTERVENTORIA PARA LA CONSTRUCCION Y AMPLIACION DE LAS OFICIONAS DE NC INGENIERA EN LA CIUDAD DE BOGOTA, CALI, IBAGUE, BUCARAMANGA Y MEDELLIN | D25: NESLY CRUZ- CONSULTORIA E INTERVENTORIA | E25: 12 | F25: 80101500 | G25: 409000000 | H25: 593.22 | I25: 1 | J25: =J23+H25*I25 -> 2103.98 | K25: =IF(H25*I25>0,"HABILITADO", "NO HABILITADO") -> HABILITADO | L25: De conformidad con la nota 7 del numeral 3.2.3. a.1 no podrá ser acumulable la experiencia obtenida en varios proyectos en un mismo periodo de tiempo. | P25: 11 | X25: =X24+W25*V25 -> 0 | AA25: 11 | AI25: =AI24+AG25*AH25 -> 0 | AM25: 10 | AN25: CONTRATO DE INTERVENTORIA PARA LA CONSTRUCCION Y AMPLIACION DE LAS OFICIONAS DE NC INGENIERA EN LA CIUDAD DE BOGOTA, CALI, IBAGUE, BUCARAMANGA Y MEDELLIN | AO25: NESLY CRUZ- CONSULTORIA E INTERVENTORIA | AP25: 12 | AQ25: 80101500 | AR25: 409000000 | AS25: 593.22 | AT25: 1 | AU25: =AU23+AS25*AT25 -> 2103.98 | AV25: =IF(AS25*AT25>0,"HABILITADO", "NO HABILITADO") -> HABILITADO | AW25: De conformidad con la nota 7 del numeral 3.2.3. a.1 no podrá ser acumulable la experiencia obtenida en varios proyectos en un mismo periodo de tiempo. | AX25: 42493 | AY25: 43446 | AZ25: 42811 | BA25: 43241 | BB25: =+(BA25-AZ25+1)/365 -> 1.1808219
B26: 12 | C26: CONTRATO DE INTERVENTORIA SEGUN ANEXO | D26: NESLY CRUZ- CONSULTORIA E INTERVENTORIA | E26: 13 | F26: 80101500 | G26: 1409000000 | H26: 1803.53 | I26: 0 | J26: =J24+H26*I26 -> 1510.76 | K26: =IF(H26*I26>0,"HABILITADO", "NO HABILITADO") -> NO HABILITADO | L26: De conformidad con el numeral 3.2.3. a.1 la certificación aportada por el proponente no cumple con la totalidad de los criterios establecidos por la entidad, pues no es en el sector electrico | P26: 12 | X26: =X25+W26*V26 -> 0 | AA26: 12 | AI26: =AI25+AG26*AH26 -> 0 | AM26: 11 | AN26: CONTRATO DE INTERVENTORIA SEGUN ANEXO | AO26: NESLY CRUZ- CONSULTORIA E INTERVENTORIA | AP26: 13 | AQ26: 80101500 | AR26: 1409000000 | AS26: 1803.53 | AT26: 0 | AU26: =AU24+AS26*AT26 -> 1510.76 | AV26: =IF(AS26*AT26>0,"HABILITADO", "NO HABILITADO") -> NO HABILITADO | AW26: De conformidad con el numeral 3.2.3. a.1 la certificación aportada por el proponente no cumple con la totalidad de los criterios establecidos por la entidad, pues no es en el sector electrico | AX26: 42868 | AY26: 43437 | BB26: =+(BA26-AZ26)/365 -> 0
B27: 13 | C27: CONTRATO DE INTERVENTORIA PARA LA CONSTRUCCION DE LA EDIFICACION UBICADA EN EL SOPO | D27: LAURA XIEMAN POVEDA | E27: 14 | F27: 80101500 | G27: 690000000 | H27: 935.31 | I27: 0 | J27: =J26+H27*I27 -> 1510.76 | K27: =IF(H27*I27>0,"HABILITADO", "NO HABILITADO") -> NO HABILITADO | L27: De conformidad con el numeral 3.2.3. a.1 la certificación aportada por el proponente no cumple con la totalidad de los criterios establecidos por la entidad, pues no es en el sector electrico | P27: 13 | X27: =X26+W27*V27 -> 0 | AA27: 13 | AI27: =AI26+AG27*AH27 -> 0 | AM27: 12 | AN27: CONTRATO DE INTERVENTORIA PARA LA CONSTRUCCION DE LA EDIFICACION UBICADA EN EL SOPO | AO27: LAURA XIEMAN POVEDA | AP27: 14 | AQ27: 80101500 | AR27: 690000000 | AS27: 935.31 | AT27: 0 | AU27: =AU26+AS27*AT27 -> 1510.76 | AV27: =IF(AS27*AT27>0,"HABILITADO", "NO HABILITADO") -> NO HABILITADO | AW27: De conformidad con el numeral 3.2.3. a.1 la certificación aportada por el proponente no cumple con la totalidad de los criterios establecidos por la entidad, pues no es en el sector electrico | AX27: 42098 | AY27: 43099 | BB27: =+(BA27-AZ27)/365 -> 0
B28: 14 | C28: ESTUDIOS Y DISEÑOS PARA LA CONSTRUCCION DE LA CASA UBIBICADA EN PUERTO PEÑALISA CONJUNTO MESIAN LOTE 10 | D28: LAURA XIEMAN POVEDA | E28: 15 | F28: 80101600 | G28: 195000000 | H28: 235.47 | I28: 0 | J28: =J27+H28*I28 -> 1510.76 | K28: =IF(H28*I28>0,"HABILITADO", "NO HABILITADO") -> NO HABILITADO | L28: De conformidad con el numeral 3.2.3. a El proponente no cumple con la experiencia especifica habilitante, pues es un contrato de estudios y diseñors | P28: 14 | X28: =X27+W28*V28 -> 0 | AA28: 14 | AI28: =AI27+AG28*AH28 -> 0 | AM28: 13 | AN28: ESTUDIOS Y DISEÑOS PARA LA CONSTRUCCION DE LA CASA UBIBICADA EN PUERTO PEÑALISA CONJUNTO MESIAN LOTE 10 | AO28: LAURA XIEMAN POVEDA | AP28: 15 | AQ28: 80101600 | AR28: 195000000 | AS28: 235.47 | AT28: 0 | AU28: =AU27+AS28*AT28 -> 1510.76 | AV28: =IF(AS28*AT28>0,"HABILITADO", "NO HABILITADO") -> NO HABILITADO | AW28: De conformidad con el numeral 3.2.3. a El proponente no cumple con la experiencia especifica habilitante, pues es un contrato de estudios y diseñors | AX28: 43434 | AY28: 43522 | BB28: =+(BA28-AZ28)/365 -> 0
B29: 15 | C29: CONTRATO DE INTERVENTORIA 01/2016 Interventoria técnica, administrativa, financiera, ambiental, legal al Proyecto denomidado Generación y distribucion de energía electríca mediante sistemas fotovoltaicos en diferentes zonas del terrritorio nacional especialmente en los departamentos de Cundinamarca y Antioquia en diferentes condominiios habitacionales incluyendo domitica de ultima generacion | D29: INCIPLA LTDA INGENIEROS CONSTRUCTORES | E29: 16 | F29: 80101500 | G29: 930000000 | H29: 1260.64 | I29: 1 | J29: =J26+H29*I29 -> 2771.4 | K29: =IF(H29*I29>0,"HABILITADO", "NO HABILITADO") -> HABILITADO | P29: 15 | X29: =X28+W29*V29 -> 0 | AA29: 15 | AI29: =AI28+AG29*AH29 -> 0 | AM29: 14 | AN29: CONTRATO DE INTERVENTORIA 01/2016 Interventoria técnica, administrativa, financiera, ambiental, legal al Proyecto denomidado Generación y distribucion de energía electríca mediante sistemas fotovoltaicos en diferentes zonas del terrritorio nacional especialmente en los departamentos de Cundinamarca y Antioquia en diferentes condominiios habitacionales incluyendo domitica de ultima generacion | AO29: INCIPLA LTDA INGENIEROS CONSTRUCTORES | AP29: 16 | AQ29: 80101500 | AR29: 930000000 | AS29: 1260.64 | AT29: 1 | AU29: =AU26+AS29*AT29 -> 2771.4 | AV29: =IF(AS29*AT29>0,"HABILITADO", "NO HABILITADO") -> HABILITADO | AX29: 42451 | AY29: 42811 | AZ29: 42451 | BA29: 42811 | BB29: =+(BA29-AZ29+1)/365 -> 0.9890411
B30: 16 | C30: CONTRATO DE INTERVENTORIA 022-2016 | D30: INCIPLA LTDA INGENIEROS CONSTRUCTORES | E30: 17 | F30: 80101500 | G30: 422000000 | H30: 572.03 | I30: 0 | J30: =J27+H30*I30 -> 1510.76 | K30: =IF(H30*I30>0,"HABILITADO", "NO HABILITADO") -> NO HABILITADO | L30: De conformidad con el numeral 3.2.3. a El proponente no cumple con la experiencia especifica habilitante,pues no es en el sector electrico, ni se aporta certificación | P30: 16 | X30: =X29+W30*V30 -> 0 | AA30: 16 | AI30: =AI29+AG30*AH30 -> 0 | AM30: 15 | AN30: CONTRATO DE INTERVENTORIA 022-2016 | AO30: INCIPLA LTDA INGENIEROS CONSTRUCTORES | AP30: 17 | AQ30: 80101500 | AR30: 422000000 | AS30: 572.03 | AT30: 0 | AU30: =AU27+AS30*AT30 -> 1510.76 | AV30: =IF(AS30*AT30>0,"HABILITADO", "NO HABILITADO") -> NO HABILITADO | AW30: De conformidad con el numeral 3.2.3. a El proponente no cumple con la experiencia especifica habilitante,pues no es en el sector electrico, ni se aporta certificación | AX30: 42500 | BB30: =+(BA30-AZ30)/365 -> 0
B31: 17 | C31: CONTRATO DE CONSULTORIA 29-2016 | D31: INCIPLA LTDA INGENIEROS CONSTRUCTORES | E31: 18 | F31: 8110170 | G31: 311500000 | H31: 422.24 | I31: 0 | J31: =J30+H31*I31 -> 1510.76 | K31: =IF(H31*I31>0,"HABILITADO", "NO HABILITADO") -> NO HABILITADO | L31: De conformidad con el numeral 3.2.3. a El proponente no cumple con la experiencia especifica habilitante,, pues es un contrato de consultoria, ni se aporta certificación | P31: 17 | X31: =X30+W31*V31 -> 0 | AA31: 17 | AI31: =AI30+AG31*AH31 -> 0 | AM31: 16 | AN31: CONTRATO DE CONSULTORIA 29-2016 | AO31: INCIPLA LTDA INGENIEROS CONSTRUCTORES | AP31: 18 | AQ31: 8110170 | AR31: 311500000 | AS31: 422.24 | AT31: 0 | AU31: =AU30+AS31*AT31 -> 1510.76 | AV31: =IF(AS31*AT31>0,"HABILITADO", "NO HABILITADO") -> NO HABILITADO | AW31: De conformidad con el numeral 3.2.3. a El proponente no cumple con la experiencia especifica habilitante,, pues es un contrato de consultoria, ni se aporta certificación | AX31: 42630 | BB31: =+(BA31-AZ31)/365 -> 0
B32: 18 | C32: CONTRATO DE CONSULTORIA 03-2017 | D32: INCIPLA LTDA INGENIEROS CONSTRUCTORES | E32: 19 | F32: 81101600 | G32: 216000000 | H32: 292.79 | I32: 0 | J32: =J31+H32*I32 -> 1510.76 | K32: =IF(H32*I32>0,"HABILITADO", "NO HABILITADO") -> NO HABILITADO | L32: De conformidad con el numeral 3.2.3. a El proponente no cumple con la experiencia especifica habilitante,, pues es un contrato de consultoria, ni se aporta certificación | P32: 18 | X32: =X31+W32*V32 -> 0 | AA32: 18 | AI32: =AI31+AG32*AH32 -> 0 | AM32: 17 | AN32: CONTRATO DE CONSULTORIA 03-2017 | AO32: INCIPLA LTDA INGENIEROS CONSTRUCTORES | AP32: 19 | AQ32: 81101600 | AR32: 216000000 | AS32: 292.79 | AT32: 0 | AU32: =AU31+AS32*AT32 -> 1510.76 | AV32: =IF(AS32*AT32>0,"HABILITADO", "NO HABILITADO") -> NO HABILITADO | AW32: De conformidad con el numeral 3.2.3. a El proponente no cumple con la experiencia especifica habilitante,, pues es un contrato de consultoria, ni se aporta certificación | AX32: 42769 | BB32: =+(BA32-AZ32)/365 -> 0
B33: 19 | C33: CONTRATO DE INTERVENTORIA 05-2017 | D33: INCIPLA LTDA INGENIEROS CONSTRUCTORES | E33: 20 | F33: 80101600 | G33: 516000000 | H33: 699.45 | I33: 0 | J33: =J31+H33*I33 -> 1510.76 | K33: =IF(H33*I33>0,"HABILITADO", "NO HABILITADO") -> NO HABILITADO | L33: De conformidad con el numeral 3.2.3. a El proponente no cumple con la experiencia especifica habilitante, pues no es en el sector electrico, ni se aporta certificación | P33: 19 | X33: =X32+W33*V33 -> 0 | AA33: 19 | AI33: =AI32+AG33*AH33 -> 0 | AM33: 18 | AN33: CONTRATO DE INTERVENTORIA 05-2017 | AO33: INCIPLA LTDA INGENIEROS CONSTRUCTORES | AP33: 20 | AQ33: 80101600 | AR33: 516000000 | AS33: 699.45 | AT33: 0 | AU33: =AU31+AS33*AT33 -> 1510.76 | AV33: =IF(AS33*AT33>0,"HABILITADO", "NO HABILITADO") -> NO HABILITADO | AW33: De conformidad con el numeral 3.2.3. a El proponente no cumple con la experiencia especifica habilitante, pues no es en el sector electrico, ni se aporta certificación | AX33: 42837 | BB33: =+(BA33-AZ33)/365 -> 0
B34: 20 | C34: CONTRATO DE INTERVENTORIA | D34: AN CONSTRUDISEÑOS S.A.S | E34: 24 | F34: 80101600 | G34: 510000000 | H34: 865.13 | I34: 0 | J34: =J33+H34*I34 -> 1510.76 | K34: =IF(H34*I34>0,"HABILITADO", "NO HABILITADO") -> NO HABILITADO | L34: De conformidad con el numeral 3.2.3. a El proponente no cumple con la experiencia especifica habilitante, pues no es en el sector electrico, ni se aporta certificación | P34: 20 | X34: =X33+W34*V34 -> 0 | AA34: 20 | AI34: =AI33+AG34*AH34 -> 0 | AM34: 19 | AN34: CONTRATO DE INTERVENTORIA | AO34: AN CONSTRUDISEÑOS S.A.S | AP34: 24 | AQ34: 80101600 | AR34: 510000000 | AS34: 865.13 | AT34: 0 | AU34: =AU33+AS34*AT34 -> 1510.76 | AV34: =IF(AS34*AT34>0,"HABILITADO", "NO HABILITADO") -> NO HABILITADO | AW34: De conformidad con el numeral 3.2.3. a El proponente no cumple con la experiencia especifica habilitante, pues no es en el sector electrico, ni se aporta certificación | AX34: 41248 | BB34: =+(BA34-AZ34)/365 -> 0
B35: 21 | C35: CONTRATO DE INTERVENTORIA | D35: AN CONSTRUDISEÑOS S.A.S | E35: 25 | F35: 80101500 | G35: 1100000000 | H35: 1785.71 | I35: 0 | J35: =J34+H35*I35 -> 1510.76 | K35: =IF(H35*I35>0,"HABILITADO", "NO HABILITADO") -> NO HABILITADO | L35: De conformidad con el numeral 3.2.3. a El proponente no cumple con la experiencia especifica habilitante,, pues no es en el sector electrico, | P35: 21 | X35: =X34+W35*V35 -> 0 | AA35: 21 | AI35: =AI34+AG35*AH35 -> 0 | AM35: 20 | AN35: CONTRATO DE INTERVENTORIA | AO35: AN CONSTRUDISEÑOS S.A.S | AP35: 25 | AQ35: 80101500 | AR35: 1100000000 | AS35: 1785.71 | AT35: 0 | AU35: =AU34+AS35*AT35 -> 1510.76 | AV35: =IF(AS35*AT35>0,"HABILITADO", "NO HABILITADO") -> NO HABILITADO | AW35: De conformidad con el numeral 3.2.3. a El proponente no cumple con la experiencia especifica habilitante,, pues no es en el sector electrico, | AX35: 41327 | BB35: =+(BA35-AZ35)/365 -> 0
B36: 22 | C36: CONTRATO DE OBRA DE USO COMERCIAL Y EMPRESARIAL | D36: AN CONSTRUDISEÑOS S.A.S | E36: 29 | F36: 80101600 | G36: 5600000000 | H36: 6762.33 | I36: 0 | J36: =J35+H36*I36 -> 1510.76 | K36: =IF(H36*I36>0,"HABILITADO", "NO HABILITADO") -> NO HABILITADO | L36: De conformidad con el numeral 3.2.3. a El proponente no cumple con la experiencia especifica habilitante,, pues no es en el sector electrico, | P36: 22 | X36: =X35+W36*V36 -> 0 | AA36: 22 | AI36: =AI35+AG36*AH36 -> 0 | AM36: 21 | AN36: CONTRATO DE OBRA DE USO COMERCIAL Y EMPRESARIAL | AO36: AN CONSTRUDISEÑOS S.A.S | AP36: 29 | AQ36: 80101600 | AR36: 5600000000 | AS36: 6762.33 | AT36: 0 | AU36: =AU35+AS36*AT36 -> 1510.76 | AV36: =IF(AS36*AT36>0,"HABILITADO", "NO HABILITADO") -> NO HABILITADO | AW36: De conformidad con el numeral 3.2.3. a El proponente no cumple con la experiencia especifica habilitante,, pues no es en el sector electrico, | AX36: 43241 | AY36: 43480 | BB36: =+(BA36-AZ36)/365 -> 0
B37: 23 | P37: 23 | X37: =X36+W37*V37 -> 0 | AA37: 23 | AI37: =AI36+AG37*AH37 -> 0 | AM37: 22 | BA37: TOTAL AÑOS DE EXPERIENCIA | BB37: =SUM(BB15:BB36) -> 3.5589041
B38: 24 | P38: 24 | X38: =X37+W38*V38 -> 0 | AA38: 24 | AI38: =AI37+AG38*AH38 -> 0 | AM38: 23
B39: 25 | P39: 25 | X39: =X38+W39*V39 -> 0 | AA39: 25 | AI39: =AI38+AG39*AH39 -> 0 | AM39: 24
B40: 26 | P40: 26 | X40: =X39+W40*V40 -> 0 | AA40: 26 | AI40: =AI39+AG40*AH40 -> 0 | AM40: 25
B41: 27 | P41: 27 | X41: =X40+W41*V41 -> 0 | AA41: 27 | AI41: =AI40+AG41*AH41 -> 0 | AM41: 26
B42: 28 | P42: 28 | X42: =X41+W42*V42 -> 0 | AA42: 28 | AI42: =AI41+AG42*AH42 -> 0 | AM42: 27
B43: 29 | P43: 29 | X43: =X42+W43*V43 -> 0 | AA43: 29 | AI43: =AI42+AG43*AH43 -> 0 | AM43: 28
B44: 30 | P44: 30 | X44: =X43+W44*V44 -> 0 | AA44: 30 | AI44: =AI43+AG44*AH44 -> 0 | AM44: 32
B45: 31 | P45: 31 | X45: =X44+W45*V45 -> 0 | AA45: 31 | AI45: =AI44+AG45*AH45 -> 0 | AM45: 33
B46: 32 | P46: 32 | X46: =X45+W46*V46 -> 0 | AA46: 32 | AI46: =AI45+AG46*AH46 -> 0 | AM46: 34
B47: 33 | P47: 33 | X47: =X46+W47*V47 -> 0 | AA47: 33 | AI47: =AI46+AG47*AH47 -> 0 | AM47: 35
B48: 34 | P48: 34 | X48: =X47+W48*V48 -> 0 | AA48: 34 | AI48: =AI47+AG48*AH48 -> 0 | AM48: 36
B49: 35 | P49: 35 | X49: =X48+W49*V49 -> 0 | AA49: 35 | AI49: =AI48+AG49*AH49 -> 0 | AM49: 37
... B66: 52 | P66: 52 | X66: =X65+W66*V66 -> 0 | AA66: 52 | AI66: =AI65+AG66*AH66 -> 0 | AM66: 54
B67: 53 | P67: 53 | X67: =X66+W67*V67 -> 0 | AA67: 53 | AI67: =AI66+AG67*AH67 -> 0 | AM67: TOTAL
B68: 54 | P68: 54 | X68: =X67+W68*V68 -> 0 | AA68: 54 | AI68: =AI67+AG68*AH68 -> 0
B69: TOTAL | P69: TOTAL | V69: =SUM(V15:V68) -> 0 | X69: =IF(MAX(X15:X68)>=H7*0.5,MAX(X15:X68),0) -> 0 | AA69: TOTAL | AG69: =SUM(AG15:AG68) -> 0 | AI69: =IF(MAX(AI15:AI68)>=H7*0.5,MAX(AI15:AI68),0) -> 0
D76: EXPERIENCIA DEL EQUIPO DE TRABAJO
C79: NOMBRE DEL PROPONENTE: | E79: =H5 -> PRAN CONSTRUCCIONES SAS
C80: NOMBRE DEL PROFESIONAL | E80: VICTOR MANUEL BOCANEGRA GARIA
C81: CARGO EN EL EQUIPO DE TRABAJO | E81: DIRECTOR DE INTERVENTORIA
C83: RELACIÓN EXPERIENCIA PROFESIONAL HABILITANTE
D84: ETAPA PREVIA ___x__ ETAPA DE INSTALACIÓN___x___
C86: EXPERIENCIA HABILITANTE DIRECTOR DE INTERVENTORIA (ANEXO 4) | N86: EXPERIENCIA CALIFICABLE DIRECTOR DE INTERVENTORIA (ANEXO 5)
C87: NOMBRE DEL PROYECTO | D87: ENTIDAD CONTRATANTE O EMPLEADORA | E87: CARGO OCUPADO | F87: FUNCIONES DESEMPEÑADAS | G87: FECHA DE INICIO | H87: FECHA DE RETIRO | I87: DURACIÓN EN DIAS | J87: DURACIÓN EN MESES | K87: OBSERVACIONES | N87: NOMBRE DEL PROYECTO | O87: ENTIDAD CONTRATANTE O EMPLEADORA | P87: CARGO OCUPADO | Q87: FUNCIONES DESEMPEÑADAS | R87: FECHA DE INICIO | S87: FECHA DE RETIRO | T87: DURACIÓN EN DIAS | U87: DURACIÓN EN MESES | V87: OBSERVACIONES | Y87: ESTUDIOS DIRECTOR | Z87: Puntaje Máximo
B88: 1 | C88: Viene soporte anexo al certificado con los proyectos ejecutados | D88: ELECTROMECANICAS LTDA | E88: Director de Proyecto | G88: 35533 | H88: 38090 | I88: =H88-G88+1 -> 2558 | J88: =+I88/30 -> 85.266667 | K88: En el certificado no se especifican las funciones | M88: 1 | T88: =S88-R88+1 -> 1 | U88: =+T88/30 -> 0.033333333 | Y88: Estudios de posgrado mínimo a nivel de especialización en: administración de empresas, o gerencia o gestión de proyectos, o gerencia de proyectos o gerencia de empresas de energía o alta gerencia o en Fuentes no Convencionales de Energía o en Energías alternativas. | Z88: 4
B89: 2 | C89: Viene soporte anexo al certificado con los proyectos ejecutados | D89: PRODUCEL INGENIEROS | E89: Director de Proyecto | G89: 39419 | H89: 41822 | I89: =H89-G89+1 -> 2404 | J89: =+I89/30 -> 80.133333 | K89: En el certificado no se especifican las funciones | M89: 2 | T89: =S89-R89+1 -> 1 | U89: =+T89/30 -> 0.033333333 | Y89: Contar adicionalmente con estudios en la modalidad de posgrado mínimo a nivel de especialización en: | Z89: 1
B90: 3 | C90: Estructuración, diseño o y/o construcción de redes de electrificaciones de redes eléctricas MT y BT (ususarios 11600 aproximadamente) en zona rurales y/o diseños de sistemas eléctricos con aprovechamiento de radiación electromagnetica procedente del sol (fotovoltaicas) | D90: AN CONSTRUDISEÑOS S.A.S | E90: Gerente de proyectos | G90: 42144 | H90: 43404 | I90: =H90-G90+1 -> 1261 | J90: =+I90/30 -> 42.033333 | K90: En el certificado no se especifican las funciones | M90: 3 | T90: =S90-R90+1 -> 1 | U90: =+T90/30 -> 0.033333333 | Y90: INGENIERÍA ELÉCTRICA CON ENFASIS EN SISTEMAS DE DISTRIBUCIÓN ó
B91: 4 | I91: =H91-G91 -> 0 | J91: =+I91/30 -> 0 | M91: 4 | T91: =S91-R91 -> 0 | U91: =+T91/30 -> 0 | Y91: EN SISTEMAS DE DISTRIBUCIÓN Y TRASMISIÓN DE ENERGÍA ELÉCTRICA ó
B92: 5 | I92: =H92-G92 -> 0 | J92: =+I92/30 -> 0 | M92: 5 | T92: =S92-R92 -> 0 | U92: =+T92/30 -> 0 | Y92: EN SISTEMAS DE DISTRIBUCION DE ENERGÍA ELÉCTRICA ó
B93: 6 | I93: =H93-G93 -> 0 | J93: =+I93/30 -> 0 | M93: 6 | T93: =S93-R93 -> 0 | U93: =+T93/30 -> 0 | Y93: EN SISTEMAS DE TRASMISIÓN Y DISTRIBUCIÓN DE ENERGÍA ELÉCTRICA ó
B94: 7 | I94: =H94-G94 -> 0 | J94: =+I94/30 -> 0 | M94: 7 | T94: =S94-R94 -> 0 | U94: =+T94/30 -> 0 | Y94: EN SISTEMAS DE TRASMISIÓN DE ENERGÍA ELÉCTRICA ó
B95: 8 | I95: =H95-G95 -> 0 | J95: =+I95/30 -> 0 | M95: 8 | T95: =S95-R95 -> 0 | U95: =+T95/30 -> 0 | Y95: EN INGENIERÍA ELÉCTRICA. ó
B96: 9 | I96: =H96-G96 -> 0 | J96: =+I96/30 -> 0 | M96: 9 | T96: =S96-R96 -> 0 | U96: =+T96/30 -> 0 | Y96: SISTEMAS DE POTENCIA O SISTEMAS DE TRANSMISIÓN Y DISTRIBUCIÓN ELÉCTRICA. ó
B97: 10 | I97: =H97-G97 -> 0 | J97: =+I97/30 -> 0 | M97: 10 | T97: =S97-R97 -> 0 | U97: =+T97/30 -> 0
B98: 11 | I98: =H98-G98 -> 0 | J98: =+I98/30 -> 0 | M98: 11 | T98: =S98-R98 -> 0 | U98: =+T98/30 -> 0
B99: 12 | I99: =H99-G99 -> 0 | J99: =+I99/30 -> 0 | M99: 12 | T99: =S99-R99 -> 0 | U99: =+T99/30 -> 0
C100: TOTALES | I100: =SUM(I88:I99) -> 6223 | J100: =SUM(J88:J99) -> 207.43333 | N100: TOTALES | T100: =SUM(T88:T99) -> 3 | U100: =SUM(U88:U99) -> 0.1
AB101: OBSERVACIONES
J102: =IF(J100>=36,"HABILITADO","NO HABILITADO") -> HABILITADO | T102: PUNTAJE | U102: =IF(U100>24,15,IF(U100>=18,10,IF(U100>=12,8,0))) -> 0 | Y102: PUNTAJE | Z102: 0
C108: NOMBRE DEL PROFESIONAL | E108: FERNANDO AUGUSTO GUERRERO DURAN
C109: CARGO EN EL EQUIPO DE TRABAJO | E109: INGENIERO ELECTRICISTA RESIDENTE DE INTERVENTORIA
C111: RELACIÓN EXPERIENCIA PROFESIONAL HABILITANTE PROFESIONAL 1
D112: ETAPA PREVIA ___x__ ETAPA DE INSTALACIÓN____x__
C114: EXPERIENCIA HABILITANTE INGENIERO RESIDENTE (ANEXO 4) | N114: EXPERIENCIA CALIFICABLE DIRECTOR DE INTERVENTORIA (ANEXO 5)
C115: NOMBRE DEL PROYECTO | D115: ENTIDAD CONTRATANTE O EMPLEADORA | E115: CARGO OCUPADO | F115: FUNCIONES DESEMPEÑADAS | G115: FECHA DE INICIO | H115: FECHA DE RETIRO | I115: DURACIÓN EN DIAS | J115: DURACIÓN EN MESES | K115: OBSERVACIONES | N115: NOMBRE DEL PROYECTO | O115: ENTIDAD CONTRATANTE O EMPLEADORA | P115: CARGO OCUPADO | Q115: FUNCIONES DESEMPEÑADAS | R115: FECHA DE INICIO | S115: FECHA DE RETIRO | T115: DURACIÓN EN DIAS | U115: DURACIÓN EN MESES | V115: OBSERVACIONES | Y115: ESTUDIOS RESIDENTE | Z115: Puntaje Máximo
B116: 1 | C116: Construcción de sistemas fotovoltaicos y/o diseño o construcción de redes de baja y media tensión en zonas rurales y/o urbanas. | D116: IA INGENIERIA | E116: Ingeniero Electricista | G116: 37625 | H116: 39629 | I116: =H116-G116+1 -> 2005 | J116: =+I116/30 -> 66.833333 | K116: Certificación no presenta funciones del cargo desempeñado | M116: 1 | T116: =S116-R116+1 -> 1 | U116: =+T116/30 -> 0.033333333 | Y116: Si tiene estudios de posgrado mínimo a nivel de especialización en: Fuentes no Convencionales de Energía o en Energías alternativas. | Z116: 2
B117: 2 | C117: Construcción de sistemas fotovoltaicos y/o diseño o construcción de redes de baja y media tensión en zonas rurales y/o urbanas. | D117: IA INGENIERIA | E117: Ingeniero Electricista | G117: 40484 | H117: 41082 | I117: =H117-G117+1 -> 599 | J117: =+I117/30 -> 19.966667 | K117: Certificación no presenta funciones del cargo desempeñado | M117: 2 | T117: =S117-R117+1 -> 1 | U117: =+T117/30 -> 0.033333333 | Y117: Si tiene estudios de posgrado mínimo a nivel de especialización en: | Z117: 1
B118: 3 | I118: =H118-G118 -> 0 | J118: =+I118/30 -> 0 | M118: 3 | T118: =S118-R118 -> 0 | U118: =+T118/30 -> 0 | Y118: · INGENIERÍA ELÉCTRICA CON ENFASIS EN SISTEMAS DE DISTRIBUCIÓN ó
B119: 4 | I119: =H119-G119 -> 0 | J119: =+I119/30 -> 0 | M119: 4 | T119: =S119-R119 -> 0 | U119: =+T119/30 -> 0 | Y119: · EN SISTEMAS DE DISTRIBUCIÓN Y TRASMISIÓN DE ENERGÍA ELÉCTRICA ó
B120: 5 | I120: =H120-G120 -> 0 | J120: =+I120/30 -> 0 | M120: 5 | T120: =S120-R120 -> 0 | U120: =+T120/30 -> 0 | Y120: · EN SISTEMAS DE DISTRIBUCION DE ENERGÍA ELÉCTRICA ó
B121: 6 | I121: =H121-G121 -> 0 | J121: =+I121/30 -> 0 | M121: 6 | T121: =S121-R121 -> 0 | U121: =+T121/30 -> 0 | Y121: · EN SISTEMAS DE TRASMISIÓN Y DISTRIBUCIÓN DE ENERGÍA ELÉCTRICA ó
B122: 7 | I122: =H122-G122 -> 0 | J122: =+I122/30 -> 0 | M122: 7 | T122: =S122-R122 -> 0 | U122: =+T122/30 -> 0 | Y122: · EN SISTEMAS DE TRASMISIÓN DE ENERGÍA ELÉCTRICA ó
B123: 8 | I123: =H123-G123 -> 0 | J123: =+I123/30 -> 0 | M123: 8 | T123: =S123-R123 -> 0 | U123: =+T123/30 -> 0 | Y123: · EN INGENIERÍA ELÉCTRICA. ó
B124: 9 | I124: =H124-G124 -> 0 | J124: =+I124/30 -> 0 | M124: 9 | T124: =S124-R124 -> 0 | U124: =+T124/30 -> 0 | Y124: · SISTEMAS DE POTENCIA O SISTEMAS DE TRANSMISIÓN Y DISTRIBUCIÓN ELÉCTRICA. ó
B125: 10 | I125: =H125-G125 -> 0 | J125: =+I125/30 -> 0 | M125: 10 | T125: =S125-R125 -> 0 | U125: =+T125/30 -> 0
B126: 11 | I126: =H126-G126 -> 0 | J126: =+I126/30 -> 0 | M126: 11 | T126: =S126-R126 -> 0 | U126: =+T126/30 -> 0
B127: 12 | I127: =H127-G127 -> 0 | J127: =+I127/30 -> 0 | M127: 12 | T127: =S127-R127 -> 0 | U127: =+T127/30 -> 0
C128: TOTALES | I128: =SUM(I116:I127) -> 2604 | J128: =SUM(J116:J127) -> 86.8 | N128: TOTALES | T128: =SUM(T116:T127) -> 2 | U128: =SUM(U116:U127) -> 0.066666667
AB129: OBSERVACIONES
J130: =IF(J128>=36,"HABILITADO","NO HABILITADO") -> HABILITADO | T130: PUNTAJE | U130: =IF(U128>12,13,IF(U128>6,8,0)) -> 0 | Y130: PUNTAJE | Z130: 0

Sheet Oferente 11
C2: EXPERIENCIA DEL PROPONENTE
C5: NOMBRE DEL OFERENTE | H5: CONSORCIO SOLAR ZNI
C7: PRESUPUESTO DEL LOTE MÁXIMO AL QUE PARTICIPAN (en SMMLV) | H7: 1453.2903
C8: VALOR 30% | H8: =H7*0.3 -> 435.9871
C9: VALOR REQUERIDO EN SMMLV
C11: contar con 5 años de experiencia en interventoría o en la construcción y montaje de proyectos del sector eléctrico, de los cuales como mínimo debe incluir un (1) año de experiencia específica en proyectos de generación o distribución de energía eléctrica, cuya sumatoria se igual o superior al 30% del valor del mayor lote ofertado | J11: =IF(BC28>=5,"HABILITA: CUENTA CON MÁS DE 5 AÑOS","NO HABILITA POR TIEMPO") -> HABILITA: CUENTA CON MÁS DE 5 AÑOS | AV11: =IF(BC28>=5,"HABILITA: CUENTA CON MÁS DE 5 AÑOS","NO HABILITA POR TIEMPO") -> HABILITA: CUENTA CON MÁS DE 5 AÑOS
C13: CONTRATOS DE EXPERIENCIA MÍNIMA PARA HABILITARSE (ANEXO 7) | Q13: CONTRATOS QUE ACREDITAN EXPERIENCIA EN FOTOVOLTAICO (ANEXO 8) | AC13: CONTRATOS QUE ACREDITAN EXPERIENCIA ADICIONAL EN ELECTRICOS NO FOTOVOLTAICO (ANEXO 8) | AO13: CONTRATOS DE EXPERIENCIA MÍNIMA PARA HABILITARSE (ANEXO 7)
C14: OBJETO DEL CONTRATO | D14: ENTIDAD CONTRATANTE O EMPLEADORA | E14: CONSECUTIVO EN EL RUP | F14: CODIGO UNSPSC | G14: VALOR CONTRATO | H14: VALOR DEL CONTRATO TOTAL EN SMMLV | I14: % PARTICIPACIÓN CONSORCIO | J14: ACUMULADO SMMLV | K14: HABILITADO | L14: OBSERVACIONES | M14: CÓDIGO UNSPSC | N14: NOMBRE | Q14: OBJETO DEL CONTRATO | R14: ENTIDAD CONTRATANTE O EMPLEADORA | S14: CONSECUTIVO EN EL RUP | T14: CODIGO UNSPSC | U14: VALOR CONTRATO | V14: VALOR DEL CONTRATO TOTAL EN SMMLV | W14: % PARTICIPACIÓN CONSORCIO | X14: ACUMULADO SMMLV | Y14: OBSERVACIONES | AC14: OBJETO DEL CONTRATO | AD14: ENTIDAD CONTRATANTE O EMPLEADORA | AE14: CONSECUTIVO EN EL RUP | AF14: CODIGO UNSPSC | AG14: VALOR CONTRATO | AH14: VALOR DEL CONTRATO TOTAL EN SMMLV | AI14: % PARTICIPACIÓN CONSORCIO | AJ14: ACUMULADO SMMLV | AK14: OBSERVACIONES | AO14: OBJETO DEL CONTRATO | AP14: ENTIDAD CONTRATANTE O EMPLEADORA | AQ14: CONSECUTIVO EN EL RUP | AR14: CODIGO UNSPSC | AS14: VALOR CONTRATO | AT14: VALOR DEL CONTRATO TOTAL EN SMMLV | AU14: % PARTICIPACIÓN CONSORCIO | AV14: ACUMULADO SMMLV | AW14: HABILITADO | AX14: OBSERVACIONES | AY14: FECHA DE INICIO ORIGINAL | AZ14: FECHA FIN ORIGINAL | BA14: FECHA DE INICIO AJUSTE TRASLAPOS | BB14: FECHA FIN AJUSTE TRASLAPOS | BC14: AÑOS DE EXPERIENCIA
B15: 1 | C15: Construcción, montaje, pruebas y puesta en operación del sistema de trasiego y aumento de capacidad de almacenamiento de combustible y cambio de sisetema de generación en diferentes localidades de las zonas no interconectadas. | D15: EMSA | E15: 6 | F15: 801015 - 801016 | G15: 478931305 | H15: 845.12 | I15: 0.5 | J15: =H15*I15 -> 422.56 | K15: =IF(H15*I15>0,"HABILITADO", "NO HABILITADO") -> HABILITADO | M15: 80101500 | N15: Servicios de consultoría y administración corporativa | P15: 1 | Q15: Instalación de sistema solar Fotovoltaico conectado a la Red de 3KW | R15: PEROTECNICA SAS | S15: 1 | T15: 831018 - 811017 | U15: 27775547 | V15: 40.28 | W15: 0 | X15: =V15*W15 -> 0 | Y15: De conformidad con el numeral 4.1. de los pliegos definitivos no se aportó certificación para acreditar la experiencia adicional puntuable del proponente. Cabe recordar que por ser puntuable, no se aceptan subsanaciones para este tipo de experiencia. | AB15: 1 | AC15: Suministro de lámparas LED y paneles solares Fotovoltaicos. | AD15: EFECTRA | AE15: 22 | AF15: 831018 - 811017 - 801016 | AG15: 25464239 | AH15: 32.59 | AI15: 1 | AJ15: 0 | AK15: De conformidad con el numeral 4.1. de los pliegos definitivos no se aportó certificación para acreditar la experiencia adicional puntuable del proponente. Cabe recordar que por ser puntuable, no se aceptan subsanaciones para este tipo de experiencia. | AN15: 1 | AO15: Construcción, montaje, pruebas y puesta en operación del sistema de trasiego y aumento de capacidad de almacenamiento de combustible y cambio de sisetema de generación en diferentes localidades de las zonas no interconectadas. | AP15: EMSA | AQ15: 6 | AR15: 801015 - 801016 | AS15: 478931305 | AT15: 845.12 | AU15: 0.5 | AV15: =AT15*AU15 -> 422.56 | AW15: =IF(AT15*AU15>0,"HABILITADO", "NO HABILITADO") -> HABILITADO | AY15: 41085 | AZ15: 41261 | BA15: 41085 | BB15: 41261 | BC15: =+(BB15-BA15+1)/365 -> 0.48493151
B16: 2 | C16: La Empresa SERVITRONICA S.A. con NIT No. 860.401.663-4, ejecutó las obras de construcción de redes del sistema integral domiciliario (SID) asociado al cambio de redes eléctricas en el área urbana y rural de los municipios donde CHECH S.A. E.S.P, presta servicio de energía (GRUPO III) | D16: CHEC | E16: 24 | F16: 811017 - 831018 | G16: 1782570616 | H16: 3461.3 | I16: 1 | J16: =J15+H16*I16 -> 3883.86 | K16: =IF(H16*I16>0,"HABILITADO", "NO HABILITADO") -> HABILITADO | M16: 80101600 | N16: Servicios de consultoría y administración corporativa | P16: 2 | Q16: Instalación de sistema solar Fotovoltaico conectado a la Red de 2,5KW | R16: INTEC NOVA SAS | S16: 2 | T16: 831018 - 811017 | U16: 22368093 | V16: 32.44 | W16: 0 | X16: =X15+V16*W16 -> 0 | Y16: De conformidad con el numeral 4.1. de los pliegos definitivos no se aportó certificación para acreditar la experiencia adicional puntuable del proponente. Cabe recordar que por ser puntuable, no se aceptan subsanaciones para este tipo de experiencia. | AB16: 2 | AC16: Suministro e instalación de luminarias solares tipo LED en el parque principal del municipio de Bojacá Cundinamarca. | AD16: SECRETARIA DE GOBIERNO MUNICIPIO DE BOJACA | AE16: 19 | AF16: 831018 - 811017 - 801016 | AG16: 17933310 | AH16: 24.3 | AI16: 1 | AJ16: 0 | AK16: De conformidad con el numeral 4.1. de los pliegos definitivos no se aportó certificación para acreditar la experiencia adicional puntuable del proponente. Cabe recordar que por ser puntuable, no se aceptan subsanaciones para este tipo de experiencia. | AN16: 2 | AO16: La Empresa SERVITRONICA S.A. con NIT No. 860.401.663-4, ejecutó las obras de construcción de redes del sistema integral domiciliario (SID) asociado al cambio de redes eléctricas en el área urbana y rural de los municipios donde CHECH S.A. E.S.P, presta servicio de energía (GRUPO III) | AP16: CHEC | AQ16: 24 | AR16: 811017 - 831018 | AS16: 1782570616 | AT16: 3461.3 | AU16: 1 | AV16: =AV15+AT16*AU16 -> 3883.86 | AW16: =IF(AT16*AU16>0,"HABILITADO", "NO HABILITADO") -> HABILITADO | AY16: 40084 | AZ16: 40512 | BA16: 40084 | BB16: 40512 | BC16: =+(BB16-BA16+1)/365 -> 1.1753425
B17: 3 | C17: La Empresa SERVITRONICA S.A. con NIT No. 860.401.663-4, ejecutó las obras de remodelación de redes en el nivel II para la CENTRAL HIDROELÉCTRICA DE CALDAS E.S.P., dentro del programa de remodelación de redes con fines de reducción de pérdidas de energía. | D17: CHEC | E17: 55 | F17: 811017 - 831018 | G17: 3404864277 | H17: 7850.74 | I17: 1 | J17: =J16+H17*I17 -> 11734.6 | K17: =IF(H17*I17>0,"HABILITADO", "NO HABILITADO") -> HABILITADO | M17: 81101500 | N17: Ingenieria Civil y arquitectura | P17: 3 | Q17: Diseño, suministro e instalación de sistema solar Fotovoltaico piloto para el Parque Cementerio con una capacidad de 210W | R17: JARDINES LA COLINA LTDA | S17: 3 | T17: 831018 - 811017 | U17: 10039906 | V17: 14.56 | W17: 0 | X17: =X16+V17*W17 -> 0 | Y17: De conformidad con el numeral 4.1. de los pliegos definitivos no se aportó certificación para acreditar la experiencia adicional puntuable del proponente. Cabe recordar que por ser puntuable, no se aceptan subsanaciones para este tipo de experiencia. | AB17: 3 | AJ17: =AJ16+AH17*AI17 -> 0 | AN17: 3 | AO17: La Empresa SERVITRONICA S.A. con NIT No. 860.401.663-4, ejecutó las obras de remodelación de redes en el nivel II para la CENTRAL HIDROELÉCTRICA DE CALDAS E.S.P., dentro del programa de remodelación de redes con fines de reducción de pérdidas de energía. | AP17: CHEC | AQ17: 55 | AR17: 811017 - 831018 | AS17: 3404864277 | AT17: 7850.74 | AU17: 1 | AV17: =AV16+AT17*AU17 -> 11734.6 | AW17: =IF(AT17*AU17>0,"HABILITADO", "NO HABILITADO") -> HABILITADO | AY17: 38651 | AZ17: 39386 | BA17: 38651 | BB17: 39386 | BC17: =+(BB17-BA17+1)/365 -> 2.0164384
B18: 4 | C18: Construcción redes eléctricas y alumbrado público en los municipio de El Calvario, Castillo, Cubarral, Cumaral, Granada, Lejanías, San Juan de Arama, Puerto Lleras, Puerto López, Restrepo, San Martín, Villavicencio, Vistahermosa y Puerto Concordia en el departamento del Meta. | D18: INSTITUTO DE DESARROLLO DEL META | E18: 17 | F18: 811017 - 831018 | G18: 6521977885 | H18: 12838.65 | I18: 0.1991 | J18: =J17+H18*I18 -> 14290.775 | K18: =IF(H18*I18>0,"HABILITADO", "NO HABILITADO") -> HABILITADO | M18: 81101700 | N18: Ingeniería Eléctrica y Electrónica | P18: 4 | Q18: Instalación de sistema solar Fotovoltaico conectado a la Red con apoyo de baterías de 2,KW | R18: IMEXGLO S.A.S | S18: 4 | T18: 831018 - 811017 | U18: 19458699 | V18: 28.22 | W18: 0 | X18: =X17+V18*W18 -> 0 | Y18: De conformidad con el numeral 4.1. de los pliegos definitivos no se aportó certificación para acreditar la experiencia adicional puntuable del proponente. Cabe recordar que por ser puntuable, no se aceptan subsanaciones para este tipo de experiencia. | AB18: 4 | AJ18: =AJ17+AH18*AI18 -> 0 | AN18: 4 | AO18: Construcción redes eléctricas y alumbrado público en los municipio de El Calvario, Castillo, Cubarral, Cumaral, Granada, Lejanías, San Juan de Arama, Puerto Lleras, Puerto López, Restrepo, San Martín, Villavicencio, Vistahermosa y Puerto Concordia en el departamento del Meta. | AP18: INSTITUTO DE DESARROLLO DEL META | AQ18: 17 | AR18: 811017 - 831018 | AS18: 6521977885 | AT18: 12838.65 | AU18: 0.1991 | AV18: =AV17+AT18*AU18 -> 14290.775 | AW18: =IF(AT18*AU18>0,"HABILITADO", "NO HABILITADO") -> HABILITADO | AY18: 40786 | AZ18: 40967 | BA18: 40786 | BB18: 40967 | BC18: =+(BB18-BA18+1)/365 -> 0.49863014
B19: 5 | C19: Construcción redes eléctricas en los municipios de Villavicencio, Puerto López, Cabuyaro, Granada, Castilla La Nueva, SaN Carlos de Guaroa, Cumaral y Acacías en el departamento del Meta. | D19: INSTITUTO DE DESARROLLO DEL META | E19: 8 | F19: 811017 - 831018 | G19: 7237940880 | H19: 0 | I19: 0 | J19: =J18+H19*I19 -> 14290.775 | K19: =IF(H19*I19>0,"HABILITADO", "NO HABILITADO") -> NO HABILITADO | L19: De conformidad con la nota 7 del numeral 3.2.3. a.1 no podrá ser acumulable la experiencia obtenida en varios proyectos en un mismo periodo de tiempo. Se traslapa completamene con la experiencia 4 | M19: 83101800 | N19: Servicios Eléctricos | P19: 5 | Q19: Diseño y suministro del sistema de energía solar Fotovoltaica OFF. GRID para el consumo de las oficinas tipo Conteiner con una capacidad de 11KWh/Día | R19: SUTEC SUCURSAL COLOMBIA SA | S19: 5 | T19: 831018 - 811017 | U19: 35656070 | V19: 48.33 | W19: 0 | X19: =X18+V19*W19 -> 0 | Y19: De conformidad con el numeral 4.1. de los pliegos definitivos no se aportó certificación para acreditar la experiencia adicional puntuable del proponente. Cabe recordar que por ser puntuable, no se aceptan subsanaciones para este tipo de experiencia. | AB19: 5 | AJ19: =AJ18+AH19*AI19 -> 0 | AN19: 5 | AO19: Construcción redes eléctricas en los municipios de Villavicencio, Puerto López, Cabuyaro, Granada, Castilla La Nueva, SaN Carlos de Guaroa, Cumaral y Acacías en el departamento del Meta. | AP19: INSTITUTO DE DESARROLLO DEL META | AQ19: 8 | AR19: 811017 - 831018 | AS19: 7237940880 | AT19: 0 | AU19: 0 | AV19: =AV18+AT19*AU19 -> 14290.775 | AW19: =IF(AT19*AU19>0,"HABILITADO", "NO HABILITADO") -> NO HABILITADO | AX19: De conformidad con la nota 7 del numeral 3.2.3. a.1 no podrá ser acumulable la experiencia obtenida en varios proyectos en un mismo periodo de tiempo. Se traslapa completamene con la experiencia 4 | AY19: 40904 | AZ19: 40934 | BA19: 40904 | BB19: 40934 | BC19: 0
